Workbook
Name ___INDEX_SHEET___ASAP_Utilities: #REF!
Name ___INDEX_SHEET___ASAP_Utilities: #REF!
Name POWER_USER_EXCEL_MAP_3C575DFB_385D_4B6B_BA1A_73565D332024: #REF!

Sheet TOC
B8: TRANSPORT POLICY
B9: Subcategory | C9: Policy/Target/Instrument | D9: ATO CODE | E9: Scope | F9: Mode | G9: Sector | H9: Sheet
B10: Vision Statements (VIS) | C10: Development Vision Statement | D10: POL-VIS-001 | E10: National | F10: NA | G10: NA | H10: POL-VIS-001
C11: Transport Vision Statement | D11: POL-VIS-002 | E11: National | F11: NA | G11: NA | H11: POL-VIS-002
B12: Transport Policies (POL) | C12: Transport Policy Overview | D12: POL-POL-001 | E12: National | F12: NA | G12: NA | H12: POL-POL-001
C13: Transport Policy Documents | D13: POL-POL-002 | E13: National | F13: NA | G13: NA | H13: POL-POL-002(1)
H14: POL-POL-002(2)
C15: Road Policy Documents | D15: POL-POL-003 | E15: National | F15: Road | G15: Combined | H15: POL-POL-003
C16: Logistics Policy Documents | D16: POL-POL-004 | E16: National | F16: All Modes | G16: Freight | H16: POL-POL-004
C17: Automotive Policy Documents | D17: POL-POL-005 | E17: National | F17: Road | G17: NA | H17: POL-POL-005
C18: Rail Policy Documents | D18: POL-POL-006 | E18: National | F18: Rail | G18: Combined | H18: POL-POL-006
B19: Transport Targets (TAR) | C19: Transport Targets Overview | D19: POL-TAR-001 | E19: National | F19: NA | G19: NA | H19: POL-TAR-001
C20: Road Expansion Targets | D20: POL-TAR-002 | E20: National | F20: Road | G20: Combined | H20: POL-TAR-002
C21: Road Maintenance Targets | D21: POL-TAR-003 | E21: National | F21: Road | G21: NA | H21: POL-TAR-003
C22: Rail Targets | D22: POL-TAR-004 | E22: National | F22: Rail | G22: Combined | H22: POL-TAR-004
C23: ICT Targets | D23: POL-TAR-005 | E23: National | F23: NA | G23: NA | H23: POL-TAR-005
C24: Road Safety Targets | D24: POL-TAR-006 | E24: National | F24: Road | G24: Passenger | H24: POL-TAR-006
C25: Air Pollution Targets | D25: POL-TAR-007 | E25: National | F25: All Modes | G25: Combined | H25: POL-TAR-007
C26: Climate Change Targets | D26: POL-TAR-008 | E26: National | F26: All Modes | G26: Combined | H26: POL-TAR-008
C27: E-mobility Targets | D27: POL-TAR-009 | E27: National | F27: NA | G27: NA | H27: POL-TAR-009
C28: Mode Share Targets | D28: POL-TAR-010 | E28: National | F28: All Modes | G28: Combined | H28: POL-TAR-010
C29: Other Targets | D29: POL-TAR-011 | E29: National | F29: NA | G29: NA | H29: POL-TAR-011
B30: Transport Institutions (INS) | C30: Transport Ministry | D30: POL-INS-001 | E30: National | F30: NA | G30: NA | H30: POL-INS-001
C31: Special Institutional Structures | D31: POL-INS-002 | E31: National | F31: NA | G31: NA | H31: POL-INS-002
C32: Minister of Transport | D32: POL-INS-003 | E32: National | F32: NA | G32: NA | H32: POL-INS-003
C33: Vertical Coordination | D33: POL-INS-004 | E33: National | F33: NA | G33: NA | H33: POL-INS-004
B34: Policy Instruments (INT) | C34: Existence of seatbelt law | D34: POL-INT-001 | E34: National | F34: Road | G34: Combined | H34: POL-INT-001
C35: Existence of helmet law | D35: POL-INT-002 | E35: National | F35: Road | G35: Passenger | H35: POL-INT-002
C36: Existence of helmet law by occupants | D36: POL-INT-003 | E36: National | F36: Road | G36: Passenger | H36: POL-INT-003
C37: Existence of speed limit | D37: POL-INT-004 | E37: National | F37: Road | G37: Combined | H37: POL-INT-004
C38: Maximum speed limit | D38: POL-INT-005 | E38: Urban, Rural | F38: Road | G38: Combined | H38: POL-INT-005
C39: Alcohol limit | D39: POL-INT-006 | E39: National | F39: Road | G39: Combined | H39: POL-INT-006
C40: Existence of drink-driving law | D40: POL-INT-007 | E40: National | F40: Road | G40: Combined | H40: POL-INT-007
C41: Existence of national child-restraint law | D41: POL-INT-008 | E41: National | F41: Road | G41: Combined | H41: POL-INT-008
C42: Fuel Economy Standards | D42: POL-INT-009 | E42: National | F42: Road | G42: Combined | H42: POL-INT-009
C43: Sulfur level standards - diesel | D43: POL-INT-010 | E43: National | F43: Road | G43: Combined | H43: POL-INT-010
C44: Sulfur level standards - petrol | D44: POL-INT-011 | E44: National | F44: Road | G44: Combined | H44: POL-INT-011
C45: Biodiesel mandate | D45: POL-INT-012 | E45: National | F45: Road | G45: Combined | H45: POL-INT-012
C46: Ethanol mandate | D46: POL-INT-013 | E46: National | F46: Road | G46: Combined | H46: POL-INT-013
... C50: Fossil Fuel Subsidies (in absolute numbers) | D50: POL-INT-017 | E50: National | F50: NA | G50: Combined | H50: POL-INT-017
B51: COP Transport related Commitments (COP) | C51: COP 26 Transport related Commitments - Overview | D51: POL-COP-001 | E51: International, National, Regional, Urban | F51: All Modes | G51: Passenger, Freight, Combined | H51: POL-COP-001
B54: Developed with the support of:

Sheet POL-VIS-001
A1: Indicator | B1: Development Vision Statement
A2: Indicator ATO Code | B2: POL-VIS-001
A3: Description | B3: Vision statements from national development policy documents. Economy and sustainability score calculated from keywords found in the vision statement. See footnote for methodology.
A4: Scope | B4: National
A5: Mode | B5: NA
A6: Sector | B6: NA
B8: |<< Table of Contents
A10: Code | B10: ADB members, plus Iran and Russia | C10: Vision statement | D10: Target Year | E10: Source | F10: URL
A11: AFG | B11: Afghanistan | C11: Afghanistan will be A society of hope and prosperity based on a strong, private-sector led market economy, social equity, and environmental sustainability. | D11: 2020 | E11: Afghanistan National Development Strategy (ANDS) (p. i) | F11: http://www.af.undp.org/content/dam/afghanistan/docs/ANDS_Full_Eng.pdf
C12: Vision for progressing self-reliance, economic growth, and peace | D12: 2025 | E12: Afghanistan National Peace and Development Framework (ANPDF II) 2021 to 2025 (p.1) | F12: https://mof.gov.af/sites/default/files/2020-12/ANPDF%20II-%20English%20V4%2C%2021Nov%2C%20clean%20%20version%20%283%29%20%282%29-min.pdf
A13: ARM | B13: Armenia | C13: Reduction of poverty by 2021 to the extent that poverty will not be a problem of economic development, and extreme poverty will be totally eliminated and will no longer be a significant social phenomenon | D13: 2025 | E13: Armenia Development Strategy for 2014‐2025 (p.10) | F13: https://policy.asiapacificenergy.org/sites/default/files/Development%20Strategy%20of%20the%20Republic%20of%20Armenia%20for%202014-2025_ENG.pdf
C14: Ensuring accelerated human development, as a result of which in a few years the country should have moved from the group of countries with average human development to the group of countries with high level of human development | D14: 2025 | E14: Armenia Development Strategy for 2014‐2025 (p.10) | F14: https://policy.asiapacificenergy.org/sites/default/files/Development%20Strategy%20of%20the%20Republic%20of%20Armenia%20for%202014-2025_ENG.pdf
A15: AUS | B15: Australia | C15: Great Cities. Strong Regions. Connecting Australians. | D15: 2024 | E15: Department of Infrastructure, Transport, Regional Development, and Communications Plan (p.2) | F15: https://www.infrastructure.gov.au/department/about/files/Corporate-plan-2019-20.pdf
A16: AZE | B16: Azerbaijan | C16: Sustainable economic growth and high social welfare, effective state management and supremacy of the law, the full ensuring of all human rights and freedoms and the active status of the civil society in the country’s public life | D16: 2020 | E16: Azerbaijan – 2020: Outlook for the future (p.9) | F16: https://president.az/files/future_en.pdf
A17: BGD | B17: Bangladesh | C17: Vision 2041 seeks to eliminate extreme poverty and reach Upper Middle-Income Country (UMIC) status by 2031, and High-Income Country (HIC) status by 2041 with poverty approaching extinction. | D17: 2041 | E17: Making Vision 2041 a Reality Perspective Plan Of Bangladesh 2021-2041 (p.i) | F17: http://oldweb.lged.gov.bd/UploadedDocument/UnitPublication/1/1049/vision%202021-2041.pdf
A18: BTN | B18: Bhutan | C18: A Vision for Peace, Prosperity and Happiness | D18: 2020 | E18: Bhutan Vision 2020 (p.0)) | F18: https://www.greengrowthknowledge.org/sites/default/files/downloads/policy-database/Bhutan%20Vision%202020%20I.pdf
C19: Just, Harmonious and Sustainable Society through enhanced Decentralisation | D19: 2023 | E19: 12th FYP (2018-23) (p.xii) | F19: https://www.gnhc.gov.bt/en/wp-content/uploads/2019/05/12FYP_VOL1_12JUN19.pdf
C20: Promotion of regionally balanced development and reduction of disparity between Urban and Rural Areas; and Realisation of alternative Socio-Economy | D20: 2030 | E20: The Project for Formulation of Comprehensive Development Plan for Bhutan 2030 Vol. 1 - Summary (p. EX2) | F20: https://www.gnhc.gov.bt/en/wp-content/uploads/2019/11/EIJR19080-CNDP-Vol1_Summary.pdf
A21: BRN | B21: Brunei Darussalam | C21: Increased Non-Oil and Gas Sector Output as Catalysts for Economic Growth | D21: 2023 | E21: Eleventh National Development Plan (2018-2023) Brunei Darussalam, p.30 | F21: http://www.deps.gov.bn/DEPD%20Documents%20Library/NDP/NDP11_Eng.pdf
C22: To be recognized around the world for the achievements of its people who are educated and highly skilled in accordance with the highest international standards; the high quality of like among the top 10 countries in the world; and an economy that is both dynamic and sustainable with a Gross Domestic Product (GDP) that is among the top 10 countries in the world. | D22: 2035 | E22: Wawasan Brunei 2035 (online) | F22: https://www.gov.bn/SitePages/Wawasan%20Brunei%202035.aspx
A23: KHM | B23: Cambodia | C23: Firstly, striving forward with firm belief to fully achieve sustainable development goals; and secondly, creating necessary pre-conditions and environment conducive for laying the strong foundation to become an upper middle-income country by 2030 and for in-depth transformation of Cambodia into a high-income country by 2050. | D23: 2023 | E23: Rectangular Strategy Phase IV, p.43 | F23: http://cnv.org.kh/wp-content/uploads/2012/10/Rectangular-Strategy-Phase-IV-of-the-Royal-Government-of-Cambodia-of-the-Sixth-Legislature-of-the-National-Assembly-2018-2023.pdf
C24: To develop sustainable economy, together with environmental, social and cultural sustainability for poverty alleviation | D24: 2023 | E24: National Strategic Plan on Green Growth 2013-2030 (p.2) | F24: https://policy.asiapacificenergy.org/sites/default/files/National-Strategy-Plan-on-Green-Growth-2013-2030-Cambodia.pdf
A25: CHN | B25: People's Republic of China | C25: To expand the state’s role in the economy and advance national economic security interests; use market restrictions and its One Belt, One Road global networks to foster Chinese-controlled supply chains; and sharpen the use of antitrust, intellectual property (IP), and standards tools to advance industrial policies. | D25: 2025 | E25: China’s 14th Five-Year Plan: A First Look (p.1) | F25: https://crsreports.congress.gov/product/pdf/IF/IF11684
C26: Building a Modern, Harmonious, and Creative Society | D26: 2030 | E26: China 2030 (p.1) | F26: https://www.chinafile.com/china-2030-building-modern-harmonious-and-creative-society
A27: COK | B27: Cook Islands | C27: To build a dynamic, prosperous and inclusive economic future for Cook Islanders, that is in harmony with our culture and environment | D27: 2030 | E27: Cook Islands Economic Development Strategy 2030, Ministry of Finance and Economic Management (Jan 2021) (p.2) | F27: http://www.mfem.gov.ck/images/ECON/1-EDS_Final_for-publication_Optimized.pdf
C28: To enjoy the highest quality of life consistent with the aspirations of our people, and in harmony with our culture and environment | D28: 2023 | E28: National Sustainable Development Plan (Jan. 2016)(p.8) | F28: https://www.theprif.org/sites/default/files/2020-08/Cook%20Islands%20NSDS%202016%20to%202020.pdf
A29: FJI | B29: Fiji | C29: Transforming Fiji: towards an even more progressive, vibrant and inclusive society. | D29: 2036 | E29: 5-Year & 20-Year National Development Plan, Ministry of Economy, (Nov 2017) (p.2) | F29: https://www.fiji.gov.fj/getattachment/15b0ba03-825e-47f7-bf69-094ad33004dd/5-Year-20-Year-NATIONAL-DEVELOPMENT-PLAN.aspx
A30: GEO | B30: Georgia | C30: Ensure fast and efficient economic growth driven by development of real (production) sector of the economy, which will resolve economic problems that exist in the country, create jobs and reduce poverty | D30: 2020 | E30: Social-economic Development Strategy of Georgia "Georgia 2020" (p.37) | F30: https://policy.asiapacificenergy.org/sites/default/files/Georgia%202020_ENG.pdf
C31: Ensure rational use of natural resources, environmental safety and sustainability and avoid natural disasters during economic development | D31: 2020 | E31: Social-economic Development Strategy of Georgia 2020 (p.37) | F31: https://policy.asiapacificenergy.org/sites/default/files/Georgia%202020_ENG.pdf
A32: HKG | B32: Hong Kong | C32: To become a liveable, competitive and sustainable “Asia’s World City”. | D32: 2030 | E32: Hong Kong 2030+, p.20 | F32: https://www.hk2030plus.hk/document/2030+Booklet_Eng.pdf
A33: IND | B33: India | C33: Transform India into a prosperous, highly educated, healthy, secure, corruption-free, energy-abundant, environmentally clean and globally influential nation | D33: 2032 | E33: India 2031-32 (ppt) (p.6) | F33: https://niti.gov.in/writereaddata/files/new_initiatives/Revised_Presentation.pdf
C34: New India will provide a solid foundation for clean, inclusive, sustained and sustainable growth for the next three decades. | D34: 2022 | E34: Strategy for New India @75: 2022 (p.V) | F34: https://niti.gov.in/writereaddata/files/Strategy_for_New_India.pdf
C35: To allow our cities to evolve into an urban form that is best suited for the unique geography of their locations and is best placed to support the main social and economic activities that take place in the city | D35: NA | E35: National Urban Transport Policy (p.2) | F35: http://urbantransport.kar.gov.in/National%20Urban%20TransportPolicy.pdf
A36: IDN | B36: Indonesia | C36: Indonesia that is self-reliant, advanced, just, And prosperous | D36: 2025 | E36: Long-Term National Development Plan of 2005-2025, p. 45 | F36: https://www.bappenas.go.id/files/6715/3173/4665/RPJPN_2005-2025.pdf
A37: IRN | B37: Iran (Islamic Republic of) | C37: A developed country, in first place in the region in the realms of economy, knowledge, technology; with an Islamic and revolutionary identity, an inspiration for the world; and with productive and influential interaction in International relations | D37: 2025 | E37: The 20-Year National Vision (online) | F37: https://irandataportal.syr.edu/20-year-national-vision
A38: JPN | B38: Japan | C38: Overcoming population decline and revitalizing local economies | D38: 2060 | E38: Japan’s Long-Term Vision and Comprehensive Strategy, Cabinet Secretariat (Dec. 2014) (online) | F38: https://japan.kantei.go.jp/98_abe/actions/201912/_00030.html
C39: Japan will establish itself as a nation of dignity and will build Asian trust. | D39: 2050 | E39: Japan Vision 2050: Principles of Strategic Science and Technology Policy Toward 2020, Science Council of Japan, (Apr 2005) (p.2) | F39: http://www.scj.go.jp/en/vision2050.pdf
A40: KAZ | B40: Kazakhstan | C40: To be among the top 30 global economies by 2050 through sustainable domestic development, political cooperation with peace- and prosperity-seeking nations, digitalization, civil and social modernization and national pride | D40: 2050 | E40: Kazakhstan 2050 (online) | F40: https://kazakhstan2050.com
A41: KIR | B41: Kiribati | C41: To become a wealthy, healthy and peaceful nation with the people at the center of it all | D41: 2036 | E41: Kiribati 20-Year Vision 2016-2036 KV20 Ministry of Finance and Economic Development (Oct 2017) (p.6) | F41: http://www.mfed.gov.ki/sites/default/files/KV20%20VISION.pdf
A42: KGZ | B42: Kyrgyz Republic | C42: Strong, self-sufficient, developed state with the individual in the center as the highest value along with his life, health, rights and freedoms and with the most favorable environment for him. | D42: 2040 | E42: National Development Strategy of the Kyrgyz Republic 2018-2040 (p.7) | F42: https://policy.thinkbluedata.com/sites/default/files/National%20Development%20Strategy%20of%20the%20Kyrgyz%20Republic%20for%202018-2040%20%28EN%29.pdf
A43: LAO | B43: Lao People’s Democratic Republic | C43: Developing countries to emerge from underdevelopment (LDC) status by 2020 to move towards high-middle-income developing countries in the direction of green and sustainable development by 2030 | D43: 2025 | E43: Vision to 2030 and 10-Year Socio-economic Development Strategy, p.iv | F43: https://rtm.org.la/nsedp/documents/vision2030-and-10-year-socioeconomic-dev-strategy-2016_2025-lao/
C44: To fully focus on socio-economic development based on the existing potentials in order to help the country effectively achieve the LDC’s criteria through quality, inclusive and green growth and achieve the sustainable development goals (SDGs) by 2030. | D44: 2030 | E44: 9th Socio-Economic Development Plan (p.3) | F44: https://rtm.org.la/wp-content/uploads/2019/11/2019-RTIM-Pre-Consultation-on-NSEDP-and-State-Budget-Plan_Initial-Concept-of-the-9th-NSEDP_English.pdf
A45: MYS | B45: Malaysia | C45: To make Malaysia a nation that achieves sustainable growth along with fair and equitable distribution, across income groups, ethnicities, regions and supply chains. The commitment is aimed at strengthening political stability, enhancing the nation’s prosperity and ensuring that the rakyat are united whilst celebrating ethnic and cultural diversity as the foundation of the nation state. | D45: 2030 | E45: Shared Prosperity Vision 2030, p.1 | F45: https://www.pmo.gov.my/wp-content/uploads/2019/10/SPV2030-summary-en.pdf
C46: To become a top 20 nation in economic development, social advancement and innovation | D46: 2050 | E46: Transformasi Nasional 2050 (online) | F46: http://www.mytn50.com/?language=eng
A47: MDV | B47: Maldives | C47: Transforming Maldives to an Equitable, Prosperous, Inclusive, Connected Island Nation | D47: NA | E47: National Development Plan (p.0) | F47: https://mpf.gov.mv/wp-content/uploads/2019/06/MNPI-National-Development-Plan.pdf
C48: To recognize the status of Maldives as a nation suffering from the adverse impacts of climate change and to build its capacity to ensure a safe, sustainable, resilient and prosperous future. | D48: NA | E48: Climate change policy framework (p.20) | F48: https://policy.asiapacificenergy.org/sites/default/files/Maldives%20Climate%20Change%20Policy%20Framework%20%28MCCPF%29%20%28EN%29.pdf
A49: MHL | B49: Marshall Islands | C49: In our own hands is our future: Sustainable, Equitable and Measurable Development Reflecting the Priorities and Culture of the Marshallese People | D49: 2030 | E49: National Strategic Plan (NSP) 2020-2030 Republic of the Marshall Islands Economic Policy, Planning and Statistics Office (Mar. 2020) (p.5) | F49: https://www.rmieppso.org/eppso_files/nsp/NSP_2020_2030.pdf
A50: FSM | B50: Micronesia (Federated States of) | C50: Achievening economic growth and self-reliance | D50: 2023 | E50: Strategic Development Plan (Mar. 2004) (p.iii) | F50: https://www.adb.org/sites/default/files/linked-documents/cobp-fsm-2015-2017-sd-02.pdf
A51: MNG | B51: Mongolia | C51: To be amongst leading middle-income countries based on per capita income. It hopes to be a multi-sector stable economy, and a society dominated by middle and upper-middle income classes, which would preserve ecological balance, and have stable and democratic governance. | D51: 2030 | E51: Mongolia Sustainable Development Vision 2030 (p.9) | F51: https://www.greengrowthknowledge.org/sites/default/files/downloads/policy-database/MONGOLIA)%20Mongolia%20Sustainable%20Development%20Vision%202030.pdf
A52: MMR | B52: Myanmar | C52: To achieve inclusive and continuous development. It aims to establish an economic framework that supports national reconciliation, based on the just balancing of sustainable natural resource mobilisation and allocation across the States and Regions | D52: 2030 | E52: Myanmar Sustainable Development Plan (2018-2030), p.6 | F52: https://themimu.info/sites/themimu.info/files/documents/Core_Doc_Myanmar_Sustainable_Development_Plan_2018_-_2030_Aug2018.pdf
A53: NRU | B53: Nauru | C53: A future where individual, community, business and government partnerships contribute to a sustainable quality of life for all Nauruans | D53: 2030 | E53: National Sustainable Development Strategy 2019-2030, Ministry of Finance and Sustainable Development, (2019) (p.8) | F53: https://policy.asiapacificenergy.org/sites/default/files/National%20Sustainable%20Development%20Strategy%20%28NSDS%29%202019-2030%20%28Revised%202019%29.pdf
A54: NPL | B54: Nepal | C54: ‘Prosperous Nepal, Happy Nepali’ - A prosperous, independent, and socialism-oriented economy with a happy, healthy, and educated citizens enjoying equality of opportunities, dignity, and high standards of living. | D54: 2024 | E54: Fifteenth Plan (2019/20 – 2023/24) (p.26) | F54: https://npc.gov.np/images/category/15th_plan_English_Version.pdf
C55: Accelerating the pace of economic growth for smooth and sustainable development after graduating from LDC and help achieve the SDGs and becoming a middle-income country by 2030. | D55: 2030 | E55: NEPAL Assessment of Implementation of the Istanbul Programme of Action for the LDCs for the Decade 2011-2020 (p.10) | F55: http://unohrlls.org/custom-content/uploads/2019/12/IPOA_review-report_final_NPC_Nepal.pdf
A56: NZL | B56: New Zealand | C56: Wellbeing of all New Zealanders, now and in the future | D56: 2050 | E56: Economic Plan: For a Productive, Sustainable and Inclusive Economy Ministry of Business, Innovation & Employment (Sep 2019) (p.2) | F56: https://www.mbie.govt.nz/assets/economic-plan.pdf
C57: Local democracy powering community and national success through; Social prosperity, Cultural prosperity, Economic prosperity, and Environmental prosperity | D57: 2050 | E57: The 2050 challenge: future proofing our communities Local Government New Zealand (Jul 2016) (p.12) | F57: https://www.lgnz.co.nz/assets/e1a77509ff/42597-LGNZ-2050-Challenge-Final-WEB-small.pdf
A58: NIU | B58: Niue | C58: A Prosperous Niue: Working Together to Protect the People and the Environment | D58: 2026 | E58: Niue National Strategic Plan 2016 -2026, Office of the Prime Minister, (2016) (p.24) | F58: https://policy.asiapacificenergy.org/sites/default/files/Niue%20National%20Strategic%20Plan.pdf
A59: PAK | B59: Pakistan | C59: Reviving growth; strengthening our developmental foundations to become a top 25 global economy Attaining regional and global leadership in key target sectors Reaching our target of becoming a top 10 global economy and high income country | D59: 2025, 2035, 2047 | E59: Pakistan 2025 – One nation one Vision (p.3,4) | F59: https://www.pc.gov.pk/uploads/vision2025/Pakistan-Vision-2025.pdf
A60: PLW | B60: Palau | C60: Substantially enhance the quality of life of Palauans and future generations of Palauans | D60: 2020 | E60: Palau 2020 – National Master Development Plan Ministry of Finance (Jul 2017) (p.2) | F60: http://www.palaugov.pw/wp-content/uploads/2017/08/Palau-National-Assessment-Report.pdf
A61: PNG | B61: Papua New Guinea | C61: We will be a Smart, Wise, Fair and Happy Society by 2050. We will be ranked in the top 50 in the United Nations Human Development Index by 2050, creating opportunities for personal and national advancement through economic growth, smart innovative ideas, quality service and ensuring fair and equitable distribution of benefits in a safe and secure environment for all citizens. | D61: 2050 | E61: Vision 2050 National Planning Committee (Nov 2009) (p.ii) | F61: https://www.treasury.gov.pg/html/publications/files/pub_files/2011/2011.png.vision.2050.pdf
C62: Papua New Guinea will be a prosperous middle-income country by 2030 | D62: 2030 | E62: Papua New Guinea Development Strategic Plan 2010-2030 Department of National Planning and Monitoring (Mar 2010) (p.1) | F62: https://www.treasury.gov.pg/html/publications/files/pub_files/2011/png-development-strategic-plan.2010-2030.pdf
A63: PHL | B63: Philippines | C63: To lay down the foundation for inclusive growth, a high-trust and resilient society, and a globally-competitive knowledge economy | D63: 2022 | E63: Philippine Development Plan 2017-2022, p.49 | F63: http://pdp.neda.gov.ph/wp-content/uploads/2017/01/PDP-2017-2022.pdf
C64: To be a prosperous, predominantly middle-class society where no one is poor. Our peoples will enjoy long and healthy lives, are smart and innovative, and will live in a high-trust society. | D64: 2040 | E64: Vision 2040, p.50 | F64: http://2040.neda.gov.ph/wp-content/uploads/Vision2040_final.pdf
A65: KOR | B65: Republic of Korea | C65: Global Green Land for a new leap forward in Korea | D65: 2020 | E65: 4th Comprehensive National Territorial Plan Revision Plan (2011-2020) (p.23) | F65: http://www.molit.go.kr/USR/policyData/m_34681/dtl?id=1775
A66: RUS | B66: Russian Federation | C66: Economic growth and technological breakthrough for the entire country; wealth and self-realization for every person | D66: 2024 | E66: Single plan for achieving the national development goals of the Russian Federation up to 2024 (p.1) | F66: http://static.government.ru/media/files/j8IV1FkssLpUqI89JCXZ2mLiIiLEn7H8.pdf
A67: WSM | B67: Samoa | C67: To transform the Samoan economy to a higher growth path, to ensure the needs of present and future generations are met and that no one is left behind | D67: 2040 | E67: Samoa 2040 Ministry of Finance (Jun 2019) (p.0) | F67: https://www.psc.gov.ws/samoa-2040-looks-at-transforming-samoa-to-a-higher-growth-path-in-the-next-20-years/
C68: Reduced poverty in Samoa by stimulating inclusive economic growth though the provision of economic infrastructure and associated structural and policy reform | D68: 2021 | E68: Samoa Economic Infrastructure Program 2013-2021 Department of Foreign Affairs and Trade-Aus (Oct 2013) (p.14) | F68: https://www.dfat.gov.au/sites/default/files/samoa-economic-infrastructure-program-delivery-strategy-2013-21.pdf
A69: SGP | B69: Singapore | C69: A Liveable and Endearing Home A Vibrant and Sustainable City An Active and Gracious Community | D69: 2030 | E69: Sustainable Singapore Blueprint 2015, p.11 | F69: https://www.mse.gov.sg/resources/ssb.pdf
A70: SLB | B70: Solomon Islands | C70: A United and Vibrant Solomon Islands | D70: 2020 | E70: National Development Strategy 2011 – 2020 Ministry of Development Planning and Aid Coordination (Jul 2011) (p.2) | F70: https://www.adb.org/sites/default/files/linked-documents/cobp-sol-2015-2017-sd.pdf
C71: Improving the Social and Economic Livelihoods of all Solomon Islanders | D71: 2035 | E71: National Development Strategy 2016 – 2035 Ministry of Development Planning and Aid Coordination (Apr 2016) (p.2) | F71: https://solomons.gov.sb/wp-content/uploads/2020/02/National-Development-Strategy-2016.pdf
A72: LKA | B72: Sri Lanka | C72: Mannered, geared and smart nation in a planned, sustained and adored land | D72: 2050 | E72: National Physical Planning Policy & The Plan — 2017 – 2050 (p.3-3) | F72: https://drive.google.com/file/d/1TBgPtGflXOJmTn_vVkAmGtJU9AiMckp0/view
C73: To become a sustainable, upper middle income, Indian Ocean hub with an economy that is prosperous, competitive and advanced; an environment that is green and flourishing; and a society that is inclusive, harmonious, peaceful and just. | D73: 2030 | E73: Sustainable Sri Lanka 2030 Vision and Strategic Path (p.5) | F73: http://www.presidentsoffice.gov.lk/wp-content/uploads/2019/05/Final-v2.4-Typeset-MM-v12F-Cov3.pdf
C74: Transforming Sri Lanka into the hub of the Indian Ocean, with a knowledge-based, highly competitive, social-market economy and position Sri Lanka as an export-oriented economic hub at the centre of the Indian Ocean | D74: 2025 | E74: Vision 2025 (p.11) | F74: http://extwprlegs1.fao.org/docs/pdf/srl179513.pdf
A75: TWN | B75: Taipei,China | C75: To build a better country that is prosperous, inclusive, sustainable, and peaceful. | D75: 2024 | E75: National Development Plan (2021-2024), p.6 | F75: https://ws.ndc.gov.tw/Download.ashx?u=LzAwMS9hZG1pbmlzdHJhdG9yLzEwL3JlbGZpbGUvMC8xMzY3Ny82ZTdkNjMyNS04MDdjLTRiY2ItODE5NC0wOTk3NjhhYjQ3MTUucGRm&n=MTA5MDcxM%2bWci%2beZvOacg%2baWsOiBnueovy3lnIvlrrbnmbzlsZXlp5Tlk6HmnIPpgJrpgY7jgIzlnIvlrrbnmbzlsZXoqIjnlasoMTEw6IezMTEz5bm0KeOAjS5wZGY%3d&icon=..pdf
C76: Forward-looking, sustainable and regionally balanced | D76: 2024 | E76: Forward-Looking Infrastructure Development Program (2017-2024) (online) | F76: https://www.ey.gov.tw/File/332CC6DFD7224583
A77: TJK | B77: Tajikistan | C77: Achieve United Nation’s Sustainable Development Goals | D77: 2030 | E77: National Development Strategy of the Republic of Tajikistan up to 2030 (p.5) | F77: https://mintrans.tj/sites/default/files/2018/may/national_development_strategy.pdf
A78: THA | B78: Thailand | C78: Thailand becomes a developed country with security, prosperity and sustainability in accordance with the Sufficiency Economy Philosophy | D78: 2037 | E78: National Strategy 2018-2037, p.5 | F78: http://nscr.nesdb.go.th/wp-content/uploads/2019/10/National-Strategy-Eng-Final-25-OCT-2019.pdf
A79: TLS | B79: Timor-Leste | C79: People will no longer be isolated, because there will be good roads, transport, electricity and communications in the towns and villages in all regions of the country | D79: 2030 | E79: Timor-Leste Strategic Development Plan 2011-2030, p.9 | F79: https://www.timorleste.tl/wp-content/uploads/formidable/4/Timor-Leste-Strategic-Plan-2011-2030.pdf
A80: TON | B80: Tonga | C80: A more progressive Tonga supporting higher quality of life for all | D80: 2025 | E80: Tonga Strategic Development Framework 2015-2025 Ministry of Finance and National Planning (May 2015) (p.16) | F80: http://www.finance.gov.to/sites/default/files/2020-09/Tonga%20Strategic%20Development%20Framework%202015-2025.pdf
A81: TKM | B81: Turkmenistan | C81: Industrially developed state, ensuring diversification of the economy sectors and types of property, its digitalization, as well as the creation of new jobs, the systematic implementation of measures to strengthen the economic potential | D81: 2025 | E81: The program of social and economic development of Turkmenistan for 2019-2025 (online) | F81: https://customs.gov.tm/en/news/891tan
A82: TUV | B82: Tuvalu | C82: A more protected, secure and prosperous Tuvalu; healthier people who and more engaged in national, regional and international forums; and a government fully committed to honoring Tuvalu’s international commitments and respecting its partnerships. | D82: 2020 | E82: TE KAKEEGA III National Strategy for Sustainable Development 2016-2020 Ministry of Finance (Mar 2016) (p.2) | F82: https://www.adb.org/sites/default/files/linked-documents/cobp-tuv-2017-2019-ld-02.pdf
A83: UZB | B83: Uzbekistan | C83: Enter the Top 50 global economies by 2035 | D83: 2035 | E83: Development Strategy of the Republic of Uzbekistan to 2035 (p.8) | F83: http://uzbekistan2035.uz/wp-content/uploads/2019/10/02_%D0%9F%D1%80%D0%B5%D0%B7%D0%B5%D0%BD%D1%82%D0%B0%D1%86%D0%B8%D1%8F-%D0%9A%D0%BE%D0%BD%D1%86%D0%B5%D0%BF%D1%86%D0%B8%D0%B8-ENG.pdf
A84: VUT | B84: Vanuatu | C84: An economy based on equitable, sustainable growth that creates jobs and income earning opportunities accessible to all people in rural and urban areas | D84: 2030 | E84: Vanuatu 2030 The People’s Plan Department of Strategic Policy, Planning and Aid Coordination (Nov 2016) (p.5) | F84: https://www.gov.vu/images/publications/Vanuatu2030-EN-FINAL-sf.pdf
A85: VNM | B85: Viet Nam | C85: To built on the three principles of inclusion, equity and sustainability | D85: 2021 | E85: One Strategic Plan 2017-2021, p.13 | F85: https://policy.asiapacificenergy.org/sites/default/files/One%20Strategic%20Plan%202017-2021.pdf
C86: To be a modern and industrialized nation moving toward becoming a prosperous, creative, equitable, and democratic society. | D86: 2035 | E86: Vietnam 2035, p.xvii | F86: https://openknowledge.worldbank.org/handle/10986/23724
B88: Missing countries in the list indicate that the policy/target does not exist in that country or no data was found. If found, please send an email to asiantransportoutlook@gmail.com

Sheet POL-VIS-002
A1: Indicator | B1: Transport Vision Statement
A2: Indicator ATO Code | B2: POL-VIS-002
A3: Description | B3: Vision statements from transport policy documents. Economy and sustainability score calculated from keywords found in the vision statement. See footnote for methodology.
A4: Scope | B4: National
A5: Mode | B5: NA
A6: Sector | B6: NA
B8: |<< Table of Contents
A10: Code | B10: ADB members, plus Iran and Russia | C10: Vision statement | D10: Target Year | E10: Source | F10: URL
A11: AFG | B11: Afghanistan | C11: To foster the capacity of transport infrastructure of Afghanistan at the quality that can serve as transport hub for the region. | D11: 2036 | E11: Afghanistan Transport Sector Master Plan Update (2017–2036) (p.vi) | F11: https://www.adb.org/sites/default/files/institutional-document/327561/afg-transport-plan-2017-2036.pdf
C12: To promote and enable high-quality, city-regional public transport systems, integrated non-motorised transport networks and improved walkability; including for youth and women. | D12: 2025 | E12: Urban National Priority Programme (U-NPP) 2016-2025 (p.37) | F12: http://policymof.gov.af/home/urban-national-priority-programme/
A13: ARM | B13: Armenia | C13: Ensure a citizen's right to free movement, accessibility and competitiveness of transportation, goods and services within the transport sector, through the use of sustainably developing transport infrastructures and provided services, as well as to increase service quality and transport safety through sustainable development of transport infrastructures and provided services in the transport sector | D13: 2022 | E13: Government Program of the Republic of Armenia 2017-2022 (p.83) | F13: https://www.gov.am/files/docs/2219.pdf
A14: AUS | B14: Australia | C14: Regional Australia is serviced by high-quality and safe land transport infrastructure that connects communities with markets and new opportunities, and enables safe journeys from home, to work and across the country. | D14: 2030 | E14: Regions 2030 (p.12) | F14: https://www.regional.gov.au/regional/publications/files/regions-2030.pdf
C15: A land transport system that improves the living standards of all Australians | D15: 2023 | E15: National Transport Comission Corporate Plan 2019-2023 (p.5) | F15: https://www.ntc.gov.au/sites/default/files/assets/files/NTC-Corporate-Plan-2019-2023.pdf
C16: To support an integrated policy approach by governments to the development and adoption of emerging transport technologies, in order to improve transport safety, efficiency, sustainability and accessibility | D16: 2023 | E16: National Policy Framework for Land Transport Technology (online) | F16: https://www.infrastructure.gov.au/transport/land-transport-technology/national-policy-framework-Land-transport-technology.aspx#:~:text=The%20Policy%20Framework's%20objective%20is,%2C%20efficiency%2C%20sustainability%20and%20accessibility.
A17: AZE | B17: Azerbaijan | C17: NA
A18: BGD | B18: Bangladesh | C18: Focus on introducing a time saving electrical Urban Mass Transit / Metro Rail Network to reduce urban traffic congestion and improve the natural environment; Strengthening management capabilities and efficiency of public transport authorities. | D18: 2041 | E18: Making Vision 2041 a Reality Perspective Plan Of Bangladesh 2021-2041 (Pg. i) | F18: http://oldweb.lged.gov.bd/UploadedDocument/UnitPublication/1/1049/vision%202021-2041.pdf
A19: BTN | B19: Bhutan | C19: To increase safe, reliable and affordable surface and air transport, enhance access to sustainable, green and inclusive public transport, improve access to reliable and affordable ICT and media services, improve effective and efficient public service delivery, and to keep culture and tradition alive through ICT and media. | D19: 2023 | E19: 12th FYP (2018-23) (p.193) | F19: https://www.gnhc.gov.bt/en/wp-content/uploads/2019/05/12FYP_VOL1_12JUN19.pdf
A20: BRN | B20: Brunei Darussalam | C20: Ensuring Sustainability of Transport and Infocommunications Sectors | D20: 2025 | E20: Strategic Plan for Ministry of Transport and Infocommunications, p.18 | F20: http://www.mtic.gov.bn/MTIC2025/documents/MTIC_2025-Strategic-Plan_FINAL.pdf
C21: An integrated, safe multi-modal land transport system which offers choice for all and supports the sustained and sustainable economic development of Brunei Darussalam. | D21: 2035 | E21: Roadmap and Draft National Masterplan for a Sustainable Land Transportation System for Brunei Darussalam, p.45 | F21: http://www.mtic.gov.bn/Resources/LAND%20TRANSPORT%20MASTER%20PLAN%20-%20Executive%20Summary.pdf
A22: KHM | B22: Cambodia | C22: To develop the economy and improve the living standards of the people based on the principles of free market economy and social equity. | D22: NA | E22: Ministry of Public Works and Transport Vision (online) | F22: https://www.mpwt.gov.kh/en/about-us/mission-and-vision
A23: CHN | B23: People's Republic of China | C23: Livability achieved through connectivity, strategic development corridors, and efficient transport options | D23: 2030 | E23: China 2030 (p.263) | F23: https://assets.documentcloud.org/documents/696883/world-bank-china-2030.pdf
C24: By 2035, a modern and high-quality national comprehensive three-dimensional transportation network that is convenient and smooth, economical, efficient, green, intensive, intelligent, advanced, safe and reliable will be basically completed, achieving international and domestic interconnection, three-dimensional access to major cities across the country, and effective coverage of county-level nodes, with strong support "National 123 travel traffic circle" (1 hour commute in metropolitan areas, 2 hours access to urban agglomerations, 3 hours coverage of major cities across the country) and "Global 123 Express Cargo Circle" (1 day domestic delivery, 2 days delivery to neighboring countries, Delivered to major cities in the world within 3 days). | D24: 2035 | E24: National Comprehensive Three-dimensional Transportation Network Planning Outline 2021 to 2035 (p.0) | F24: http://www.gov.cn/zhengce/2021-02/24/content_5588654.htm
A25: COK | B25: Cook Islands | C25: To ensure premier infrastructure development to meet the needs and aspirations of the people of the Cook Islands | D25: 2021 | E25: Infrastructure Cook Islands Strategic Plan 2016-2021 (p.ii) | F25: http://ici.gov.ck/sites/default/files/downloads/ICI-0001_Strategic%20Plan_WEB.pdf
C26: A safer Cook Islands road system, increasingly free of death, serious injury and disability | D26: 2020 | E26: Cook Islands Road Safety Strategy 2016-2020 (p.11) | F26: https://www.health.gov.ck/wp-content/uploads/2020/06/CookIslandsRoadSafetyStrategy2016.pdf
A27: FJI | B27: Fiji | C27: Achieving higher economic growth and prosperity for Fiji through better quality advises and service delivery in the areas of sustainable infrastructures and dynamic transport systems; clean affordable energy sources and technically advance meteorological and hydrological products and services | D27: 2018 | E27: Ministry of Infrastructure and Transport Vision (p.4) | F27: http://www.parliament.gov.fj/wp-content/uploads/2020/07/Ministry-of-Infrastructure-and-Transport-2016%EF%80%A22017-Consolidated-Annual-Report.pdf
A28: GEO | B28: Georgia | C28: Develop the country into a regional transport and logistics corridor for trade between Europe and Asia | D28: 2023 | E28: Georgia 2019–2023 Developing Caucasus’s Gateway to the World (p.5) | F28: https://www.adb.org/sites/default/files/institutional-document/521601/cps-geo-2019-2023.pdf
A29: HKG | B29: Hong Kong, China | C29: We will provide the world's best transport system which is safe, reliable, efficient, environmentally friendly and satisfying to both users and operators. | D29: NA | E29: Transport Department Vision | F29: https://www.td.gov.hk/en/about_us/vision_mission_values/index.html
A30: IND | B30: India | C30: To drive economic growth and trade competitiveness of the country through a truly integrated, seamless, efficient, reliable and cost effective logistics network, leveraging best in class technology, processes and skilled manpower | D30: NA | E30: Draft Discussion Document – (Logistics policy) (p.2) | F30: https://static.mygov.in/rest/s3fs-public/mygov_154953859051553221.pdf
C31: To provide a long-term, stable and consistent policy regime and to have a clear roadmap for the automotive industry, making India a globally competitive auto R&D and manufacturing hub and achieving the targeted objectives of green mobility | D31: NA | E31: National Auto Policy – Draft (p.17) | F31: https://auto.economictimes.indiatimes.com/ajax_files/download_file.php?doc_path=/files/retail_files/reports/data_file-nati-1519397333.pdf&fromGroupUpdate=Y
A32: IDN | B32: Indonesia | C32: Development of transportation is directed at supporting economic, social, and cultural, and natural environment activities and is carried out through the regional development approach so as to attain balance and equity in development among regions; establishing and consolidating national unity for strengthening national defence and security; and forming spatial structure in the context of realizing the targets of national development. | D32: 2025 | E32: Long-Term National Development Plan of 2005-2025, p. 63 | F32: https://www.bappenas.go.id/files/6715/3173/4665/RPJPN_2005-2025.pdf
C33: The realization of reliable, competitive and added value transportation services | D33: NA | E33: Ministry of Transportation Vision (online) | F33: http://dephub.go.id/ppid/kementerian/55
A34: IRN | B34: Iran (Islamic Republic of) | C34: NA
A35: JPN | B35: Japan | C35: Realize user-friendly transport that contributes to the rich lives of the citizens | D35: 2020 | E35: Basic Plan on Transport Policy, MLIT-Govt. Of Japan (p.1) | F35: https://www.mlit.go.jp/common/001096409.pdf
C36: Create a foundation of sustainable, secure and safe transport | D36: 2020 | E36: Basic Plan on Transport Policy, MLIT-Govt. Of Japan (p.1) | F36: https://www.mlit.go.jp/common/001096409.pdf
A37: KAZ | B37: Kazakhstan | C37: To modernize the main railroad routes, providing international transportation and trade ties, and also transit flows of goods via Trans-Asian main road | D37: 2030 | E37: Kazakhstan’s 2030 Development Strategy (p.12) | F37: https://ifsh.de/file-CORE/documents/yearbook/english/10/strategy.pdf
A38: KIR | B38: Kiribati | C38: To provide an innovative and integrated transportation, communication, postal and printery systems that is safe, efficient, affordable and accessible to all and will enhance tourism development in Kiribati | D38: 2023 | E38: Ministry Strategic Plan (MICTTD), 2020-2023 (p.4) | F38: https://www.micttd.gov.ki/sites/default/files/FINAL%20MICTTD%20MSP%202020-2023%20PRINT2.pdf
A39: KGZ | B39: Kyrgyz Republic | C39: N/A
A40: LAO | B40: Lao People’s Democratic Republic | C40: To be highly effective and efficient with integrated sustainable Transport | D40: 2030 | E40: UNESCAP Country Presentation (p.4) | F40: https://www.unescap.org/sites/default/files/Country%20presentation%20-%20Lao%20PDR.pdf
A41: MYS | B41: Malaysia | C41: To develop a sustainable transport sector that accelerates economic growth and supports the well-being of the rakyat in line with an advanced nation status | D41: 2030 | E41: National Transport Policy 2019-2030, p.11 | F41: https://www.pmo.gov.my/wp-content/uploads/2019/10/National-Transport-Policy-2019_2030EN.pdf
C42: Public transport as the rakyat’s choice for mobility by 2030. | D42: 2030 | E42: National Land Public Transport Master Plan (2013), p.1 | F42: https://www.apad.gov.my/sites/default/files/nlptmp_bi_version_8_nov_13.pdf
A43: MDV | B43: Maldives | C43: Connecting the country via land, sea and air and establish a safe, reliable and sustainable transport network domestically and internationally. | D43: NA | E43: Ministry vision (online) | F43: https://www.gov.mv/en/organisations/ministry-of-transport-and-civil-aviation/about
A44: MHL | B44: Marshall Islands | C44: Sound and Efficient Transport Infrastructure that Supports Social and Economic Development | D44: 2030 | E44: National Strategic Plan (NSP) 2020-2030 , Republic of the Marshall Islands (p.12) | F44: https://www.rmieppso.org/eppso_files/nsp/NSP_2020_2030.pdf
A45: FSM | B45: Micronesia (Federated States of) | C45: To provide the infrastructure to enable transportation facilities to be adequate in terms of condition, capacity, reliability and safety to enable market opportunities to be realized for all areas of the country, including labor market opportunities, and to enhance the level of integration of state economies and the national economy | D45: 2023 | E45: Infrastructure Development Plan, 2004-2023 (p.41) | F45: https://mra.fm/wp-content/uploads/2020/11/idp.pdf
C46: To improve the life and livelihood of all FSM citizens with affordable, reliable and environmentally sound infrastructure | D46: 2023 | E46: Infrastructure Development Plan, 2004-2023 (p.6) | F46: https://mra.fm/wp-content/uploads/2020/11/idp.pdf
A47: MNG | B47: Mongolia | C47: Expand and develop all types of economically efficient, safe, and comfortable transportation services that meet customers’ demand. Improve trade and services, develop transportation and logistics network of import and export goods, simplify the system for special license issuance, digitalize and improve tax payments and state registration systems, and establish a favorable business environment. | D47: 2030 | E47: Mongolia Sustainable Development Vision 2030 (p.19, 22) | F47: https://www.greengrowthknowledge.org/sites/default/files/downloads/policy-database/MONGOLIA)%20Mongolia%20Sustainable%20Development%20Vision%202030.pdf
A48: MMR | B48: Myanmar | C48: To develop an efficient, modern, safe, and environmentally-friendly transportation system in a coordinated and sustainable manner that embraces all transport modes for the benefit of the country and people of Myanmar | D48: 2030 | E48: The Survey Program for the National Transport Development Plan in the Republic of the Union of Myanmar, p.18 | F48: https://openjicareport.jica.go.jp/pdf/12230710.pdf
A49: NRU | B49: Nauru | C49: Improve transport infrastructure and provide reliable and sustainable transport services | D49: 2030 | E49: National Sustainable Development Strategy 2019-2030 (p.24) | F49: https://policy.asiapacificenergy.org/sites/default/files/National%20Sustainable%20Development%20Strategy%20%28NSDS%29%202019-2030%20%28Revised%202019%29.pdf
A50: NPL | B50: Nepal | C50: To develop a reliable, cost effective, safe facility oriented and sustainable transport system that promotes and sustains the economic, social, cultural and tourism development of the Kingdom of Nepal as a whole. | D50: NA | E50: National Transport Policy (p.3) | F50: https://dor.gov.np/home/circular/force/national-transport-policy-2058#:~:text=The%20principal%20objective%20of%20the,of%20Nepal%20as%20a%20whole.
A51: NZL | B51: New Zealand | C51: A transport system that improves wellbeing and livability through: Inclusive access, Economic prosperity, Healthy and safe people, Environmental sustainability, and Resilience and security | D51: 2030 | E51: Government Policy Statement on Land Transport, 2021/22- 2030/31 (p.5) | F51: https://www.transport.govt.nz/assets/Uploads/Paper/GPS2021.pdf
A52: NIU | B52: Niue | C52: Provide and maintain safe, secure and reliable transport infrastructure and services at international standards and prepared to respond to national disasters and emergencies | D52: 2026 | E52: Niue National Strategic Plan 2016 -2026 (p.29) | F52: https://policy.asiapacificenergy.org/sites/default/files/Niue%20National%20Strategic%20Plan.pdf
A53: PAK | B53: Pakistan | C53: Provide safe, affordable, efficient, durable, and environmentally friendly means of transport, ensuring reliable access to jobs, markets, education, and other services for all. | D53: 2047 | E53: National Transport Policy of Pakistan 2018 (p.9) | F53: https://www.pc.gov.pk/uploads/downloads/policy.pdf
A54: PLW | B54: Palau | C54: Sustainable economic development through accessible, affordable, efficient, secure and safe transport services | D54: 2020 | E54: Palau Country Program 2014 (p.17) | F54: https://spccfpstore1.blob.core.windows.net/digitallibrary-docs/files/66/66aa0e41e1037d43a40c68002b9cb724.pdf?sv=2015-12-11&sr=b&sig=vsEtTB1bEJ6MWg6%2BCjpSjzyuHokXwbMqX4by3sUEok4%3D&se=2021-05-06T23%3A59%3A50Z&sp=r&rscc=public%2C%20max-age%3D864000%2C%20max-stale%3D86400&rsct=application%2Fpdf&rscd=inline%3B%20filename%3D%22web_whole_Palau_country_report_2014.pdf%22
A55: PNG | B55: Papua New Guinea | C55: A well-integrated, competitive, safe, affordable, financially and environmentally sustainable transport system that efficiently serves the economy and society of Papua New Guinea | D55: 2030 | E55: National Transport Strategy Volume 1 Strategy Summary (p.1) | F55: http://www.transport.gov.pg/downloads/category/2-transport?download=4:national-transport-strategy-summary
A56: PHL | B56: Philippines | C56: A safe, secure, reliable, efficient, integrated, intermodal, affordable, cost-effective, environmentally sustainable, and people-oriented national transport system that ensures improved quality of life of the people | D56: NA | E56: National Transport Policy and its Implementing Rules and Regulations, p.1 | F56: https://www.neda.gov.ph/wp-content/uploads/2020/02/NTP-IRR-Final.pdf
A57: KOR | B57: Republic of Korea | C57: Livable territory, convenient transport | D57: NA | E57: Ministry Website (online) | F57: http://www.molit.go.kr/english/USR/WPGE0201/m_28271/DTL.jsp
C58: Becoming a Global Logistics Power through Innovation on Logistics and Creation of New Industry | D58: 2025 | E58: National logistics master plan and strategies for integrated intermodal (p.5) | F58: https://www.unescap.org/sites/default/files/KMI%20Presentation_National%20Logistics
A59: RUS | B59: Russian Federation | C59: Create a unified transport area in Russia on the basis of a balanced advanced development of an efficient transport infrastructure | D59: 2030 | E59: Transport strategy of the Russian Federation up to 2030 (p.9) | F59: https://www.mintrans.gov.ru/ministry/targets/187/191/documents
A60: WSM | B60: Samoa | C60: A sustainable, safe, secure and environmentally responsible transport network that supports Samoa’s economic and social development | D60: 2019 | E60: Strategy for the Development of Samoa, 2016/17-2019/20 (p.12) | F60: https://www.mof.gov.ws/wp-content/uploads/2019/08/SDS-1617-1920_Eng.pdf
C61: Sustainable, safe, secure and environmentally responsible transport network that supports Samoa’s economic and social development and contributes to improving the quality of life for all Samoans | D61: 2018 | E61: Transport Sector Framework 2013-2018 (p.iii) | F61: https://www.mof.gov.ws/wp-content/uploads/2019/09/TSP-Volume-I-Final.pdf
A62: SGP | B62: Singapore | C62: A land transport system that is convenient, well-connected and fast. It is characterised by a commuter experience that is both gracious and inclusive, and contributes to better health and safer journeys for all. | D62: 2040 | E62: Land Transport Master Plan 2040, p.11 | F62: https://www.lta.gov.sg/content/dam/ltagov/who_we_are/our_work/land_transport_master_plan_2040/pdf/LTA%20LTMP%202040%20eReport.pdf
A63: SLB | B63: Solomon Islands | C63: An effective transport infrastructure and transport services to support sustained economic growth and social development is Solomon Islands | D63: 2036 | E63: National Transport Plan 2017-2036 (p.9) | F63: http://www.ntf.gov.sb/resources/documents-files/9-171107-ntp-final-complete/file
C64: An effective transport infrastructure and transport services to support sustained economic growth and social development in Solomon Islands | D64: 2030 | E64: National Transport Plan 2011-2030 (p.1) | F64: https://fdocuments.net/reader/full/national-transport-plan-asian-development-bank-national-transport-plan-2011
A65: LKA | B65: Sri Lanka | C65: To ensure a satisfactory access to and choice within a safe, reliable, efficient and integrated system of transport modes and services that satisfies the diverse public and corporate needs for mobility for both goods and people. | D65: NA | E65: National Transport Policy 2009 (p.14) | F65: http://www.transport.gov.lk/web/images/downloads/tp.pdf
C66: The Indian Ocean maritime, logistics and distribution hub providing all services and facilities for integrated connectivity | D66: 2022 | E66: National Export Strategy Of Sri Lanka Logistics Strategy 2018-2022 (p.2) | F66: https://www.srilankabusiness.com/pdf/nes/sri-lanka-logistics-4-3-web.pdf
A67: TWN | B67: Taipei,China | C67: Enhance the international competitiveness of sea and air portals; drive Taipei,China's industrial restructuring Promote green energy and humanistic transports; fulfill our responsibility as world citizens Establish a convenient and safe transportation network; ensure a high- quality living environment Create a tourist-friendly environment to promote the influence of Taipei,China's soft power on the world stage Meet the diverse needs of customers while provide excellent and universally trusted service Optimize forecasting technology capabilities; provide sophisticated and diversified meteorological services | D67: NA | E67: “Building for the Future” (online) | F67: https://www.motc.gov.tw/en/home.jsp?id=152&parentpath=0
A68: TJK | B68: Tajikistan | C68: Credible, efficient and integrated transport infrastructure, that contributes to the socio-economic development of the region | D68: 2025 | E68: National Transport Development Program of the Republic of Tajikistan up to 2025 (p.2) | F68: https://www.mintrans.tj/sites/default/files/2017/gosudarstvennaya_celevaya_programma_razvitiya.pdf
A69: THA | B69: Thailand | C69: Develop an integrated transportation system to improve the quality of life of people in all sectors and drive the country's economy sustainably | D69: 2021 | E69: Strategic Plan of the Ministry of Transport 2017-2021, 3-1 | F69: https://www.mot.go.th/file_upload/2560/mot_strategy2560-2564.pdf
C70: To expand the capacity of infrastructure and logistics in the country, both in terms of quantity and quality, to support the expansion of urban areas and key economic zones, and to help improve the quality of life. | D70: 2021 | E70: Thailand Twelfth National Economic and Social Development Plan (2017-2021), p.177 | F70: https://www.greengrowthknowledge.org/sites/default/files/downloads/policy-database/THAILAND%29%20The%20Twelfth%20National%20Economic%20and%20Social%20Development%20Plan%20%282017-2021%29.pdf
A71: TLS | B71: Timor-Leste | C71: To provide an integrated transport framework of systems, services and facilities required to facilitate and underpin inclusive economic and social development | D71: 2030 | E71: Transport Sector Master Plan, p.ii | F71: http://www.laohamutuk.org/DVD/2018/TransSecMasterPlanMar2018.pdf
A72: TON | B72: Tonga | C72: More reliable, safe and affordable transport services on each island, connecting islands and connecting the Kingdom with the rest of the world by sea and air, to improve the movement of people and goods | D72: 2025 | E72: Tonga Strategic Development Framework (TSDF), 2015-2025 (p.74) | F72: http://www.finance.gov.to/sites/default/files/2020-09/Tonga%20Strategic%20Development%20Framework%202015-2025.pdf
A73: TKM | B73: Turkmenistan | C73: Creation of the joint multimodal transport and transit systems and corridors by effective use of transit opportunities of Turkmenistan | D73: NA | E73: Law of Turkmenistan o June 9 2018 No. 28-VI about fundamentals of transport policy of Turkmenistan (online) | F73: https://cis-legislation.com/document.fwx?rgn=107465
A74: TUV | B74: Tuvalu | C74: Developing and maintaining Tuvalu's infrastructure to withstand climate change impacts, climate variability, disaster risks, and climate change projection | D74: 2021 | E74: Tuvalu National Climate Change Policy 2012-2021 (p.16) | F74: https://www.preventionweb.net/files/68527_tuvalunationalclimatepolicy.pdf
A75: UZB | B75: Uzbekistan | C75: Ensuring the phasing out of the use of hydrocarbon fuels and stimulating the development of electric transport | D75: 2030 | E75: Strategy for Transition of the Republic of Uzbekistan to a "Green" Economy for the period of 2019 - 2030 (p.7) | F75: https://policy.asiapacificenergy.org/sites/default/files/Resolution%20of%20the%20President%20No.%20PP-4477%20of%202019%20%28RU%29.pdf
A76: VUT | B76: Vanuatu | C76: Sustainable and well-maintained infrastructure and services for all, through inclusive and effective partnerships | D76: 2030 | E76: Vanuatu 2030, The People’s Plan (p.16) | F76: https://www.gov.vu/images/publications/Vanuatu2030-EN-FINAL-sf.pdf
A77: VNM | B77: Viet Nam | C77: Basically complete the transportation network in the country, ensure the connection and reasonable development between modes of transport. Quality of transport and service has been improved, ensuring: fast, safe and convenient. | D77: 2030 | E77: Transport Strategy 2020 (p.68) | F77: http://mt.gov.vn/Uploads/File/word_documents/2013/01%20Bao%20cao%20Tong%20hop%20CL%20GTVT%20VN%2010_01_2013%20_Phe%20duyet.doc
B79: Missing countries in the list indicate that the policy/target does not exist in that country or no data was found. If found, please send an email to asiantransportoutlook@gmail.com

Sheet POL-POL-001
A1: Indicator | B1: Transport Policy Overview
A2: Indicator ATO Code | B2: POL-POL-001
A3: Description | B3: Transport policies availability for each ATO economy. Marked green if identified and/or available.
A4: Scope | B4: National | I4: Region | J4: Subregion | K4: Income Group (World Bank) | L4: Annex I or Non-Annex I | M4: OECD Country | N4: G20 | O4: ADB Member | P4: Least Developed Countries | Q4: UNCRD Members | R4: SIDS | S4: LandLocked | T4: Pacific Islands Forum (PIF) | U4: Asia-Pacific Economic Cooperation (APEC) | V4: South Asian Association for Regional Cooperation (SAARC) | W4: Association of South East Asian Nations (ASEAN) | X4: Greater Mekong Subregion (GMS) | Y4: BIMP-EAGA | Z4: Central Asia Regional Economic Cooperation (CAREC) | AA4: Indonesia-Malaysia-Thailand Growth Triangle (IMT-GT) | AB4: South Asia Subregional Economic Cooperation (SASEC) | AC4: Shanghai Cooperation Organisation | AD4: Central and West Asia Department | AE4: South Asia Department | AF4: East Asia Department | AG4: Pacific Department | AH4: South East Asia Department
A5: Mode | B5: NA
A6: Sector | B6: NA
B8: |<< Table of Contents
A10: Code | B10: ADB members, plus Iran and Russia | C10: Transport Policy | D10: Road Policy | E10: Logistics Policy | F10: Automotive Policy | G10: Rail Policy
A11: AFG | B11: Afghanistan | C11: =COUNTIFS('POL-POL-002(1)'!$A$11:$A$67,$A11,'POL-POL-002(1)'!$C$11:$C$67,"<>NA") -> 1 | D11: =COUNTIF('POL-POL-003'!$A$11:$A$32,$A11) -> 1 | E11: =COUNTIF('POL-POL-004'!$A$11:$A$30,$A11) -> 0 | F11: =COUNTIF('POL-POL-005'!$A$11:$A$31,$A11) -> 0 | H11: =COUNTIF('POL-POL-002(2)'!B$12:B$46,'POL-POL-001'!B11) -> 1 | I11: Asia | J11: Southern Asia | K11: Low income | L11: Non-Annex I | M11: Non-OECD | N11: No | O11: Yes | P11: Yes | Q11: Yes | S11: Yes | V11: Yes | Z11: Yes | AD11: Yes
A12: ARM | B12: Armenia | C12: =COUNTIFS('POL-POL-002(1)'!$A$11:$A$67,$A12,'POL-POL-002(1)'!$C$11:$C$67,"<>NA") -> 0 | D12: =COUNTIF('POL-POL-003'!$A$11:$A$32,$A12) -> 0 | E12: =COUNTIF('POL-POL-004'!$A$11:$A$30,$A12) -> 0 | F12: =COUNTIF('POL-POL-005'!$A$11:$A$31,$A12) -> 0 | H12: =COUNTIF('POL-POL-002(2)'!B$12:B$46,'POL-POL-001'!B12) -> 0 | I12: Asia | J12: Western Asia | K12: Upper middle income | L12: Non-Annex I | M12: Non-OECD | N12: No | O12: Yes | P12: No | S12: Yes | AD12: Yes
A13: AUS | B13: Australia | C13: =COUNTIFS('POL-POL-002(1)'!$A$11:$A$67,$A13,'POL-POL-002(1)'!$C$11:$C$67,"<>NA") -> 1 | D13: =COUNTIF('POL-POL-003'!$A$11:$A$32,$A13) -> 1 | E13: =COUNTIF('POL-POL-004'!$A$11:$A$30,$A13) -> 1 | F13: =COUNTIF('POL-POL-005'!$A$11:$A$31,$A13) -> 1 | H13: =COUNTIF('POL-POL-002(2)'!B$12:B$46,'POL-POL-001'!B13) -> 1 | I13: Oceania | J13: Australia and New Zealand | K13: High income | L13: Annex I | M13: OECD | N13: Yes | O13: Yes | P13: No | T13: Yes | U13: Yes
A14: AZE | B14: Azerbaijan | C14: =COUNTIFS('POL-POL-002(1)'!$A$11:$A$67,$A14,'POL-POL-002(1)'!$C$11:$C$67,"<>NA") -> 1 | D14: =COUNTIF('POL-POL-003'!$A$11:$A$32,$A14) -> 0 | E14: =COUNTIF('POL-POL-004'!$A$11:$A$30,$A14) -> 1 | F14: =COUNTIF('POL-POL-005'!$A$11:$A$31,$A14) -> 0 | H14: =COUNTIF('POL-POL-002(2)'!B$12:B$46,'POL-POL-001'!B14) -> 1 | I14: Asia | J14: Western Asia | K14: Upper middle income | L14: Non-Annex I | M14: Non-OECD | N14: No | O14: Yes | P14: No | Q14: Yes | S14: Yes | Z14: Yes | AD14: Yes
A15: BGD | B15: Bangladesh | C15: =COUNTIFS('POL-POL-002(1)'!$A$11:$A$67,$A15,'POL-POL-002(1)'!$C$11:$C$67,"<>NA") -> 1 | D15: =COUNTIF('POL-POL-003'!$A$11:$A$32,$A15) -> 1 | E15: =COUNTIF('POL-POL-004'!$A$11:$A$30,$A15) -> 0 | F15: =COUNTIF('POL-POL-005'!$A$11:$A$31,$A15) -> 1 | H15: =COUNTIF('POL-POL-002(2)'!B$12:B$46,'POL-POL-001'!B15) -> 1 | I15: Asia | J15: Southern Asia | K15: Lower middle income | L15: Non-Annex I | M15: Non-OECD | N15: No | O15: Yes | P15: Yes | Q15: Yes | V15: Yes | AB15: Yes | AE15: Yes
A16: BTN | B16: Bhutan | C16: =COUNTIFS('POL-POL-002(1)'!$A$11:$A$67,$A16,'POL-POL-002(1)'!$C$11:$C$67,"<>NA") -> 1 | D16: =COUNTIF('POL-POL-003'!$A$11:$A$32,$A16) -> 1 | E16: =COUNTIF('POL-POL-004'!$A$11:$A$30,$A16) -> 0 | F16: =COUNTIF('POL-POL-005'!$A$11:$A$31,$A16) -> 0 | H16: =COUNTIF('POL-POL-002(2)'!B$12:B$46,'POL-POL-001'!B16) -> 1 | I16: Asia | J16: Southern Asia | K16: Lower middle income | L16: Non-Annex I | M16: Non-OECD | N16: No | O16: Yes | P16: Yes | Q16: Yes | S16: Yes | V16: Yes | AB16: Yes | AE16: Yes
A17: BRN | B17: Brunei Darussalam | C17: =COUNTIFS('POL-POL-002(1)'!$A$11:$A$67,$A17,'POL-POL-002(1)'!$C$11:$C$67,"<>NA") -> 1 | D17: =COUNTIF('POL-POL-003'!$A$11:$A$32,$A17) -> 0 | E17: =COUNTIF('POL-POL-004'!$A$11:$A$30,$A17) -> 0 | F17: =COUNTIF('POL-POL-005'!$A$11:$A$31,$A17) -> 0 | H17: =COUNTIF('POL-POL-002(2)'!B$12:B$46,'POL-POL-001'!B17) -> 1 | I17: Asia | J17: South-Eastern Asia | K17: High income | L17: Non-Annex I | M17: Non-OECD | N17: No | O17: Yes | P17: No | Q17: Yes | U17: Yes | W17: Yes | Y17: Yes | AH17: Yes
A18: KHM | B18: Cambodia | C18: =COUNTIFS('POL-POL-002(1)'!$A$11:$A$67,$A18,'POL-POL-002(1)'!$C$11:$C$67,"<>NA") -> 0 | D18: =COUNTIF('POL-POL-003'!$A$11:$A$32,$A18) -> 0 | E18: =COUNTIF('POL-POL-004'!$A$11:$A$30,$A18) -> 1 | F18: =COUNTIF('POL-POL-005'!$A$11:$A$31,$A18) -> 0 | H18: =COUNTIF('POL-POL-002(2)'!B$12:B$46,'POL-POL-001'!B18) -> 0 | I18: Asia | J18: South-Eastern Asia | K18: Lower middle income | L18: Non-Annex I | M18: Non-OECD | N18: No | O18: Yes | P18: Yes | Q18: Yes | W18: Yes | AH18: Yes
A19: CHN | B19: People's Republic of China | C19: =COUNTIFS('POL-POL-002(1)'!$A$11:$A$67,$A19,'POL-POL-002(1)'!$C$11:$C$67,"<>NA") -> 1 | D19: =COUNTIF('POL-POL-003'!$A$11:$A$32,$A19) -> 1 | E19: =COUNTIF('POL-POL-004'!$A$11:$A$30,$A19) -> 1 | F19: =COUNTIF('POL-POL-005'!$A$11:$A$31,$A19) -> 1 | H19: =COUNTIF('POL-POL-002(2)'!B$12:B$46,'POL-POL-001'!B19) -> 1 | I19: Asia | J19: Eastern Asia | K19: Upper middle income | L19: Non-Annex I | M19: Non-OECD | N19: Yes | O19: Yes | P19: No | Q19: Yes | U19: Yes | X19: Yes | Z19: Yes | AC19: Yes | AF19: Yes
A20: COK | B20: Cook Islands | C20: =COUNTIFS('POL-POL-002(1)'!$A$11:$A$67,$A20,'POL-POL-002(1)'!$C$11:$C$67,"<>NA") -> 1 | D20: =COUNTIF('POL-POL-003'!$A$11:$A$32,$A20) -> 1 | E20: =COUNTIF('POL-POL-004'!$A$11:$A$30,$A20) -> 0 | F20: =COUNTIF('POL-POL-005'!$A$11:$A$31,$A20) -> 0 | H20: =COUNTIF('POL-POL-002(2)'!B$12:B$46,'POL-POL-001'!B20) -> 1 | I20: Oceania | J20: Polynesia | K20: Upper middle income | L20: Non-Annex I | M20: Non-OECD | N20: No | O20: Yes | P20: No | R20: Yes | T20: Yes | AG20: Yes
A21: FJI | B21: Fiji | C21: =COUNTIFS('POL-POL-002(1)'!$A$11:$A$67,$A21,'POL-POL-002(1)'!$C$11:$C$67,"<>NA") -> 1 | D21: =COUNTIF('POL-POL-003'!$A$11:$A$32,$A21) -> 0 | E21: =COUNTIF('POL-POL-004'!$A$11:$A$30,$A21) -> 0 | F21: =COUNTIF('POL-POL-005'!$A$11:$A$31,$A21) -> 0 | H21: =COUNTIF('POL-POL-002(2)'!B$12:B$46,'POL-POL-001'!B21) -> 1 | I21: Oceania | J21: Melanesia | K21: Upper middle income | L21: Non-Annex I | M21: Non-OECD | N21: No | O21: Yes | P21: No | Q21: Yes | R21: Yes | T21: Yes | AG21: Yes
A22: GEO | B22: Georgia | C22: =COUNTIFS('POL-POL-002(1)'!$A$11:$A$67,$A22,'POL-POL-002(1)'!$C$11:$C$67,"<>NA") -> 0 | D22: =COUNTIF('POL-POL-003'!$A$11:$A$32,$A22) -> 0 | E22: =COUNTIF('POL-POL-004'!$A$11:$A$30,$A22) -> 1 | F22: =COUNTIF('POL-POL-005'!$A$11:$A$31,$A22) -> 0 | H22: =COUNTIF('POL-POL-002(2)'!B$12:B$46,'POL-POL-001'!B22) -> 0 | I22: Asia | J22: Western Asia | K22: Upper middle income | L22: Non-Annex I | M22: Non-OECD | N22: No | O22: Yes | P22: No | Z22: Yes | AD22: Yes
A23: HKG | B23: Hong Kong, China | C23: =COUNTIFS('POL-POL-002(1)'!$A$11:$A$67,$A23,'POL-POL-002(1)'!$C$11:$C$67,"<>NA") -> 0 | D23: =COUNTIF('POL-POL-003'!$A$11:$A$32,$A23) -> 0 | E23: =COUNTIF('POL-POL-004'!$A$11:$A$30,$A23) -> 0 | F23: =COUNTIF('POL-POL-005'!$A$11:$A$31,$A23) -> 0 | H23: =COUNTIF('POL-POL-002(2)'!B$12:B$46,'POL-POL-001'!B23) -> 0 | I23: Asia | J23: Eastern Asia | K23: High income | L23: - | M23: Non-OECD | N23: No | O23: Yes | U23: Yes | AF23: Yes
A24: IND | B24: India | D24: =COUNTIF('POL-POL-003'!$A$11:$A$32,$A24) -> 1 | E24: =COUNTIF('POL-POL-004'!$A$11:$A$30,$A24) -> 1 | F24: =COUNTIF('POL-POL-005'!$A$11:$A$31,$A24) -> 1 | H24: =COUNTIF('POL-POL-002(2)'!B$12:B$46,'POL-POL-001'!B24) -> 0 | I24: Asia | J24: Southern Asia | K24: Lower middle income | L24: Non-Annex I | M24: Non-OECD | N24: Yes | O24: Yes | P24: No | Q24: Yes | V24: Yes | AB24: Yes | AC24: Yes | AE24: Yes
A25: IDN | B25: Indonesia | C25: =COUNTIFS('POL-POL-002(1)'!$A$11:$A$67,$A25,'POL-POL-002(1)'!$C$11:$C$67,"<>NA") -> 1 | D25: =COUNTIF('POL-POL-003'!$A$11:$A$32,$A25) -> 0 | E25: =COUNTIF('POL-POL-004'!$A$11:$A$30,$A25) -> 1 | F25: =COUNTIF('POL-POL-005'!$A$11:$A$31,$A25) -> 1 | H25: =COUNTIF('POL-POL-002(2)'!B$12:B$46,'POL-POL-001'!B25) -> 1 | I25: Asia | J25: South-Eastern Asia | K25: Lower middle income | L25: Non-Annex I | M25: Non-OECD | N25: Yes | O25: Yes | P25: No | Q25: Yes | U25: Yes | W25: Yes | Y25: Yes | AA25: Yes | AH25: Yes
A26: IRN | B26: Iran (Islamic Republic of) | C26: =COUNTIFS('POL-POL-002(1)'!$A$11:$A$67,$A26,'POL-POL-002(1)'!$C$11:$C$67,"<>NA") -> 0 | D26: =COUNTIF('POL-POL-003'!$A$11:$A$32,$A26) -> 0 | E26: =COUNTIF('POL-POL-004'!$A$11:$A$30,$A26) -> 0 | F26: =COUNTIF('POL-POL-005'!$A$11:$A$31,$A26) -> 0 | H26: =COUNTIF('POL-POL-002(2)'!B$12:B$46,'POL-POL-001'!B26) -> 0 | I26: Asia | J26: Southern Asia | K26: Upper middle income | L26: Non-Annex I | M26: Non-OECD | N26: No | O26: No | P26: No | Q26: Yes
A27: JPN | B27: Japan | C27: =COUNTIFS('POL-POL-002(1)'!$A$11:$A$67,$A27,'POL-POL-002(1)'!$C$11:$C$67,"<>NA") -> 1 | D27: =COUNTIF('POL-POL-003'!$A$11:$A$32,$A27) -> 0 | E27: =COUNTIF('POL-POL-004'!$A$11:$A$30,$A27) -> 1 | F27: =COUNTIF('POL-POL-005'!$A$11:$A$31,$A27) -> 1 | H27: =COUNTIF('POL-POL-002(2)'!B$12:B$46,'POL-POL-001'!B27) -> 1 | I27: Asia | J27: Eastern Asia | K27: High income | L27: Annex I | M27: OECD | N27: Yes | O27: Yes | P27: No | Q27: Yes | U27: Yes
A28: KAZ | B28: Kazakhstan | C28: =COUNTIFS('POL-POL-002(1)'!$A$11:$A$67,$A28,'POL-POL-002(1)'!$C$11:$C$67,"<>NA") -> 0 | D28: =COUNTIF('POL-POL-003'!$A$11:$A$32,$A28) -> 0 | E28: =COUNTIF('POL-POL-004'!$A$11:$A$30,$A28) -> 1 | F28: =COUNTIF('POL-POL-005'!$A$11:$A$31,$A28) -> 0 | H28: =COUNTIF('POL-POL-002(2)'!B$12:B$46,'POL-POL-001'!B28) -> 0 | I28: Asia | J28: Central Asia | K28: Upper middle income | L28: Non-Annex I | M28: Non-OECD | N28: No | O28: Yes | P28: No | S28: Yes | Z28: Yes | AC28: Yes | AD28: Yes
A29: KIR | B29: Kiribati | C29: =COUNTIFS('POL-POL-002(1)'!$A$11:$A$67,$A29,'POL-POL-002(1)'!$C$11:$C$67,"<>NA") -> 1 | D29: =COUNTIF('POL-POL-003'!$A$11:$A$32,$A29) -> 0 | E29: =COUNTIF('POL-POL-004'!$A$11:$A$30,$A29) -> 0 | F29: =COUNTIF('POL-POL-005'!$A$11:$A$31,$A29) -> 0 | H29: =COUNTIF('POL-POL-002(2)'!B$12:B$46,'POL-POL-001'!B29) -> 1 | I29: Oceania | J29: Micronesia | K29: Lower middle income | L29: Non-Annex I | M29: Non-OECD | N29: No | O29: Yes | P29: Yes | R29: Yes | T29: Yes | AG29: Yes
A30: KGZ | B30: Kyrgyz Republic | C30: =COUNTIFS('POL-POL-002(1)'!$A$11:$A$67,$A30,'POL-POL-002(1)'!$C$11:$C$67,"<>NA") -> 0 | D30: =COUNTIF('POL-POL-003'!$A$11:$A$32,$A30) -> 0 | E30: =COUNTIF('POL-POL-004'!$A$11:$A$30,$A30) -> 1 | F30: =COUNTIF('POL-POL-005'!$A$11:$A$31,$A30) -> 0 | H30: =COUNTIF('POL-POL-002(2)'!B$12:B$46,'POL-POL-001'!B30) -> 0 | I30: Asia | J30: Central Asia | K30: Lower middle income | L30: Non-Annex I | M30: Non-OECD | N30: No | O30: Yes | P30: No | Q30: Yes | S30: Yes | Z30: Yes | AC30: Yes | AD30: Yes
A31: LAO | B31: Lao People’s Democratic Republic | C31: =COUNTIFS('POL-POL-002(1)'!$A$11:$A$67,$A31,'POL-POL-002(1)'!$C$11:$C$67,"<>NA") -> 0 | D31: =COUNTIF('POL-POL-003'!$A$11:$A$32,$A31) -> 0 | E31: =COUNTIF('POL-POL-004'!$A$11:$A$30,$A31) -> 0 | F31: =COUNTIF('POL-POL-005'!$A$11:$A$31,$A31) -> 0 | H31: =COUNTIF('POL-POL-002(2)'!B$12:B$46,'POL-POL-001'!B31) -> 0 | I31: Asia | J31: South-Eastern Asia | K31: Lower middle income | L31: Non-Annex I | M31: Non-OECD | N31: No | O31: Yes | P31: Yes | Q31: Yes | S31: Yes | W31: Yes | X31: Yes | AH31: Yes
A32: MYS | B32: Malaysia | C32: =COUNTIFS('POL-POL-002(1)'!$A$11:$A$67,$A32,'POL-POL-002(1)'!$C$11:$C$67,"<>NA") -> 1 | D32: =COUNTIF('POL-POL-003'!$A$11:$A$32,$A32) -> 0 | E32: =COUNTIF('POL-POL-004'!$A$11:$A$30,$A32) -> 1 | F32: =COUNTIF('POL-POL-005'!$A$11:$A$31,$A32) -> 1 | H32: =COUNTIF('POL-POL-002(2)'!B$12:B$46,'POL-POL-001'!B32) -> 1 | I32: Asia | J32: South-Eastern Asia | K32: Upper middle income | L32: Non-Annex I | M32: Non-OECD | N32: No | O32: Yes | P32: No | Q32: Yes | U32: Yes | W32: Yes | Y32: Yes | AA32: Yes | AH32: Yes
A33: MDV | B33: Maldives | C33: =COUNTIFS('POL-POL-002(1)'!$A$11:$A$67,$A33,'POL-POL-002(1)'!$C$11:$C$67,"<>NA") -> 0 | D33: =COUNTIF('POL-POL-003'!$A$11:$A$32,$A33) -> 0 | E33: =COUNTIF('POL-POL-004'!$A$11:$A$30,$A33) -> 0 | F33: =COUNTIF('POL-POL-005'!$A$11:$A$31,$A33) -> 0 | H33: =COUNTIF('POL-POL-002(2)'!B$12:B$46,'POL-POL-001'!B33) -> 0 | I33: Asia | J33: Southern Asia | K33: Upper middle income | L33: Non-Annex I | M33: Non-OECD | N33: No | O33: Yes | P33: No | Q33: Yes | R33: Yes | V33: Yes | AB33: Yes | AE33: Yes
A34: MHL | B34: Marshall Islands | C34: =COUNTIFS('POL-POL-002(1)'!$A$11:$A$67,$A34,'POL-POL-002(1)'!$C$11:$C$67,"<>NA") -> 0 | D34: =COUNTIF('POL-POL-003'!$A$11:$A$32,$A34) -> 0 | E34: =COUNTIF('POL-POL-004'!$A$11:$A$30,$A34) -> 0 | F34: =COUNTIF('POL-POL-005'!$A$11:$A$31,$A34) -> 0 | H34: =COUNTIF('POL-POL-002(2)'!B$12:B$46,'POL-POL-001'!B34) -> 0 | I34: Oceania | J34: Micronesia | K34: Upper middle income | L34: Non-Annex I | M34: Non-OECD | N34: No | O34: Yes | P34: No | R34: Yes | T34: Yes | AG34: Yes
A35: FSM | B35: Micronesia (Federal States of) | C35: =COUNTIFS('POL-POL-002(1)'!$A$11:$A$67,$A35,'POL-POL-002(1)'!$C$11:$C$67,"<>NA") -> 1 | D35: =COUNTIF('POL-POL-003'!$A$11:$A$32,$A35) -> 0 | E35: =COUNTIF('POL-POL-004'!$A$11:$A$30,$A35) -> 0 | F35: =COUNTIF('POL-POL-005'!$A$11:$A$31,$A35) -> 0 | H35: =COUNTIF('POL-POL-002(2)'!B$12:B$46,'POL-POL-001'!B35) -> 1 | I35: Oceania | J35: Micronesia | K35: Lower middle income | L35: Non-Annex I | M35: Non-OECD | N35: No | O35: Yes | P35: No | R35: Yes | T35: Yes | AG35: Yes
A36: MNG | B36: Mongolia | C36: =COUNTIFS('POL-POL-002(1)'!$A$11:$A$67,$A36,'POL-POL-002(1)'!$C$11:$C$67,"<>NA") -> 0 | D36: =COUNTIF('POL-POL-003'!$A$11:$A$32,$A36) -> 0 | E36: =COUNTIF('POL-POL-004'!$A$11:$A$30,$A36) -> 0 | F36: =COUNTIF('POL-POL-005'!$A$11:$A$31,$A36) -> 0 | H36: =COUNTIF('POL-POL-002(2)'!B$12:B$46,'POL-POL-001'!B36) -> 0 | I36: Asia | J36: Eastern Asia | K36: Lower middle income | L36: Non-Annex I | M36: Non-OECD | N36: No | O36: Yes | P36: No | Q36: Yes | S36: Yes | Z36: Yes | AF36: Yes
A37: MMR | B37: Myanmar | C37: =COUNTIFS('POL-POL-002(1)'!$A$11:$A$67,$A37,'POL-POL-002(1)'!$C$11:$C$67,"<>NA") -> 1 | D37: =COUNTIF('POL-POL-003'!$A$11:$A$32,$A37) -> 1 | E37: =COUNTIF('POL-POL-004'!$A$11:$A$30,$A37) -> 1 | F37: =COUNTIF('POL-POL-005'!$A$11:$A$31,$A37) -> 0 | H37: =COUNTIF('POL-POL-002(2)'!B$12:B$46,'POL-POL-001'!B37) -> 1 | I37: Asia | J37: South-Eastern Asia | K37: Lower middle income | L37: Non-Annex I | M37: Non-OECD | N37: No | O37: Yes | P37: Yes | Q37: Yes | W37: Yes | X37: Yes | AB37: Yes | AH37: Yes
A38: NRU | B38: Nauru | C38: =COUNTIFS('POL-POL-002(1)'!$A$11:$A$67,$A38,'POL-POL-002(1)'!$C$11:$C$67,"<>NA") -> 0 | D38: =COUNTIF('POL-POL-003'!$A$11:$A$32,$A38) -> 1 | E38: =COUNTIF('POL-POL-004'!$A$11:$A$30,$A38) -> 0 | F38: =COUNTIF('POL-POL-005'!$A$11:$A$31,$A38) -> 0 | H38: =COUNTIF('POL-POL-002(2)'!B$12:B$46,'POL-POL-001'!B38) -> 0 | I38: Oceania | J38: Micronesia | K38: Upper middle income | L38: Non-Annex I | M38: Non-OECD | N38: No | O38: Yes | P38: No | R38: Yes | T38: Yes | AG38: Yes
A39: NPL | B39: Nepal | C39: =COUNTIFS('POL-POL-002(1)'!$A$11:$A$67,$A39,'POL-POL-002(1)'!$C$11:$C$67,"<>NA") -> 1 | D39: =COUNTIF('POL-POL-003'!$A$11:$A$32,$A39) -> 0 | E39: =COUNTIF('POL-POL-004'!$A$11:$A$30,$A39) -> 0 | F39: =COUNTIF('POL-POL-005'!$A$11:$A$31,$A39) -> 0 | H39: =COUNTIF('POL-POL-002(2)'!B$12:B$46,'POL-POL-001'!B39) -> 1 | I39: Asia | J39: Southern Asia | K39: Low income | L39: Non-Annex I | M39: Non-OECD | N39: No | O39: Yes | P39: Yes | Q39: Yes | S39: Yes | V39: Yes | AB39: Yes | AE39: Yes
A40: NZL | B40: New Zealand | C40: =COUNTIFS('POL-POL-002(1)'!$A$11:$A$67,$A40,'POL-POL-002(1)'!$C$11:$C$67,"<>NA") -> 1 | D40: =COUNTIF('POL-POL-003'!$A$11:$A$32,$A40) -> 1 | E40: =COUNTIF('POL-POL-004'!$A$11:$A$30,$A40) -> 0 | F40: =COUNTIF('POL-POL-005'!$A$11:$A$31,$A40) -> 1 | H40: =COUNTIF('POL-POL-002(2)'!B$12:B$46,'POL-POL-001'!B40) -> 1 | I40: Oceania | J40: Australia and New Zealand | K40: High income | L40: Annex I | M40: OECD | N40: No | O40: Yes | P40: No | T40: Yes | U40: Yes
A41: NIU | B41: Niue | C41: =COUNTIFS('POL-POL-002(1)'!$A$11:$A$67,$A41,'POL-POL-002(1)'!$C$11:$C$67,"<>NA") -> 1 | D41: =COUNTIF('POL-POL-003'!$A$11:$A$32,$A41) -> 1 | E41: =COUNTIF('POL-POL-004'!$A$11:$A$30,$A41) -> 0 | F41: =COUNTIF('POL-POL-005'!$A$11:$A$31,$A41) -> 0 | H41: =COUNTIF('POL-POL-002(2)'!B$12:B$46,'POL-POL-001'!B41) -> 1 | I41: Oceania | J41: Micronesia | K41: Upper middle income | L41: Non-Annex I | M41: Non-OECD | N41: No | O41: Yes | R41: Yes | T41: Yes | AG41: Yes
A42: PAK | B42: Pakistan | C42: =COUNTIFS('POL-POL-002(1)'!$A$11:$A$67,$A42,'POL-POL-002(1)'!$C$11:$C$67,"<>NA") -> 1 | D42: =COUNTIF('POL-POL-003'!$A$11:$A$32,$A42) -> 0 | E42: =COUNTIF('POL-POL-004'!$A$11:$A$30,$A42) -> 1 | F42: =COUNTIF('POL-POL-005'!$A$11:$A$31,$A42) -> 1 | H42: =COUNTIF('POL-POL-002(2)'!B$12:B$46,'POL-POL-001'!B42) -> 1 | I42: Asia | J42: Southern Asia | K42: Lower middle income | L42: Non-Annex I | M42: Non-OECD | N42: No | O42: Yes | P42: No | Q42: Yes | V42: Yes | Z42: Yes | AC42: Yes | AD42: Yes
A43: PLW | B43: Palau | C43: =COUNTIFS('POL-POL-002(1)'!$A$11:$A$67,$A43,'POL-POL-002(1)'!$C$11:$C$67,"<>NA") -> 0 | D43: =COUNTIF('POL-POL-003'!$A$11:$A$32,$A43) -> 0 | E43: =COUNTIF('POL-POL-004'!$A$11:$A$30,$A43) -> 0 | F43: =COUNTIF('POL-POL-005'!$A$11:$A$31,$A43) -> 0 | H43: =COUNTIF('POL-POL-002(2)'!B$12:B$46,'POL-POL-001'!B43) -> 0 | I43: Oceania | J43: Micronesia | K43: High income | L43: Non-Annex I | M43: Non-OECD | N43: No | O43: Yes | P43: No | R43: Yes | T43: Yes | AG43: Yes
A44: PNG | B44: Papua New Guinea | C44: =COUNTIFS('POL-POL-002(1)'!$A$11:$A$67,$A44,'POL-POL-002(1)'!$C$11:$C$67,"<>NA") -> 1 | D44: =COUNTIF('POL-POL-003'!$A$11:$A$32,$A44) -> 1 | E44: =COUNTIF('POL-POL-004'!$A$11:$A$30,$A44) -> 0 | F44: =COUNTIF('POL-POL-005'!$A$11:$A$31,$A44) -> 0 | H44: =COUNTIF('POL-POL-002(2)'!B$12:B$46,'POL-POL-001'!B44) -> 1 | I44: Oceania | J44: Melanesia | K44: Lower middle income | L44: Non-Annex I | M44: Non-OECD | N44: No | O44: Yes | P44: No | R44: Yes | T44: Yes | U44: Yes | AG44: Yes
A45: PHL | B45: Philippines | C45: =COUNTIFS('POL-POL-002(1)'!$A$11:$A$67,$A45,'POL-POL-002(1)'!$C$11:$C$67,"<>NA") -> 1 | D45: =COUNTIF('POL-POL-003'!$A$11:$A$32,$A45) -> 0 | E45: =COUNTIF('POL-POL-004'!$A$11:$A$30,$A45) -> 1 | F45: =COUNTIF('POL-POL-005'!$A$11:$A$31,$A45) -> 0 | H45: =COUNTIF('POL-POL-002(2)'!B$12:B$46,'POL-POL-001'!B45) -> 1 | I45: Asia | J45: South-Eastern Asia | K45: Lower middle income | L45: Non-Annex I | M45: Non-OECD | N45: No | O45: Yes | P45: No | Q45: Yes | U45: Yes | W45: Yes | Y45: Yes | AH45: Yes
A46: KOR | B46: Republic of Korea | C46: =COUNTIFS('POL-POL-002(1)'!$A$11:$A$67,$A46,'POL-POL-002(1)'!$C$11:$C$67,"<>NA") -> 0 | D46: =COUNTIF('POL-POL-003'!$A$11:$A$32,$A46) -> 0 | E46: =COUNTIF('POL-POL-004'!$A$11:$A$30,$A46) -> 1 | F46: =COUNTIF('POL-POL-005'!$A$11:$A$31,$A46) -> 1 | H46: =COUNTIF('POL-POL-002(2)'!B$12:B$46,'POL-POL-001'!B46) -> 0 | I46: Asia | J46: Eastern Asia | K46: High income | L46: Non-Annex I | M46: OECD | N46: Yes | O46: Yes | P46: No | Q46: Yes | U46: Yes | AF46: Yes
A47: RUS | B47: Russian Federation | C47: =COUNTIFS('POL-POL-002(1)'!$A$11:$A$67,$A47,'POL-POL-002(1)'!$C$11:$C$67,"<>NA") -> 1 | D47: =COUNTIF('POL-POL-003'!$A$11:$A$32,$A47) -> 0 | E47: =COUNTIF('POL-POL-004'!$A$11:$A$30,$A47) -> 0 | F47: =COUNTIF('POL-POL-005'!$A$11:$A$31,$A47) -> 1 | H47: =COUNTIF('POL-POL-002(2)'!B$12:B$46,'POL-POL-001'!B47) -> 1 | I47: Europe | J47: Eastern Europe | K47: Upper middle income | L47: Annex I | M47: Non-OECD | N47: Yes | O47: No | P47: No | Q47: Yes | U47: Yes | AC47: Yes
A48: WSM | B48: Samoa | C48: =COUNTIFS('POL-POL-002(1)'!$A$11:$A$67,$A48,'POL-POL-002(1)'!$C$11:$C$67,"<>NA") -> 1 | D48: =COUNTIF('POL-POL-003'!$A$11:$A$32,$A48) -> 1 | E48: =COUNTIF('POL-POL-004'!$A$11:$A$30,$A48) -> 0 | F48: =COUNTIF('POL-POL-005'!$A$11:$A$31,$A48) -> 0 | H48: =COUNTIF('POL-POL-002(2)'!B$12:B$46,'POL-POL-001'!B48) -> 1 | I48: Oceania | J48: Polynesia | K48: Upper middle income | L48: Non-Annex I | M48: Non-OECD | N48: No | O48: Yes | P48: No | Q48: Yes | R48: Yes | T48: Yes | AG48: Yes
A49: SGP | B49: Singapore | C49: =COUNTIFS('POL-POL-002(1)'!$A$11:$A$67,$A49,'POL-POL-002(1)'!$C$11:$C$67,"<>NA") -> 1 | D49: =COUNTIF('POL-POL-003'!$A$11:$A$32,$A49) -> 0 | E49: =COUNTIF('POL-POL-004'!$A$11:$A$30,$A49) -> 0 | F49: =COUNTIF('POL-POL-005'!$A$11:$A$31,$A49) -> 0 | H49: =COUNTIF('POL-POL-002(2)'!B$12:B$46,'POL-POL-001'!B49) -> 1 | I49: Asia | J49: South-Eastern Asia | K49: High income | L49: Non-Annex I | M49: Non-OECD | N49: No | O49: Yes | P49: No | Q49: Yes | R49: Yes | U49: Yes | W49: Yes | AH49: Yes
A50: SLB | B50: Solomon Islands | C50: =COUNTIFS('POL-POL-002(1)'!$A$11:$A$67,$A50,'POL-POL-002(1)'!$C$11:$C$67,"<>NA") -> 1 | D50: =COUNTIF('POL-POL-003'!$A$11:$A$32,$A50) -> 1 | E50: =COUNTIF('POL-POL-004'!$A$11:$A$30,$A50) -> 0 | F50: =COUNTIF('POL-POL-005'!$A$11:$A$31,$A50) -> 0 | H50: =COUNTIF('POL-POL-002(2)'!B$12:B$46,'POL-POL-001'!B50) -> 1 | I50: Oceania | J50: Melanesia | K50: Lower middle income | L50: Non-Annex I | M50: Non-OECD | N50: No | O50: Yes | P50: No | R50: Yes | T50: Yes | AG50: Yes
A51: LKA | B51: Sri Lanka | C51: =COUNTIFS('POL-POL-002(1)'!$A$11:$A$67,$A51,'POL-POL-002(1)'!$C$11:$C$67,"<>NA") -> 1 | D51: =COUNTIF('POL-POL-003'!$A$11:$A$32,$A51) -> 1 | E51: =COUNTIF('POL-POL-004'!$A$11:$A$30,$A51) -> 1 | F51: =COUNTIF('POL-POL-005'!$A$11:$A$31,$A51) -> 0 | H51: =COUNTIF('POL-POL-002(2)'!B$12:B$46,'POL-POL-001'!B51) -> 1 | I51: Asia | J51: Southern Asia | K51: Upper middle income | L51: Non-Annex I | M51: Non-OECD | N51: No | O51: Yes | P51: No | Q51: Yes | V51: Yes | AB51: Yes | AE51: Yes
A52: TWN | B52: Taipei,China | C52: =COUNTIFS('POL-POL-002(1)'!$A$11:$A$67,$A52,'POL-POL-002(1)'!$C$11:$C$67,"<>NA") -> 0 | D52: =COUNTIF('POL-POL-003'!$A$11:$A$32,$A52) -> 0 | E52: =COUNTIF('POL-POL-004'!$A$11:$A$30,$A52) -> 0 | F52: =COUNTIF('POL-POL-005'!$A$11:$A$31,$A52) -> 0 | H52: =COUNTIF('POL-POL-002(2)'!B$12:B$46,'POL-POL-001'!B52) -> 0 | I52: Asia | J52: Eastern Asia | K52: High income | L52: - | M52: Non-OECD | N52: No | O52: Yes | U52: Yes | AF52: Yes
A53: TJK | B53: Tajikistan | C53: =COUNTIFS('POL-POL-002(1)'!$A$11:$A$67,$A53,'POL-POL-002(1)'!$C$11:$C$67,"<>NA") -> 1 | D53: =COUNTIF('POL-POL-003'!$A$11:$A$32,$A53) -> 0 | E53: =COUNTIF('POL-POL-004'!$A$11:$A$30,$A53) -> 0 | F53: =COUNTIF('POL-POL-005'!$A$11:$A$31,$A53) -> 0 | H53: =COUNTIF('POL-POL-002(2)'!B$12:B$46,'POL-POL-001'!B53) -> 1 | I53: Asia | J53: Central Asia | K53: Low income | L53: Non-Annex I | M53: Non-OECD | N53: No | O53: Yes | P53: No | Q53: Yes | S53: Yes | Z53: Yes | AC53: Yes | AD53: Yes
A54: THA | B54: Thailand | C54: =COUNTIFS('POL-POL-002(1)'!$A$11:$A$67,$A54,'POL-POL-002(1)'!$C$11:$C$67,"<>NA") -> 1 | D54: =COUNTIF('POL-POL-003'!$A$11:$A$32,$A54) -> 1 | E54: =COUNTIF('POL-POL-004'!$A$11:$A$30,$A54) -> 0 | F54: =COUNTIF('POL-POL-005'!$A$11:$A$31,$A54) -> 1 | H54: =COUNTIF('POL-POL-002(2)'!B$12:B$46,'POL-POL-001'!B54) -> 1 | I54: Asia | J54: South-Eastern Asia | K54: Upper middle income | L54: Non-Annex I | M54: Non-OECD | N54: No | O54: Yes | P54: No | Q54: Yes | U54: Yes | W54: Yes | X54: Yes | AA54: Yes | AH54: Yes
A55: TLS | B55: Timor-Leste | C55: =COUNTIFS('POL-POL-002(1)'!$A$11:$A$67,$A55,'POL-POL-002(1)'!$C$11:$C$67,"<>NA") -> 1 | D55: =COUNTIF('POL-POL-003'!$A$11:$A$32,$A55) -> 0 | E55: =COUNTIF('POL-POL-004'!$A$11:$A$30,$A55) -> 0 | F55: =COUNTIF('POL-POL-005'!$A$11:$A$31,$A55) -> 0 | H55: =COUNTIF('POL-POL-002(2)'!B$12:B$46,'POL-POL-001'!B55) -> 1 | I55: Asia | J55: South-Eastern Asia | K55: Lower middle income | L55: Non-Annex I | M55: Non-OECD | N55: No | O55: Yes | P55: Yes | Q55: Yes | AG55: Yes | AH55: Yes
A56: TON | B56: Tonga | C56: =COUNTIFS('POL-POL-002(1)'!$A$11:$A$67,$A56,'POL-POL-002(1)'!$C$11:$C$67,"<>NA") -> 0 | D56: =COUNTIF('POL-POL-003'!$A$11:$A$32,$A56) -> 1 | E56: =COUNTIF('POL-POL-004'!$A$11:$A$30,$A56) -> 0 | F56: =COUNTIF('POL-POL-005'!$A$11:$A$31,$A56) -> 0 | H56: =COUNTIF('POL-POL-002(2)'!B$12:B$46,'POL-POL-001'!B56) -> 0 | I56: Oceania | J56: Polynesia | K56: Upper middle income | L56: Non-Annex I | M56: Non-OECD | N56: No | O56: Yes | P56: No | R56: Yes | T56: Yes | AG56: Yes
A57: TKM | B57: Turkmenistan | C57: =COUNTIFS('POL-POL-002(1)'!$A$11:$A$67,$A57,'POL-POL-002(1)'!$C$11:$C$67,"<>NA") -> 0 | D57: =COUNTIF('POL-POL-003'!$A$11:$A$32,$A57) -> 0 | E57: =COUNTIF('POL-POL-004'!$A$11:$A$30,$A57) -> 0 | F57: =COUNTIF('POL-POL-005'!$A$11:$A$31,$A57) -> 0 | H57: =COUNTIF('POL-POL-002(2)'!B$12:B$46,'POL-POL-001'!B57) -> 0 | I57: Asia | J57: Central Asia | K57: Upper middle income | L57: Non-Annex I | M57: Non-OECD | N57: No | O57: Yes | P57: No | Q57: Yes | S57: Yes | Z57: Yes | AD57: Yes
A58: TUV | B58: Tuvalu | C58: =COUNTIFS('POL-POL-002(1)'!$A$11:$A$67,$A58,'POL-POL-002(1)'!$C$11:$C$67,"<>NA") -> 0 | D58: =COUNTIF('POL-POL-003'!$A$11:$A$32,$A58) -> 1 | E58: =COUNTIF('POL-POL-004'!$A$11:$A$30,$A58) -> 0 | F58: =COUNTIF('POL-POL-005'!$A$11:$A$31,$A58) -> 0 | H58: =COUNTIF('POL-POL-002(2)'!B$12:B$46,'POL-POL-001'!B58) -> 0 | I58: Oceania | J58: Polynesia | K58: Upper middle income | L58: Non-Annex I | M58: Non-OECD | N58: No | O58: Yes | P58: Yes | R58: Yes | T58: Yes | AG58: Yes
A59: UZB | B59: Uzbekistan | C59: =COUNTIFS('POL-POL-002(1)'!$A$11:$A$67,$A59,'POL-POL-002(1)'!$C$11:$C$67,"<>NA") -> 0 | D59: =COUNTIF('POL-POL-003'!$A$11:$A$32,$A59) -> 0 | E59: =COUNTIF('POL-POL-004'!$A$11:$A$30,$A59) -> 0 | F59: =COUNTIF('POL-POL-005'!$A$11:$A$31,$A59) -> 0 | H59: =COUNTIF('POL-POL-002(2)'!B$12:B$46,'POL-POL-001'!B59) -> 0 | I59: Asia | J59: Central Asia | K59: Lower middle income | L59: Non-Annex I | M59: Non-OECD | N59: No | O59: Yes | P59: No | Q59: Yes | S59: Yes | Z59: Yes | AC59: Yes | AD59: Yes
A60: VUT | B60: Vanuatu | C60: =COUNTIFS('POL-POL-002(1)'!$A$11:$A$67,$A60,'POL-POL-002(1)'!$C$11:$C$67,"<>NA") -> 1 | D60: =COUNTIF('POL-POL-003'!$A$11:$A$32,$A60) -> 1 | E60: =COUNTIF('POL-POL-004'!$A$11:$A$30,$A60) -> 0 | F60: =COUNTIF('POL-POL-005'!$A$11:$A$31,$A60) -> 0 | H60: =COUNTIF('POL-POL-002(2)'!B$12:B$46,'POL-POL-001'!B60) -> 0 | I60: Oceania | J60: Melanesia | K60: Lower middle income | L60: Non-Annex I | M60: Non-OECD | N60: No | O60: Yes | P60: Yes | R60: Yes | T60: Yes | AG60: Yes
A61: VNM | B61: Viet Nam | C61: =COUNTIFS('POL-POL-002(1)'!$A$11:$A$67,$A61,'POL-POL-002(1)'!$C$11:$C$67,"<>NA") -> 1 | D61: =COUNTIF('POL-POL-003'!$A$11:$A$32,$A61) -> 1 | E61: =COUNTIF('POL-POL-004'!$A$11:$A$30,$A61) -> 1 | F61: =COUNTIF('POL-POL-005'!$A$11:$A$31,$A61) -> 1 | H61: =COUNTIF('POL-POL-002(2)'!B$12:B$46,'POL-POL-001'!B61) -> 1 | I61: Asia | J61: South-Eastern Asia | K61: Lower middle income | L61: Non-Annex I | M61: Non-OECD | N61: No | O61: Yes | P61: No | Q61: Yes | U61: Yes | W61: Yes | X61: Yes | AH61: Yes
C62: =SUM(C11:C61) -> 31 | D62: =SUM(D11:D61) -> 20 | E62: =SUM(E11:E61) -> 17 | F62: =SUM(F11:F61) -> 13 | G62: =SUM(G11:G61) -> 0
C63: =C62/51 -> 0.60784314 | D63: =D62/51 -> 0.39215686 | E63: =E62/51 -> 0.33333333 | F63: =F62/51 -> 0.25490196 | G63: =G62/51 -> 0

Sheet POL-POL-002(1)
A1: Indicator | B1: Transport Policy Documents
A2: Indicator ATO Code | B2: POL-POL-002(1)
A3: Description | B3: National transport policies for each country. In terms of date of adoption 2016 used was a divider in order to be able to determine whether it can be expected that the policy documents make reference to the 2030 Agenda on Sustainable Development (SDGs) and the Paris Agreement which were both adopted in 2015.
A4: Scope | B4: National
A5: Mode | B5: NA
A6: Sector | B6: NA
B8: |<< Table of Contents
E9: Published | G9: Time Horizon
A10: Code | B10: ADB members, plus Iran and Russia | C10: Policy | D10: URL | E10: Before 2016 | F10: After 2016 | G10: By 2020- 2029 | H10: By 2030- 2039 | I10: By 2040/ beyond | J10: NA
A11: AFG | B11: Afghanistan | C11: Afghanistan Transport Sector Master Plan Update | D11: https://www.adb.org/sites/default/files/institutional-document/327561/afg-transport-plan-2017-2036.pdf | F11: 2017 | H11: 2036
A12: ARM | B12: Armenia | C12: NA
A13: AUS | B13: Australia | C13: National Guidelines for Transport System Management in Australia | D13: https://www.atap.gov.au/sites/default/files/National_Guidelines_Volume_1.pdf | E13: 2006
A14: AZE | B14: Azerbaijan | C14: Transport Sector Development Strategy | D14: https://www.adb.org/sites/default/files/project-document/67162/39030-aze-tacr.pdf | E14: 2006 | G14: 2020
A15: BGD | B15: Bangladesh | C15: National Land Transport Policy | D15: http://brta.portal.gov.bd/sites/default/files/files/brta.portal.gov.bd/legislative_information/6f128a39_e0cf_4f2e_bdf1_b384d07ae9ac/National-Land-Transport-Policy.pdf | E15: 2004 | J15: NA
A16: BTN | B16: Bhutan | C16: National Transport Policy | D16: https://www.moic.gov.bt/wp-content/uploads/2017/08/Draft-Final-PPR.pdf | F16: 2017 | J16: NA
A17: BRN | B17: Brunei Darussalam | C17: Roadmap and Draft National Masterplan for a Sustainable Land Transportation System for Brunei Darussalam | D17: http://www.mtic.gov.bn/Resources/LAND%20TRANSPORT%20MASTER%20PLAN%20-%20Executive%20Summary.pdf | E17: 2014 | J17: NA
C18: Strategic Plan for Ministry of Transport and Infocommunications | D18: http://www.mtic.gov.bn/MTIC2025/documents/MTIC_2025-Strategic-Plan_FINAL.pdf | F18: 2020 | G18: 2025
A19: KHM | B19: Cambodia | C19: NA
A20: CHN | B20: People's Republic of China | C20: National Comprehensive Three-Dimensional Transportation Network Planning | D20: http://www.gov.cn/zhengce/2021-02/24/content_5588654.htm | F20: 2021 | H20: 2035
C21: Sustainable Development of Transport in China | D21: http://www.scio.gov.cn/zfbps/32832/Document/1695320/1695320.htm | F21: 2020 | H21: 2035
A22: COK | B22: Cook Islands | C22: Infrastructure Cook Islands Strategic Plan 2016-2021 | D22: http://ici.gov.ck/sites/default/files/downloads/ICI-0001_Strategic%20Plan_WEB.pdf | F22: 2017 | G22: 2021
A23: FJI | B23: Fiji | C23: Maritime and Land Transport Policy | D23: https://www.reinfofiji.com.fj/wp-content/uploads/2017/11/06-26-Maritime-and-Land-Transport-Policy.pdf | E23: 2015 | H23: 2030
A24: GEO | B24: Georgia | C24: NA
A25: HKG | B25: Hong Kong, China | C25: NA
A26: IND | B26: India | C26: NA
A27: IDN | B27: Indonesia | C27: Studies for National Transport Master Plan | D27: https://inaca.or.id/wp-content/uploads/2020/02/RPJMN-DAN-RENSTRA-UNTUK-PUSLITBANG-HUBUD-2020-2024.pdf | F27: 2020 | G27: 2024
A28: IRN | B28: Iran (Islamic Republic of) | C28: NA
A29: JPN | B29: Japan | C29: Basic Plan on Transport Policy | D29: https://www.mlit.go.jp/common/001096409.pdf | E29: 2014 | G29: 2020
A30: KAZ | B30: Kazakhstan | C30: NA
A31: KIR | B31: Kiribati | C31: Ministry Strategic Plan (MICTTD) | D31: https://www.micttd.gov.ki/sites/default/files/FINAL%20MICTTD%20MSP%202020-2023%20PRINT2.pdf | F31: 2019 | G31: 2023
A32: KGZ | B32: Kyrgyz Republic | C32: NA
A33: LAO | B33: Lao People’s Democratic Republic | C33: NA
C34: NA
A35: MYS | B35: Malaysia | C35: National Land Public Transport Master Plan | D35: https://www.apad.gov.my/sites/default/files/nlptmp_bi_version_8_nov_13.pdf | E35: 2013 | H35: 2030
C36: National Transport Policy | D36: https://www.pmo.gov.my/wp-content/uploads/2019/10/National-Transport-Policy-2019_2030EN.pdf | F36: 2019 | H36: 2030
A37: MDV | B37: Maldives | C37: NA
A38: MHL | B38: Marshall Islands | C38: NA
A39: FSM | B39: Micronesia (Federated States of) | C39: Infrastructure Development Plan 2016-2025 | D39: http://www.dofa.gov.fm/wp-content/uploads/2018/12/FSM-Infrastructure-Development-Plan-2016-2025.pdf | E39: 2015 | G39: 2025
A40: MNG | B40: Mongolia | C40: NA
A41: MMR | B41: Myanmar | C41: The Survey Program for the National Transport Development Plan | D41: https://openjicareport.jica.go.jp/pdf/12230710.pdf | E41: 2014 | J41: NA
A42: NRU | B42: Nauru | C42: NA
A43: NPL | B43: Nepal | C43: National Transport Policy | D43: https://dor.gov.np/home/circular/force/national-transport-policy-2058 | E43: 2002 | J43: NA
C44: National Sustainable Transport Strategy (NSTS) for Nepal (2015-2040) | D44: https://www.uncrd.or.jp/content/documents/3377Background%20Paper%20-EST%20Plenary%20Session%202%20(No.%201).pdf | E44: 2015 | I44: 2040
A45: NZL | B45: New Zealand | C45: Government Policy Statement on Land Transport | D45: https://www.transport.govt.nz/assets/Uploads/Paper/GPS2021.pdf | F45: 2020 | H45: 2031
A46: NIU | B46: Niue | C46: Niue Transport Strategy and Short-Term Action Plan | D46: https://www.theprif.org/sites/default/files/documents/Niue%20Report%20WEB.pdf | F46: 2017 | G46: 2026
A47: PAK | B47: Pakistan | C47: National Transport Policy of Pakistan | D47: https://www.pc.gov.pk/uploads/downloads/policy.pdf | F47: 2018 | J47: NA
A48: PLW | B48: Palau | C48: NA
A49: PNG | B49: Papua New Guinea | C49: National Transport Strategy Volume 1 Strategy | D49: http://www.transport.gov.pg/downloads/category/2-transport?download=4:national-transport-strategy-summary | E49: 2013 | H49: 2030
A50: PHL | B50: Philippines | C50: National Transport Policy and its Implementing Rules and Regulations | D50: https://www.neda.gov.ph/wp-content/uploads/2020/02/NTP-IRR-Final.pdf | F50: 2017 | J50: NA
A51: KOR | B51: Republic of Korea | C51: NA
A52: RUS | B52: Russian Federation | C52: Transport Strategy of the Russian Federation | D52: https://www.mintrans.gov.ru/documents/3/1009 | E52: 2008 | H52: 2030
A53: WSM | B53: Samoa | C53: Transport Sector Framework 2013-2018 | D53: https://www.mof.gov.ws/wp-content/uploads/2019/09/TSP-Volume-I-Final.pdf | E53: 2013 | G53: 2018
A54: SGP | B54: Singapore | C54: Land Transport Master Plan 2040 | D54: https://www.lta.gov.sg/content/dam/ltagov/who_we_are/our_work/land_transport_master_plan_2040/pdf/LTA%20LTMP%202040%20eReport.pdf | F54: 2020 | I54: 2040
A55: SLB | B55: Solomon Islands | C55: National Transport Plan 2017-2036 | D55: http://www.ntf.gov.sb/resources/documents-files/9-171107-ntp-final-complete/file | F55: 2016 | H55: 2036
A56: LKA | B56: Sri Lanka | C56: National transport Policy of Sri Lanka - Revision 2017 | D56: https://www.ntc.gov.lk/corporate/pdf/2018/Revised%20Transport%20Policy%20document_Dec%202017.pdf | F56: 2018 | J56: NA
A57: TWN | B57: Taipei,China | C57: NA
A58: TJK | B58: Tajikistan | C58: National Development Program for the Transportation Sector | D58: https://www.wto.org/english/thewto_e/acc_e/tjk_e/WTACCTJK23A1_LEG_10.pdf | E58: 2011 | G58: 2025
A59: THA | B59: Thailand | C59: Strategic Plan of the Ministry of Transport 2017-2021 | D59: https://www.mot.go.th/file_upload/2560/mot_strategy2560-2564.pdf | F59: 2017 | G59: 2021
C60: Thailand 20-Year Transportation System Development Plan | D60: https://www.dlt.go.th/minisite/m_upload/m_files/phichit/file_573e18e93a93711a89edc57e95d2fe3f.pdf | F60: 2018 | H60: 2037
A61: TLS | B61: Timor-Leste | C61: Transport Sector Master Plan | D61: http://www.laohamutuk.org/DVD/2018/TransSecMasterPlanMar2018.pdf | F61: 2018 | J61: NA
A62: TON | B62: Tonga | C62: NA
A63: TKM | B63: Turkmenistan | C63: NA
A64: TUV | B64: Tuvalu | C64: NA
A65: UZB | B65: Uzbekistan | C65: NA
A66: VUT | B66: Vanuatu | C66: National Transport Plan 2030 | D66: https://www.dfat.gov.au/sites/default/files/investment-design-document-r4d2-for-publication-v2.pdf | H66: 2030
A67: VNM | B67: Viet Nam | C67: Transport Strategy 2020 | D67: http://mt.gov.vn/Uploads/File/word_documents/2013/01%20Bao%20cao%20Tong%20hop%20CL%20GTVT%20VN%2010_01_2013%20_Phe%20duyet.doc | E67: 2014 | H67: 2030
E68: =COUNTA(E17:E67) -> 13 | F68: =COUNTA(F17:F67) -> 17 | G68: =COUNTA(G17:G67) -> 10 | H68: =COUNTA(H17:H67) -> 12 | I68: =COUNTA(I17:I67) -> 2 | J68: =COUNTA(J17:J67) -> 7
B69: Missing countries in the list indicate that the policy/target does not exist in that country or no data was found. If found, please send an email to asiantransportoutlook@gmail.com

Sheet POL-POL-002(2)
A1: Indicator | B1: Transport Policies
A2: Indicator ATO Code | B2: POL-POL-002(2)
A3: Description | B3: Subsectoral and thematic coverage of identified national transport policies. See footnote for legend.
A4: Scope | B4: National
A5: Mode | B5: NA
A6: Sector | B6: NA
B8: |<< Table of Contents
B9: Add missing country/s | D9: Qualitative | AA9: Quantitative | AX9: Investment | BU9: Institution | CR9: Summary Score | DF9: Overall Rating
A10: Code | B10: ADB members, plus Iran and Russia | C10: Policy | D10: Road | E10: Rail | F10: Inland Water | G10: Aviation | H10: ICT | I10: Active Transport (Infrastructure) | J10: Passenger Activity | K10: Freight Activity | L10: Public Transport | M10: Active Transport | N10: Urban Transport | O10: Inter/ Multimodal | P10: Rural Accessibility | Q10: Urban Accessibility | R10: Domestic/ Regional Connectivity | S10: Road Safety | T10: Air Pollution | U10: CC Mitigation | V10: CC Adaptation | W10: Disaster readiness | X10: Gender | Y10: Regulation/ Institution/ PPP | Z10: Transport Education | AA10: Road | AB10: Rail | AC10: Inland Water | AD10: Aviation | AE10: ICT | AF10: Active Transport (Infrastructure) | AG10: Passenger Activity | AH10: Freight Activity | AI10: Public Transport | AJ10: Active Transport | AK10: Urban Transport | AL10: Inter/ Multimodal | AM10: Rural Accessibility | AN10: Urban Accessibility | AO10: Domestic/ Regional Connectivity | AP10: Road Safety | AQ10: Air Pollution | AR10: CC Mitigation | AS10: CC Adaptation | AT10: Disaster readiness | AU10: Gender | AV10: Regulation/ Institution/ PPP | AW10: Transport Education | AX10: Road | AY10: Rail | AZ10: Inland Water | BA10: Aviation | BB10: ICT | BC10: Active Transport (Infrastructure) | BD10: Passenger Activity | BE10: Freight Activity | BF10: Public Transport | BG10: Active Transport | BH10: Urban Transport | BI10: Inter/ Multimodal | BJ10: Rural Accessibility | BK10: Urban Accessibility | BL10: Domestic/ Regional Connectivity | BM10: Road Safety | BN10: Air Pollution | BO10: CC Mitigation | BP10: CC Adaptation | BQ10: Disaster readiness | BR10: Gender | BS10: Regulation/ Institution/ PPP | BT10: Transport Education | BU10: Road | BV10: Rail | BW10: Inland Water | BX10: Aviation | BY10: ICT | BZ10: Active Transport (Infrastructure) | CA10: Passenger Activity | CB10: Freight Activity | CC10: Public Transport | CD10: Active Transport | CE10: Urban Transport | CF10: Inter/ Multimodal | CG10: Rural Accessibility | CH10: Urban Accessibility | CI10: Domestic/ Regional Connectivity | CJ10: Road Safety | CK10: Air Pollution | CL10: CC Mitigation | CM10: CC Adaptation | CN10: Disaster readiness | CO10: Gender | CP10: Regulation/ Institution/ PPP | CQ10: Transport Education | CR10: Infrastructure | CT10: Activity and Services | CV10: Accessibility | CX10: Road Safety | CZ10: Air Pollution and Climage Change | DB10: Gender | DD10: Others
D11: Infrastructure | J11: Activity and Services | P11: Accessibility | S11: Externalities | X11: Others | AA11: Infrastructure | AG11: Activity and Services | AM11: Accessibility | AP11: Externalities | AU11: Others | AX11: Infrastructure | BD11: Activity and Services | BJ11: Accessibility | BM11: Externalities | BR11: Others | BU11: Infrastructure | CA11: Activity and Services | CG11: Accessibility | CJ11: Externalities | CO11: Others | CR11: QL | CS11: QN | CT11: QL | CU11: QN | CV11: QL | CW11: QN | CX11: QL | CY11: QN | CZ11: QL | DA11: QN | DB11: QL | DC11: QN | DD11: QL | DE11: QN | DF11: QL | DG11: QN | DH11: IV
A12: AFG | B12: Afghanistan | C12: Afghanistan Transport Sector Master Plan Update | D12: 2 | E12: 2 | F12: 1 | G12: 2 | H12: 0 | I12: 0 | J12: 1 | K12: 2 | L12: 2 | M12: 0 | N12: 2 | O12: 2 | P12: 1 | Q12: 1 | R12: 2 | S12: 2 | T12: 0 | U12: 2 | V12: 1 | W12: 1 | X12: 1 | Y12: 2 | Z12: 1 | AA12: 2 | AB12: 2 | AC12: 0 | AD12: 1 | AE12: 0 | AF12: 0 | AG12: 1 | AH12: 1 | AI12: 1 | AJ12: 0 | AK12: 1 | AL12: 0 | AM12: 1 | AN12: 1 | AO12: 1 | AP12: 1 | AQ12: 0 | AR12: 1 | AS12: 0 | AT12: 0 | AU12: 0 | AV12: 1 | AW12: 0 | AX12: 2 | AY12: 2 | AZ12: 0 | BA12: 2 | BB12: 0 | BC12: 0 | BD12: 0 | BE12: 0 | BF12: 2 | BG12: 0 | BH12: 2 | BI12: 0 | BJ12: 1 | BK12: 1 | BL12: 1 | BM12: 1 | BN12: 0 | BO12: 0 | BP12: 0 | BQ12: 0 | BR12: 0 | BS12: 2 | BT12: 1 | BU12: 1 | BV12: 2 | BW12: 0 | BX12: 1 | BY12: 0 | BZ12: 0 | CA12: 0 | CB12: 1 | CC12: 1 | CD12: 0 | CE12: 1 | CF12: 1 | CG12: 1 | CH12: 1 | CI12: 1 | CJ12: 1 | CK12: 0 | CL12: 1 | CM12: 0 | CN12: 0 | CO12: 1 | CP12: 2 | CQ12: 1 | CR12: 2.9166667 | CS12: 2.0833333 | CT12: 3.75 | CU12: 1.6666667 | CV12: 3.3333333 | CW12: 2.5 | CX12: 5 | CY12: 2.5 | CZ12: 2.5 | DA12: 0.625 | DB12: 2.5 | DC12: 0 | DD12: 3.75 | DE12: 1.25 | DF12: 4.5 | DG12: 2.5 | DH12: 4
A13: AUS | B13: Australia | C13: National Guidelines for Transport System Management in Australia | D13: 2 | E13: 2 | F13: 0 | G13: 0 | H13: 1 | I13: 1 | J13: 2 | K13: 2 | L13: 2 | M13: 2 | N13: 2 | O13: 2 | P13: 2 | Q13: 2 | R13: 1 | S13: 1 | T13: 2 | U13: 1 | V13: 2 | W13: 0 | X13: 0 | Y13: 1 | Z13: 0 | AA13: 1 | AB13: 1 | AC13: 0 | AD13: 0 | AE13: 0 | AF13: 0 | AG13: 0 | AH13: 0 | AI13: 2 | AJ13: 1 | AK13: 1 | AL13: 0 | AM13: 0 | AN13: 1 | AO13: 0 | AP13: 0 | AQ13: 0 | AR13: 2 | AS13: 1 | AT13: 0 | AU13: 0 | AV13: 0 | AW13: 0 | AX13: 1 | AY13: 1 | AZ13: 0 | BA13: 0 | BB13: 0 | BC13: 0 | BD13: 0 | BE13: 0 | BF13: 0 | BG13: 0 | BH13: 0 | BI13: 0 | BJ13: 1 | BK13: 0 | BL13: 0 | BM13: 0 | BN13: 0 | BO13: 1 | BP13: 0 | BQ13: 0 | BR13: 0 | BS13: 0 | BT13: 0 | BU13: 0 | BV13: 1 | BW13: 0 | BX13: 0 | BY13: 0 | BZ13: 0 | CA13: 0 | CB13: 1 | CC13: 1 | CD13: 1 | CE13: 1 | CF13: 1 | CG13: 0 | CH13: 1 | CI13: 1 | CJ13: 1 | CK13: 1 | CL13: 1 | CM13: 0 | CN13: 0 | CO13: 0 | CP13: 1 | CQ13: 0 | CR13: 2.5 | CS13: 0.83333333 | CT13: 5 | CU13: 1.6666667 | CV13: 4.1666667 | CW13: 0.83333333 | CX13: 2.5 | CY13: 0 | CZ13: 3.125 | DA13: 1.875 | DB13: 0 | DC13: 0 | DD13: 1.25 | DE13: 0 | DF13: 3.5 | DG13: 1.5 | DH13: 1.5
A14: AZE | B14: Azerbaijan | C14: Transport Sector Development Strategy | D14: 2 | E14: 2 | F14: 2 | G14: 2 | H14: 1 | I14: 0 | J14: 1 | K14: 2 | L14: 2 | M14: 1 | N14: 2 | O14: 2 | P14: 2 | Q14: 1 | R14: 1 | S14: 2 | T14: 2 | U14: 1 | V14: 0 | W14: 1 | X14: 1 | Y14: 1 | Z14: 1 | AA14: 1 | AB14: 1 | AC14: 1 | AD14: 1 | AE14: 0 | AF14: 0 | AG14: 0 | AH14: 1 | AI14: 0 | AJ14: 0 | AK14: 1 | AL14: 0 | AM14: 0 | AN14: 0 | AO14: 0 | AP14: 0 | AQ14: 0 | AR14: 0 | AS14: 0 | AT14: 0 | AU14: 0 | AV14: 0 | AW14: 0 | AX14: 0 | AY14: 0 | AZ14: 0 | BA14: 0 | BB14: 0 | BC14: 0 | BD14: 0 | BE14: 0 | BF14: 0 | BG14: 0 | BH14: 0 | BI14: 0 | BJ14: 0 | BK14: 0 | BL14: 0 | BM14: 0 | BN14: 0 | BO14: 0 | BP14: 0 | BQ14: 0 | BR14: 0 | BS14: 0 | BT14: 0 | BU14: 0 | BV14: 0 | BW14: 0 | BX14: 0 | BY14: 0 | BZ14: 0 | CA14: 0 | CB14: 0 | CC14: 0 | CD14: 0 | CE14: 0 | CF14: 0 | CG14: 0 | CH14: 0 | CI14: 0 | CJ14: 0 | CK14: 0 | CL14: 0 | CM14: 0 | CN14: 0 | CO14: 0 | CP14: 0 | CQ14: 0 | CR14: 3.75 | CS14: 1.6666667 | CT14: 4.1666667 | CU14: 0.83333333 | CV14: 3.3333333 | CW14: 0 | CX14: 5 | CY14: 0 | CZ14: 2.5 | DA14: 0 | DB14: 2.5 | DC14: 0 | DD14: 2.5 | DE14: 0 | DF14: 2.5 | DG14: 1.5 | DH14: 1
A15: BGD | B15: Bangladesh | C15: National Land Transport Policy 2004 | D15: 2 | E15: 2 | F15: 2 | G15: 0 | H15: 0 | I15: 2 | J15: 1 | K15: 2 | L15: 2 | M15: 2 | N15: 2 | O15: 2 | P15: 2 | Q15: 0 | R15: 1 | S15: 2 | T15: 2 | U15: 0 | V15: 1 | W15: 0 | X15: 0 | Y15: 2 | Z15: 2 | AA15: 0 | AB15: 0 | AC15: 0 | AD15: 0 | AE15: 0 | AF15: 0 | AG15: 1 | AH15: 0 | AI15: 0 | AJ15: 1 | AK15: 0 | AL15: 0 | AM15: 0 | AN15: 0 | AO15: 0 | AP15: 0 | AQ15: 0 | AR15: 0 | AS15: 0 | AT15: 0 | AU15: 0 | AV15: 0 | AW15: 0 | AX15: 1 | AY15: 1 | AZ15: 0 | BA15: 0 | BB15: 0 | BC15: 0 | BD15: 0 | BE15: 0 | BF15: 0 | BG15: 0 | BH15: 0 | BI15: 1 | BJ15: 0 | BK15: 0 | BL15: 0 | BM15: 0 | BN15: 0 | BO15: 0 | BP15: 0 | BQ15: 0 | BR15: 0 | BS15: 0 | BT15: 0 | BU15: 2 | BV15: 2 | BW15: 1 | BX15: 0 | BY15: 0 | BZ15: 1 | CA15: 0 | CB15: 1 | CC15: 2 | CD15: 2 | CE15: 2 | CF15: 0 | CG15: 0 | CH15: 0 | CI15: 0 | CJ15: 2 | CK15: 2 | CL15: 0 | CM15: 0 | CN15: 0 | CO15: 0 | CP15: 0 | CQ15: 1 | CR15: 3.3333333 | CS15: 0 | CT15: 4.5833333 | CU15: 0.83333333 | CV15: 2.5 | CW15: 0 | CX15: 5 | CY15: 0 | CZ15: 1.875 | DA15: 0 | DB15: 0 | DC15: 0 | DD15: 5 | DE15: 0 | DF15: 3.5 | DG15: 2 | DH15: 1.5
A16: BTN | B16: Bhutan | C16: National Transport Policy 2017 | D16: 2 | E16: 1 | F16: 0 | G16: 2 | H16: 1 | I16: 2 | J16: 2 | K16: 2 | L16: 2 | M16: 2 | N16: 2 | O16: 1 | P16: 2 | Q16: 1 | R16: 2 | S16: 2 | T16: 2 | U16: 2 | V16: 1 | W16: 2 | X16: 2 | Y16: 2 | Z16: 2 | AA16: 2 | AB16: 0 | AC16: 0 | AD16: 1 | AE16: 0 | AF16: 0 | AG16: 2 | AH16: 0 | AI16: 2 | AJ16: 1 | AK16: 0 | AL16: 0 | AM16: 0 | AN16: 1 | AO16: 0 | AP16: 2 | AQ16: 1 | AR16: 2 | AS16: 1 | AT16: 0 | AU16: 0 | AV16: 0 | AW16: 0 | AX16: 1 | AY16: 0 | AZ16: 0 | BA16: 0 | BB16: 0 | BC16: 0 | BD16: 0 | BE16: 0 | BF16: 1 | BG16: 0 | BH16: 1 | BI16: 0 | BJ16: 0 | BK16: 0 | BL16: 0 | BM16: 1 | BN16: 0 | BO16: 1 | BP16: 0 | BQ16: 0 | BR16: 0 | BS16: 1 | BT16: 0 | BU16: 2 | BV16: 0 | BW16: 0 | BX16: 2 | BY16: 1 | BZ16: 1 | CA16: 1 | CB16: 1 | CC16: 1 | CD16: 0 | CE16: 1 | CF16: 0 | CG16: 2 | CH16: 1 | CI16: 2 | CJ16: 2 | CK16: 2 | CL16: 2 | CM16: 1 | CN16: 2 | CO16: 0 | CP16: 2 | CQ16: 2 | CR16: 3.3333333 | CS16: 1.25 | CT16: 4.5833333 | CU16: 2.0833333 | CV16: 4.1666667 | CW16: 0.83333333 | CX16: 5 | CY16: 5 | CZ16: 4.375 | DA16: 2.5 | DB16: 5 | DC16: 0 | DD16: 5 | DE16: 0 | DF16: 4.5 | DG16: 3.5 | DH16: 2
A17: BRN | B17: Brunei Darussalam | C17: Roadmap and Draft National Masterplan for a Sustainable Land Transportation System for Brunei Drusssalam | D17: 2 | E17: 0 | F17: 2 | G17: 1 | H17: 1 | I17: 2 | J17: 2 | K17: 2 | L17: 2 | M17: 1 | N17: 2 | O17: 2 | P17: 2 | Q17: 1 | R17: 2 | S17: 2 | T17: 2 | U17: 2 | V17: 1 | W17: 0 | X17: 0 | Y17: 2 | Z17: 1 | AA17: 2 | AB17: 0 | AC17: 0 | AD17: 0 | AE17: 0 | AF17: 0 | AG17: 2 | AH17: 0 | AI17: 2 | AJ17: 0 | AK17: 0 | AL17: 0 | AM17: 0 | AN17: 0 | AO17: 0 | AP17: 2 | AQ17: 2 | AR17: 2 | AS17: 0 | AT17: 0 | AU17: 0 | AV17: 0 | AW17: 0 | AX17: 1 | AY17: 0 | AZ17: 1 | BA17: 0 | BB17: 0 | BC17: 0 | BD17: 1 | BE17: 0 | BF17: 2 | BG17: 0 | BH17: 2 | BI17: 0 | BJ17: 0 | BK17: 0 | BL17: 1 | BM17: 1 | BN17: 0 | BO17: 0 | BP17: 0 | BQ17: 0 | BR17: 0 | BS17: 0 | BT17: 0 | BU17: 0 | BV17: 0 | BW17: 0 | BX17: 0 | BY17: 0 | BZ17: 0 | CA17: 1 | CB17: 1 | CC17: 1 | CD17: 1 | CE17: 0 | CF17: 0 | CG17: 1 | CH17: 0 | CI17: 1 | CJ17: 0 | CK17: 0 | CL17: 1 | CM17: 0 | CN17: 0 | CO17: 0 | CP17: 1 | CQ17: 0 | CR17: 3.3333333 | CS17: 0.83333333 | CT17: 4.5833333 | CU17: 1.6666667 | CV17: 4.1666667 | CW17: 0 | CX17: 5 | CY17: 5 | CZ17: 3.125 | DA17: 2.5 | DB17: 0 | DC17: 0 | DD17: 3.75 | DE17: 0 | DF17: 4.5 | DG17: 3.5 | DH17: 2.5
C18: Strategic Plan for Ministry of Transport and Infocommunications | D18: 0 | E18: 0 | F18: 1 | G18: 1 | H18: 2 | I18: 0 | J18: 2 | K18: 0 | L18: 2 | M18: 0 | N18: 0 | O18: 0 | P18: 0 | Q18: 0 | R18: 0 | S18: 1 | T18: 0 | U18: 2 | V18: 0 | W18: 0 | X18: 0 | Y18: 2 | Z18: 0 | AA18: 0 | AB18: 0 | AC18: 0 | AD18: 1 | AE18: 2 | AF18: 0 | AG18: 2 | AH18: 0 | AI18: 1 | AJ18: 0 | AK18: 0 | AL18: 0 | AM18: 0 | AN18: 0 | AO18: 0 | AP18: 0 | AQ18: 0 | AR18: 2 | AS18: 0 | AT18: 1 | AU18: 0 | AV18: 2 | AW18: 0 | AX18: 0 | AY18: 0 | AZ18: 0 | BA18: 0 | BB18: 0 | BC18: 0 | BD18: 0 | BE18: 0 | BF18: 0 | BG18: 0 | BH18: 0 | BI18: 0 | BJ18: 0 | BK18: 0 | BL18: 0 | BM18: 0 | BN18: 0 | BO18: 0 | BP18: 0 | BQ18: 1 | BR18: 0 | BS18: 0 | BT18: 0 | BU18: 0 | BV18: 0 | BW18: 0 | BX18: 0 | BY18: 0 | BZ18: 0 | CA18: 0 | CB18: 0 | CC18: 0 | CD18: 0 | CE18: 0 | CF18: 0 | CG18: 0 | CH18: 0 | CI18: 0 | CJ18: 0 | CK18: 0 | CL18: 0 | CM18: 0 | CN18: 0 | CO18: 0 | CP18: 0 | CQ18: 0 | CR18: 1.6666667 | CS18: 1.25 | CT18: 1.6666667 | CU18: 1.25 | CV18: 0 | CW18: 0 | CX18: 2.5 | CY18: 0 | CZ18: 1.25 | DA18: 1.875 | DB18: 0 | DC18: 0 | DD18: 2.5 | DE18: 2.5 | DF18: 2.5 | DG18: 2.5 | DH18: 1
A19: CHN | B19: People's Republic of China | C19: National Comprehensive Three-Dimensional Transportation Network Planning | D19: 2 | E19: 2 | F19: 2 | G19: 2 | H19: 1 | I19: 2 | J19: 2 | K19: 2 | L19: 2 | M19: 2 | N19: 2 | O19: 2 | P19: 2 | Q19: 2 | R19: 2 | S19: 2 | T19: 1 | U19: 1 | V19: 1 | W19: 2 | X19: 0 | Y19: 2 | Z19: 2 | AA19: 2 | AB19: 2 | AC19: 2 | AD19: 2 | AE19: 0 | AF19: 0 | AG19: 1 | AH19: 1 | AI19: 0 | AJ19: 0 | AK19: 0 | AL19: 1 | AM19: 1 | AN19: 1 | AO19: 1 | AP19: 0 | AQ19: 0 | AR19: 0 | AS19: 0 | AT19: 0 | AU19: 0 | AV19: 0 | AW19: 0 | AX19: 0 | AY19: 0 | AZ19: 0 | BA19: 0 | BB19: 0 | BC19: 0 | BD19: 0 | BE19: 0 | BF19: 0 | BG19: 0 | BH19: 0 | BI19: 0 | BJ19: 0 | BK19: 0 | BL19: 0 | BM19: 0 | BN19: 0 | BO19: 0 | BP19: 0 | BQ19: 0 | BR19: 0 | BS19: 0 | BT19: 0 | BU19: 0 | BV19: 0 | BW19: 0 | BX19: 0 | BY19: 0 | BZ19: 0 | CA19: 1 | CB19: 1 | CC19: 1 | CD19: 0 | CE19: 1 | CF19: 1 | CG19: 1 | CH19: 1 | CI19: 1 | CJ19: 1 | CK19: 1 | CL19: 1 | CM19: 1 | CN19: 0 | CO19: 0 | CP19: 1 | CQ19: 0 | CR19: 4.5833333 | CS19: 3.3333333 | CT19: 5 | CU19: 1.25 | CV19: 5 | CW19: 2.5 | CX19: 5 | CY19: 0 | CZ19: 3.125 | DA19: 0 | DB19: 0 | DC19: 0 | DD19: 5 | DE19: 0 | DF19: 3.5 | DG19: 4 | DH19: 1.5
A20: COK | B20: Cook Islands | C20: Infrastructure Cook Islands Strategic Plan 2016-2021 | D20: 2 | E20: 0 | F20: 2 | G20: 2 | H20: 1 | I20: 2 | J20: 0 | K20: 0 | L20: 0 | M20: 0 | N20: 0 | O20: 0 | P20: 0 | Q20: 0 | R20: 0 | S20: 1 | T20: 0 | U20: 0 | V20: 1 | W20: 2 | X20: 0 | Y20: 2 | Z20: 1 | AA20: 0 | AB20: 0 | AC20: 0 | AD20: 0 | AE20: 0 | AF20: 0 | AG20: 0 | AH20: 0 | AI20: 0 | AJ20: 0 | AK20: 0 | AL20: 0 | AM20: 0 | AN20: 0 | AO20: 0 | AP20: 0 | AQ20: 0 | AR20: 0 | AS20: 0 | AT20: 0 | AU20: 0 | AV20: 0 | AW20: 0 | AX20: 0 | AY20: 0 | AZ20: 0 | BA20: 0 | BB20: 0 | BC20: 0 | BD20: 0 | BE20: 0 | BF20: 0 | BG20: 0 | BH20: 0 | BI20: 0 | BJ20: 0 | BK20: 0 | BL20: 0 | BM20: 0 | BN20: 0 | BO20: 0 | BP20: 0 | BQ20: 0 | BR20: 0 | BS20: 0 | BT20: 0 | BU20: 0 | BV20: 0 | BW20: 0 | BX20: 0 | BY20: 0 | BZ20: 0 | CA20: 0 | CB20: 0 | CC20: 0 | CD20: 0 | CE20: 0 | CF20: 0 | CG20: 0 | CH20: 0 | CI20: 0 | CJ20: 0 | CK20: 0 | CL20: 0 | CM20: 0 | CN20: 0 | CO20: 0 | CP20: 0 | CQ20: 0 | CR20: 3.75 | CS20: 0 | CT20: 0 | CU20: 0 | CV20: 0 | CW20: 0 | CX20: 2.5 | CY20: 0 | CZ20: 1.875 | DA20: 0 | DB20: 0 | DC20: 0 | DD20: 3.75 | DE20: 0 | DF20: 4 | DG20: 1 | DH20: 1.5
A21: FSM | B21: Micronesia (Federal States of) | C21: Infrastructure Development Plan 2016-2025 | D21: 2 | E21: 0 | F21: 2 | G21: 2 | H21: 2 | I21: 2 | J21: 2 | K21: 0 | L21: 0 | M21: 2 | N21: 1 | O21: 1 | P21: 2 | Q21: 2 | R21: 2 | S21: 1 | T21: 0 | U21: 2 | V21: 2 | W21: 2 | X21: 0 | Y21: 2 | Z21: 2 | AA21: 2 | AB21: 0 | AC21: 1 | AD21: 0 | AE21: 1 | AF21: 1 | AG21: 0 | AH21: 0 | AI21: 0 | AJ21: 0 | AK21: 0 | AL21: 0 | AM21: 0 | AN21: 0 | AO21: 0 | AP21: 0 | AQ21: 0 | AR21: 0 | AS21: 0 | AT21: 0 | AU21: 0 | AV21: 0 | AW21: 0 | AX21: 2 | AY21: 0 | AZ21: 1 | BA21: 2 | BB21: 2 | BC21: 2 | BD21: 2 | BE21: 2 | BF21: 0 | BG21: 2 | BH21: 1 | BI21: 0 | BJ21: 1 | BK21: 2 | BL21: 2 | BM21: 0 | BN21: 0 | BO21: 2 | BP21: 2 | BQ21: 2 | BR21: 0 | BS21: 1 | BT21: 0 | BU21: 1 | BV21: 0 | BW21: 0 | BX21: 1 | BY21: 1 | BZ21: 1 | CA21: 0 | CB21: 0 | CC21: 0 | CD21: 0 | CE21: 0 | CF21: 0 | CG21: 1 | CH21: 1 | CI21: 1 | CJ21: 0 | CK21: 0 | CL21: 2 | CM21: 2 | CN21: 2 | CO21: 0 | CP21: 2 | CQ21: 2 | CR21: 4.1666667 | CS21: 2.0833333 | CT21: 2.5 | CU21: 0 | CV21: 5 | CW21: 0 | CX21: 2.5 | CY21: 0 | CZ21: 3.75 | DA21: 0 | DB21: 0 | DC21: 0 | DD21: 5 | DE21: 0 | DF21: 4 | DG21: 2 | DH21: 3.5
A22: FJI | B22: Fiji | C22: Maritime and Land Transport Policy | D22: 2 | E22: 1 | F22: 2 | G22: 2 | H22: 1 | I22: 2 | J22: 2 | K22: 2 | L22: 2 | M22: 2 | N22: 1 | O22: 2 | P22: 2 | Q22: 2 | R22: 2 | S22: 2 | T22: 2 | U22: 2 | V22: 2 | W22: 2 | X22: 2 | Y22: 2 | Z22: 2 | AA22: 2 | AB22: 0 | AC22: 1 | AD22: 0 | AE22: 0 | AF22: 0 | AG22: 0 | AH22: 2 | AI22: 0 | AJ22: 2 | AK22: 0 | AL22: 0 | AM22: 0 | AN22: 0 | AO22: 0 | AP22: 1 | AQ22: 0 | AR22: 2 | AS22: 2 | AT22: 0 | AU22: 0 | AV22: 0 | AW22: 0 | AX22: 2 | AY22: 0 | AZ22: 1 | BA22: 0 | BB22: 1 | BC22: 1 | BD22: 0 | BE22: 1 | BF22: 0 | BG22: 0 | BH22: 0 | BI22: 2 | BJ22: 0 | BK22: 1 | BL22: 0 | BM22: 2 | BN22: 0 | BO22: 0 | BP22: 0 | BQ22: 0 | BR22: 0 | BS22: 1 | BT22: 0 | BU22: 2 | BV22: 1 | BW22: 1 | BX22: 0 | BY22: 0 | BZ22: 0 | CA22: 0 | CB22: 2 | CC22: 2 | CD22: 2 | CE22: 2 | CF22: 2 | CG22: 2 | CH22: 1 | CI22: 2 | CJ22: 2 | CK22: 2 | CL22: 2 | CM22: 2 | CN22: 2 | CO22: 2 | CP22: 2 | CQ22: 2 | CR22: 4.1666667 | CS22: 1.25 | CT22: 4.5833333 | CU22: 1.6666667 | CV22: 5 | CW22: 0 | CX22: 5 | CY22: 2.5 | CZ22: 5 | DA22: 2.5 | DB22: 5 | DC22: 0 | DD22: 5 | DE22: 0 | DF22: 5 | DG22: 3 | DH22: 2.5
A23: IDN | B23: Indonesia | C23: Studies for National Transport Master Plan according to the National Development Plan | D23: 2 | E23: 2 | F23: 2 | G23: 2 | H23: 1 | I23: 0 | J23: 1 | K23: 2 | L23: 0 | M23: 0 | N23: 1 | O23: 2 | P23: 0 | Q23: 0 | R23: 2 | S23: 1 | T23: 1 | U23: 1 | V23: 0 | W23: 2 | X23: 0 | Y23: 2 | Z23: 1 | AA23: 0 | AB23: 0 | AC23: 0 | AD23: 1 | AE23: 0 | AF23: 0 | AG23: 1 | AH23: 2 | AI23: 0 | AJ23: 0 | AK23: 0 | AL23: 0 | AM23: 0 | AN23: 0 | AO23: 0 | AP23: 0 | AQ23: 0 | AR23: 0 | AS23: 0 | AT23: 0 | AU23: 0 | AV23: 0 | AW23: 0 | AX23: 2 | AY23: 2 | AZ23: 2 | BA23: 1 | BB23: 0 | BC23: 0 | BD23: 0 | BE23: 1 | BF23: 0 | BG23: 0 | BH23: 1 | BI23: 2 | BJ23: 0 | BK23: 0 | BL23: 0 | BM23: 0 | BN23: 0 | BO23: 0 | BP23: 0 | BQ23: 1 | BR23: 0 | BS23: 0 | BT23: 0 | BU23: 0 | BV23: 0 | BW23: 0 | BX23: 0 | BY23: 0 | BZ23: 0 | CA23: 0 | CB23: 0 | CC23: 0 | CD23: 0 | CE23: 0 | CF23: 0 | CG23: 0 | CH23: 0 | CI23: 0 | CJ23: 0 | CK23: 0 | CL23: 0 | CM23: 0 | CN23: 0 | CO23: 0 | CP23: 1 | CQ23: 0 | CR23: 3.75 | CS23: 0.41666667 | CT23: 2.5 | CU23: 1.25 | CV23: 1.6666667 | CW23: 0 | CX23: 2.5 | CY23: 0 | CZ23: 2.5 | DA23: 0 | DB23: 0 | DC23: 0 | DD23: 3.75 | DE23: 0 | DF23: 3 | DG23: 1.5 | DH23: 2
A24: JPN | B24: Japan | C24: Basic Plan on Transport Policy | D24: 2 | E24: 2 | F24: 2 | G24: 2 | H24: 2 | I24: 0 | J24: 2 | K24: 1 | L24: 1 | M24: 0 | N24: 1 | O24: 0 | P24: 1 | Q24: 2 | R24: 2 | S24: 2 | T24: 1 | U24: 1 | V24: 2 | W24: 1 | X24: 1 | Y24: 1 | Z24: 1 | AA24: 2 | AB24: 1 | AC24: 2 | AD24: 2 | AE24: 0 | AF24: 0 | AG24: 0 | AH24: 1 | AI24: 1 | AJ24: 0 | AK24: 1 | AL24: 0 | AM24: 0 | AN24: 2 | AO24: 1 | AP24: 2 | AQ24: 1 | AR24: 1 | AS24: 2 | AT24: 1 | AU24: 1 | AV24: 0 | AW24: 0 | AX24: 0 | AY24: 1 | AZ24: 0 | BA24: 0 | BB24: 0 | BC24: 0 | BD24: 0 | BE24: 0 | BF24: 0 | BG24: 0 | BH24: 0 | BI24: 0 | BJ24: 0 | BK24: 0 | BL24: 0 | BM24: 0 | BN24: 0 | BO24: 0 | BP24: 0 | BQ24: 0 | BR24: 0 | BS24: 0 | BT24: 0 | BU24: 0 | BV24: 0 | BW24: 0 | BX24: 0 | BY24: 0 | BZ24: 0 | CA24: 0 | CB24: 0 | CC24: 0 | CD24: 0 | CE24: 0 | CF24: 0 | CG24: 0 | CH24: 0 | CI24: 0 | CJ24: 0 | CK24: 0 | CL24: 0 | CM24: 0 | CN24: 0 | CO24: 0 | CP24: 0 | CQ24: 0 | CR24: 4.1666667 | CS24: 2.9166667 | CT24: 2.0833333 | CU24: 1.25 | CV24: 4.1666667 | CW24: 2.5 | CX24: 5 | CY24: 5 | CZ24: 3.125 | DA24: 3.125 | DB24: 2.5 | DC24: 2.5 | DD24: 2.5 | DE24: 0 | DF24: 4.5 | DG24: 2 | DH24: 1.5
A25: KIR | B25: Kiribati | C25: Ministry Strategic Plan (MICTTD) | D25: 1 | E25: 0 | F25: 2 | G25: 2 | H25: 2 | I25: 0 | J25: 1 | K25: 1 | L25: 0 | M25: 0 | N25: 0 | O25: 0 | P25: 0 | Q25: 0 | R25: 1 | S25: 0 | T25: 1 | U25: 1 | V25: 0 | W25: 0 | X25: 1 | Y25: 2 | Z25: 1 | AA25: 0 | AB25: 0 | AC25: 1 | AD25: 2 | AE25: 1 | AF25: 0 | AG25: 0 | AH25: 1 | AI25: 0 | AJ25: 0 | AK25: 0 | AL25: 0 | AM25: 0 | AN25: 0 | AO25: 0 | AP25: 0 | AQ25: 0 | AR25: 1 | AS25: 0 | AT25: 0 | AU25: 0 | AV25: 1 | AW25: 1 | AX25: 1 | AY25: 0 | AZ25: 0 | BA25: 1 | BB25: 1 | BC25: 0 | BD25: 0 | BE25: 1 | BF25: 0 | BG25: 0 | BH25: 0 | BI25: 0 | BJ25: 0 | BK25: 0 | BL25: 1 | BM25: 0 | BN25: 1 | BO25: 0 | BP25: 0 | BQ25: 0 | BR25: 0 | BS25: 0 | BT25: 0 | BU25: 0 | BV25: 0 | BW25: 0 | BX25: 0 | BY25: 0 | BZ25: 0 | CA25: 0 | CB25: 0 | CC25: 0 | CD25: 0 | CE25: 0 | CF25: 0 | CG25: 0 | CH25: 0 | CI25: 1 | CJ25: 0 | CK25: 0 | CL25: 0 | CM25: 0 | CN25: 0 | CO25: 1 | CP25: 1 | CQ25: 0 | CR25: 2.9166667 | CS25: 1.6666667 | CT25: 0.83333333 | CU25: 0.41666667 | CV25: 0.83333333 | CW25: 0 | CX25: 0 | CY25: 0 | CZ25: 1.25 | DA25: 0.625 | DB25: 2.5 | DC25: 0 | DD25: 3.75 | DE25: 2.5 | DF25: 3.5 | DG25: 2 | DH25: 1
A26: MYS | B26: Malaysia | C26: National Land Public Transport Master Plan | D26: 2 | E26: 2 | F26: 0 | G26: 0 | H26: 0 | I26: 2 | J26: 2 | K26: 2 | L26: 2 | M26: 1 | N26: 2 | O26: 2 | P26: 2 | Q26: 1 | R26: 1 | S26: 2 | T26: 2 | U26: 2 | V26: 0 | W26: 0 | X26: 1 | Y26: 2 | Z26: 2 | AA26: 0 | AB26: 2 | AC26: 0 | AD26: 0 | AE26: 0 | AF26: 1 | AG26: 1 | AH26: 1 | AI26: 2 | AJ26: 0 | AK26: 2 | AL26: 0 | AM26: 0 | AN26: 1 | AO26: 0 | AP26: 0 | AQ26: 0 | AR26: 0 | AS26: 0 | AT26: 0 | AU26: 0 | AV26: 0 | AW26: 0 | AX26: 0 | AY26: 0 | AZ26: 0 | BA26: 0 | BB26: 0 | BC26: 0 | BD26: 0 | BE26: 1 | BF26: 1 | BG26: 0 | BH26: 0 | BI26: 0 | BJ26: 0 | BK26: 0 | BL26: 0 | BM26: 0 | BN26: 0 | BO26: 0 | BP26: 0 | BQ26: 0 | BR26: 0 | BS26: 0 | BT26: 0 | BU26: 0 | BV26: 0 | BW26: 0 | BX26: 0 | BY26: 0 | BZ26: 0 | CA26: 0 | CB26: 0 | CC26: 1 | CD26: 0 | CE26: 1 | CF26: 0 | CG26: 1 | CH26: 0 | CI26: 1 | CJ26: 0 | CK26: 0 | CL26: 0 | CM26: 0 | CN26: 0 | CO26: 0 | CP26: 1 | CQ26: 1 | CR26: 2.5 | CS26: 1.25 | CT26: 4.5833333 | CU26: 2.5 | CV26: 3.3333333 | CW26: 0.83333333 | CX26: 5 | CY26: 0 | CZ26: 2.5 | DA26: 0 | DB26: 2.5 | DC26: 0 | DD26: 5 | DE26: 0 | DF26: 4.5 | DG26: 2 | DH26: 2
C27: National Transport Policy | D27: 2 | E27: 2 | F27: 1 | G27: 2 | H27: 1 | I27: 1 | J27: 1 | K27: 2 | L27: 2 | M27: 1 | N27: 0 | O27: 2 | P27: 1 | Q27: 1 | R27: 2 | S27: 2 | T27: 2 | U27: 2 | V27: 0 | W27: 0 | X27: 0 | Y27: 2 | Z27: 2 | AA27: 1 | AB27: 0 | AC27: 0 | AD27: 0 | AE27: 0 | AF27: 0 | AG27: 1 | AH27: 0 | AI27: 0 | AJ27: 0 | AK27: 0 | AL27: 0 | AM27: 0 | AN27: 0 | AO27: 0 | AP27: 0 | AQ27: 0 | AR27: 2 | AS27: 0 | AT27: 0 | AU27: 0 | AV27: 0 | AW27: 0 | AX27: 0 | AY27: 0 | AZ27: 0 | BA27: 0 | BB27: 0 | BC27: 0 | BD27: 0 | BE27: 0 | BF27: 0 | BG27: 0 | BH27: 0 | BI27: 0 | BJ27: 0 | BK27: 0 | BL27: 0 | BM27: 0 | BN27: 0 | BO27: 0 | BP27: 0 | BQ27: 0 | BR27: 0 | BS27: 0 | BT27: 0 | BU27: 0 | BV27: 0 | BW27: 0 | BX27: 0 | BY27: 0 | BZ27: 0 | CA27: 0 | CB27: 0 | CC27: 0 | CD27: 0 | CE27: 0 | CF27: 0 | CG27: 0 | CH27: 0 | CI27: 0 | CJ27: 1 | CK27: 0 | CL27: 1 | CM27: 0 | CN27: 0 | CO27: 0 | CP27: 1 | CQ27: 1 | CR27: 3.75 | CS27: 0.41666667 | CT27: 3.3333333 | CU27: 0.41666667 | CV27: 3.3333333 | CW27: 0 | CX27: 5 | CY27: 0 | CZ27: 2.5 | DA27: 1.25 | DB27: 0 | DC27: 0 | DD27: 5 | DE27: 0 | DF27: 4.5 | DG27: 1.5 | DH27: 2
A28: MMR | B28: Myanmar | C28: The Survey Program for the National Transport Development Plan in the Republic of the Union of Myanmar | D28: 2 | E28: 2 | F28: 2 | G28: 2 | H28: 0 | I28: 0 | J28: 2 | K28: 2 | L28: 0 | M28: 0 | N28: 0 | O28: 2 | P28: 2 | Q28: 0 | R28: 2 | S28: 1 | T28: 1 | U28: 0 | V28: 0 | W28: 0 | X28: 0 | Y28: 2 | Z28: 0 | AA28: 1 | AB28: 1 | AC28: 1 | AD28: 1 | AE28: 0 | AF28: 0 | AG28: 1 | AH28: 1 | AI28: 0 | AJ28: 0 | AK28: 0 | AL28: 0 | AM28: 0 | AN28: 0 | AO28: 0 | AP28: 0 | AQ28: 0 | AR28: 0 | AS28: 0 | AT28: 0 | AU28: 0 | AV28: 0 | AW28: 0 | AX28: 2 | AY28: 2 | AZ28: 2 | BA28: 2 | BB28: 0 | BC28: 0 | BD28: 1 | BE28: 1 | BF28: 0 | BG28: 0 | BH28: 0 | BI28: 0 | BJ28: 1 | BK28: 0 | BL28: 2 | BM28: 0 | BN28: 0 | BO28: 0 | BP28: 0 | BQ28: 0 | BR28: 0 | BS28: 0 | BT28: 0 | BU28: 0 | BV28: 0 | BW28: 0 | BX28: 0 | BY28: 0 | BZ28: 0 | CA28: 0 | CB28: 0 | CC28: 0 | CD28: 0 | CE28: 0 | CF28: 0 | CG28: 0 | CH28: 0 | CI28: 0 | CJ28: 0 | CK28: 0 | CL28: 0 | CM28: 0 | CN28: 0 | CO28: 0 | CP28: 0 | CQ28: 0 | CR28: 3.3333333 | CS28: 1.6666667 | CT28: 2.5 | CU28: 0.83333333 | CV28: 3.3333333 | CW28: 0 | CX28: 2.5 | CY28: 0 | CZ28: 0.625 | DA28: 0 | DB28: 0 | DC28: 0 | DD28: 2.5 | DE28: 0 | DF28: 3.5 | DG28: 1.5 | DH28: 4.5
A29: NPL | B29: Nepal | C29: National Transport Policy (2001/2002) | D29: 2 | E29: 2 | F29: 2 | G29: 2 | H29: 0 | I29: 1 | J29: 2 | K29: 2 | L29: 2 | M29: 0 | N29: 2 | O29: 1 | P29: 2 | Q29: 1 | R29: 1 | S29: 2 | T29: 2 | U29: 0 | V29: 0 | W29: 0 | X29: 0 | Y29: 2 | Z29: 0 | AA29: 0 | AB29: 0 | AC29: 0 | AD29: 0 | AE29: 0 | AF29: 0 | AG29: 0 | AH29: 0 | AI29: 0 | AJ29: 0 | AK29: 0 | AL29: 0 | AM29: 0 | AN29: 0 | AO29: 0 | AP29: 0 | AQ29: 0 | AR29: 0 | AS29: 0 | AT29: 0 | AU29: 0 | AV29: 0 | AW29: 0 | AX29: 0 | AY29: 0 | AZ29: 0 | BA29: 0 | BB29: 0 | BC29: 0 | BD29: 0 | BE29: 0 | BF29: 0 | BG29: 0 | BH29: 0 | BI29: 0 | BJ29: 0 | BK29: 0 | BL29: 0 | BM29: 0 | BN29: 0 | BO29: 0 | BP29: 0 | BQ29: 0 | BR29: 0 | BS29: 0 | BT29: 0 | BU29: 2 | BV29: 2 | BW29: 2 | BX29: 2 | BY29: 0 | BZ29: 0 | CA29: 2 | CB29: 1 | CC29: 0 | CD29: 0 | CE29: 1 | CF29: 0 | CG29: 0 | CH29: 0 | CI29: 1 | CJ29: 1 | CK29: 0 | CL29: 0 | CM29: 0 | CN29: 0 | CO29: 0 | CP29: 1 | CQ29: 0 | CR29: 3.75 | CS29: 0 | CT29: 3.75 | CU29: 0 | CV29: 3.3333333 | CW29: 0 | CX29: 5 | CY29: 0 | CZ29: 1.25 | DA29: 0 | DB29: 0 | DC29: 0 | DD29: 2.5 | DE29: 0 | DF29: 3 | DG29: 1 | DH29: 1.5
C30: National Sustainable Transport Strategy (NSTS) for Nepal (2015~2040) | D30: 2 | E30: 2 | F30: 1 | G30: 1 | H30: 0 | I30: 2 | J30: 2 | K30: 2 | L30: 2 | M30: 1 | N30: 2 | O30: 2 | P30: 2 | Q30: 1 | R30: 0 | S30: 2 | T30: 2 | U30: 2 | V30: 2 | W30: 2 | X30: 1 | Y30: 2 | Z30: 1 | AA30: 2 | AB30: 2 | AC30: 0 | AD30: 1 | AE30: 0 | AF30: 1 | AG30: 1 | AH30: 1 | AI30: 1 | AJ30: 0 | AK30: 1 | AL30: 0 | AM30: 0 | AN30: 0 | AO30: 0 | AP30: 0 | AQ30: 1 | AR30: 1 | AS30: 1 | AT30: 0 | AU30: 0 | AV30: 0 | AW30: 0 | AX30: 2 | AY30: 2 | AZ30: 0 | BA30: 0 | BB30: 0 | BC30: 0 | BD30: 0 | BE30: 1 | BF30: 0 | BG30: 0 | BH30: 0 | BI30: 0 | BJ30: 0 | BK30: 0 | BL30: 0 | BM30: 0 | BN30: 0 | BO30: 0 | BP30: 0 | BQ30: 0 | BR30: 0 | BS30: 0 | BT30: 0 | BU30: 2 | BV30: 1 | BW30: 0 | BX30: 1 | BY30: 0 | BZ30: 1 | CA30: 1 | CB30: 2 | CC30: 0 | CD30: 0 | CE30: 1 | CF30: 0 | CG30: 2 | CH30: 1 | CI30: 0 | CJ30: 0 | CK30: 2 | CL30: 2 | CM30: 1 | CN30: 0 | CO30: 1 | CP30: 1 | CQ30: 0 | CR30: 3.3333333 | CS30: 2.5 | CT30: 4.5833333 | CU30: 1.6666667 | CV30: 2.5 | CW30: 0 | CX30: 5 | CY30: 0 | CZ30: 5 | DA30: 1.875 | DB30: 2.5 | DC30: 0 | DD30: 3.75 | DE30: 0 | DF30: 4 | DG30: 2.5 | DH30: 2
A31: NZL | B31: New Zealand | C31: Govt. Policy Statement on Land Transport 2021/22- 2030/31 | D31: 2 | E31: 2 | F31: 0 | G31: 1 | H31: 0 | I31: 2 | J31: 2 | K31: 2 | L31: 2 | M31: 2 | N31: 2 | O31: 2 | P31: 0 | Q31: 2 | R31: 2 | S31: 2 | T31: 2 | U31: 2 | V31: 2 | W31: 1 | X31: 0 | Y31: 2 | Z31: 1 | AA31: 0 | AB31: 0 | AC31: 0 | AD31: 0 | AE31: 0 | AF31: 0 | AG31: 0 | AH31: 0 | AI31: 0 | AJ31: 0 | AK31: 0 | AL31: 0 | AM31: 0 | AN31: 0 | AO31: 0 | AP31: 2 | AQ31: 0 | AR31: 0 | AS31: 0 | AT31: 0 | AU31: 0 | AV31: 1 | AW31: 1 | AX31: 2 | AY31: 2 | AZ31: 1 | BA31: 0 | BB31: 0 | BC31: 1 | BD31: 1 | BE31: 1 | BF31: 1 | BG31: 1 | BH31: 1 | BI31: 1 | BJ31: 0 | BK31: 0 | BL31: 1 | BM31: 1 | BN31: 1 | BO31: 0 | BP31: 1 | BQ31: 0 | BR31: 0 | BS31: 0 | BT31: 1 | BU31: 1 | BV31: 1 | BW31: 0 | BX31: 0 | BY31: 0 | BZ31: 0 | CA31: 1 | CB31: 1 | CC31: 1 | CD31: 0 | CE31: 1 | CF31: 0 | CG31: 1 | CH31: 1 | CI31: 0 | CJ31: 1 | CK31: 1 | CL31: 1 | CM31: 1 | CN31: 1 | CO31: 0 | CP31: 0 | CQ31: 1 | CR31: 2.9166667 | CS31: 0 | CT31: 5 | CU31: 0 | CV31: 3.3333333 | CW31: 0 | CX31: 5 | CY31: 5 | CZ31: 4.375 | DA31: 0 | DB31: 0 | DC31: 0 | DD31: 3.75 | DE31: 2.5 | DF31: 3 | DG31: 1.5 | DH31: 1.5
C32: Government Policy Statement on Land Transport | D32: 2 | E32: 2 | F32: 0 | G32: 1 | H32: 0 | I32: 2 | J32: 2 | K32: 2 | L32: 2 | M32: 2 | N32: 2 | O32: 2 | P32: 0 | Q32: 2 | R32: 2 | S32: 2 | T32: 2 | U32: 2 | V32: 2 | W32: 1 | X32: 0 | Y32: 2 | Z32: 1 | AA32: 0 | AB32: 0 | AC32: 0 | AD32: 0 | AE32: 0 | AF32: 0 | AG32: 0 | AH32: 0 | AI32: 0 | AJ32: 0 | AK32: 0 | AL32: 0 | AM32: 0 | AN32: 0 | AO32: 0 | AP32: 2 | AQ32: 0 | AR32: 0 | AS32: 0 | AT32: 0 | AU32: 0 | AV32: 1 | AW32: 1 | AX32: 2 | AY32: 2 | AZ32: 1 | BA32: 0 | BB32: 0 | BC32: 1 | BD32: 1 | BE32: 1 | BF32: 1 | BG32: 1 | BH32: 1 | BI32: 1 | BJ32: 0 | BK32: 0 | BL32: 1 | BM32: 1 | BN32: 1 | BO32: 0 | BP32: 1 | BQ32: 0 | BR32: 0 | BS32: 0 | BT32: 1 | BU32: 1 | BV32: 1 | BW32: 0 | BX32: 0 | BY32: 0 | BZ32: 0 | CA32: 1 | CB32: 1 | CC32: 1 | CD32: 0 | CE32: 1 | CF32: 0 | CG32: 1 | CH32: 1 | CI32: 0 | CJ32: 1 | CK32: 1 | CL32: 1 | CM32: 1 | CN32: 1 | CO32: 0 | CP32: 0 | CQ32: 1 | CR32: 2.9166667 | CS32: 0 | CT32: 5 | CU32: 0 | CV32: 3.3333333 | CW32: 0 | CX32: 5 | CY32: 5 | CZ32: 4.375 | DA32: 0 | DB32: 0 | DC32: 0 | DD32: 3.75 | DE32: 2.5 | DF32: 3 | DG32: 1.5 | DH32: 1.5
A33: NIU | B33: Niue | C33: Niue Transport Strategy and Short-term action plan | D33: 2 | E33: 0 | F33: 1 | G33: 2 | H33: 0 | I33: 1 | J33: 1 | K33: 2 | L33: 1 | M33: 0 | N33: 2 | O33: 0 | P33: 0 | Q33: 0 | R33: 2 | S33: 2 | T33: 1 | U33: 1 | V33: 2 | W33: 2 | X33: 0 | Y33: 2 | Z33: 1 | AA33: 0 | AB33: 0 | AC33: 0 | AD33: 0 | AE33: 0 | AF33: 0 | AG33: 0 | AH33: 0 | AI33: 0 | AJ33: 0 | AK33: 1 | AL33: 0 | AM33: 0 | AN33: 0 | AO33: 0 | AP33: 0 | AQ33: 0 | AR33: 0 | AS33: 0 | AT33: 0 | AU33: 0 | AV33: 0 | AW33: 0 | AX33: 2 | AY33: 0 | AZ33: 1 | BA33: 2 | BB33: 0 | BC33: 0 | BD33: 0 | BE33: 2 | BF33: 1 | BG33: 0 | BH33: 0 | BI33: 0 | BJ33: 0 | BK33: 0 | BL33: 0 | BM33: 1 | BN33: 0 | BO33: 0 | BP33: 0 | BQ33: 1 | BR33: 0 | BS33: 1 | BT33: 0 | BU33: 2 | BV33: 0 | BW33: 1 | BX33: 2 | BY33: 0 | BZ33: 0 | CA33: 0 | CB33: 0 | CC33: 1 | CD33: 0 | CE33: 1 | CF33: 0 | CG33: 0 | CH33: 0 | CI33: 0 | CJ33: 1 | CK33: 0 | CL33: 0 | CM33: 0 | CN33: 0 | CO33: 0 | CP33: 1 | CQ33: 0 | CR33: 2.5 | CS33: 0 | CT33: 2.5 | CU33: 0.41666667 | CV33: 1.6666667 | CW33: 0 | CX33: 5 | CY33: 0 | CZ33: 3.75 | DA33: 0 | DB33: 0 | DC33: 0 | DD33: 3.75 | DE33: 0 | DF33: 3.5 | DG33: 2 | DH33: 2.5
A34: PAK | B34: Pakistan | C34: National Transport Policy of Pakistan 2018 | D34: 2 | E34: 2 | F34: 2 | G34: 1 | H34: 1 | I34: 2 | J34: 2 | K34: 2 | L34: 2 | M34: 2 | N34: 2 | O34: 2 | P34: 2 | Q34: 2 | R34: 2 | S34: 2 | T34: 2 | U34: 2 | V34: 2 | W34: 2 | X34: 2 | Y34: 2 | Z34: 1 | AA34: 0 | AB34: 0 | AC34: 0 | AD34: 0 | AE34: 0 | AF34: 0 | AG34: 0 | AH34: 0 | AI34: 0 | AJ34: 0 | AK34: 0 | AL34: 0 | AM34: 0 | AN34: 0 | AO34: 0 | AP34: 0 | AQ34: 0 | AR34: 0 | AS34: 0 | AT34: 0 | AU34: 0 | AV34: 0 | AW34: 0 | AX34: 0 | AY34: 0 | AZ34: 0 | BA34: 0 | BB34: 0 | BC34: 0 | BD34: 0 | BE34: 0 | BF34: 0 | BG34: 0 | BH34: 0 | BI34: 0 | BJ34: 0 | BK34: 0 | BL34: 0 | BM34: 0 | BN34: 0 | BO34: 0 | BP34: 0 | BQ34: 0 | BR34: 0 | BS34: 0 | BT34: 0 | BU34: 1 | BV34: 1 | BW34: 1 | BX34: 2 | BY34: 0 | BZ34: 0 | CA34: 0 | CB34: 1 | CC34: 0 | CD34: 1 | CE34: 1 | CF34: 0 | CG34: 0 | CH34: 0 | CI34: 0 | CJ34: 0 | CK34: 0 | CL34: 0 | CM34: 0 | CN34: 0 | CO34: 0 | CP34: 0 | CQ34: 0 | CR34: 4.1666667 | CS34: 0 | CT34: 5 | CU34: 0 | CV34: 5 | CW34: 0 | CX34: 5 | CY34: 0 | CZ34: 5 | DA34: 0 | DB34: 5 | DC34: 0 | DD34: 3.75 | DE34: 0 | DF34: 4.5 | DG34: 1 | DH34: 2
A35: PNG | B35: Papua New Guinea | C35: National Transport Strategy Volume 1 Strategy | D35: 1 | E35: 0 | F35: 2 | G35: 2 | H35: 0 | I35: 0 | J35: 2 | K35: 2 | L35: 1 | M35: 0 | N35: 2 | O35: 2 | P35: 2 | Q35: 2 | R35: 2 | S35: 2 | T35: 2 | U35: 2 | V35: 2 | W35: 2 | X35: 0 | Y35: 2 | Z35: 2 | AA35: 2 | AB35: 0 | AC35: 1 | AD35: 0 | AE35: 0 | AF35: 0 | AG35: 1 | AH35: 0 | AI35: 2 | AJ35: 0 | AK35: 0 | AL35: 0 | AM35: 0 | AN35: 0 | AO35: 0 | AP35: 0 | AQ35: 0 | AR35: 0 | AS35: 0 | AT35: 0 | AU35: 0 | AV35: 0 | AW35: 0 | AX35: 1 | AY35: 0 | AZ35: 2 | BA35: 2 | BB35: 0 | BC35: 0 | BD35: 0 | BE35: 0 | BF35: 0 | BG35: 0 | BH35: 0 | BI35: 0 | BJ35: 0 | BK35: 0 | BL35: 0 | BM35: 0 | BN35: 0 | BO35: 1 | BP35: 0 | BQ35: 0 | BR35: 0 | BS35: 0 | BT35: 0 | BU35: 2 | BV35: 0 | BW35: 2 | BX35: 2 | BY35: 0 | BZ35: 0 | CA35: 0 | CB35: 2 | CC35: 0 | CD35: 0 | CE35: 0 | CF35: 0 | CG35: 0 | CH35: 0 | CI35: 2 | CJ35: 2 | CK35: 0 | CL35: 0 | CM35: 0 | CN35: 0 | CO35: 0 | CP35: 0 | CQ35: 1 | CR35: 2.5 | CS35: 1.25 | CT35: 3.75 | CU35: 1.25 | CV35: 5 | CW35: 0 | CX35: 5 | CY35: 0 | CZ35: 5 | DA35: 0 | DB35: 0 | DC35: 0 | DD35: 5 | DE35: 0 | DF35: 4.5 | DG35: 2 | DH35: 1.5
A36: PHL | B36: Philippines | C36: National Transport Policy and its Implementing Rules and Regulations | D36: 2 | E36: 1 | F36: 2 | G36: 1 | H36: 1 | I36: 1 | J36: 2 | K36: 2 | L36: 2 | M36: 1 | N36: 1 | O36: 2 | P36: 1 | Q36: 1 | R36: 2 | S36: 2 | T36: 1 | U36: 2 | V36: 0 | W36: 2 | X36: 1 | Y36: 1 | Z36: 2 | AA36: 0 | AB36: 0 | AC36: 0 | AD36: 0 | AE36: 0 | AF36: 0 | AG36: 0 | AH36: 0 | AI36: 0 | AJ36: 0 | AK36: 0 | AL36: 0 | AM36: 0 | AN36: 0 | AO36: 0 | AP36: 0 | AQ36: 0 | AR36: 0 | AS36: 0 | AT36: 0 | AU36: 0 | AV36: 0 | AW36: 0 | AX36: 1 | AY36: 1 | AZ36: 1 | BA36: 1 | BB36: 0 | BC36: 0 | BD36: 0 | BE36: 0 | BF36: 0 | BG36: 0 | BH36: 0 | BI36: 0 | BJ36: 0 | BK36: 0 | BL36: 0 | BM36: 0 | BN36: 0 | BO36: 0 | BP36: 0 | BQ36: 0 | BR36: 0 | BS36: 0 | BT36: 0 | BU36: 1 | BV36: 0 | BW36: 0 | BX36: 0 | BY36: 0 | BZ36: 0 | CA36: 0 | CB36: 0 | CC36: 1 | CD36: 1 | CE36: 0 | CF36: 0 | CG36: 0 | CH36: 0 | CI36: 0 | CJ36: 1 | CK36: 0 | CL36: 0 | CM36: 0 | CN36: 1 | CO36: 0 | CP36: 0 | CQ36: 0 | CR36: 3.3333333 | CS36: 0 | CT36: 4.1666667 | CU36: 0 | CV36: 3.3333333 | CW36: 0 | CX36: 5 | CY36: 0 | CZ36: 3.125 | DA36: 0 | DB36: 2.5 | DC36: 0 | DD36: 3.75 | DE36: 0 | DF36: 4.25 | DG36: 1 | DH36: 2
A37: RUS | B37: Russian Federation | C37: Transport Strategy of the Russian Federation | D37: 1 | E37: 1 | F37: 1 | G37: 1 | H37: 1 | I37: 0 | J37: 1 | K37: 1 | L37: 1 | M37: 0 | N37: 1 | O37: 0 | P37: 1 | Q37: 1 | R37: 0 | S37: 1 | T37: 1 | U37: 1 | V37: 1 | W37: 0 | X37: 0 | Y37: 1 | Z37: 1 | AA37: 1 | AB37: 1 | AC37: 1 | AD37: 1 | AE37: 1 | AF37: 0 | AG37: 1 | AH37: 1 | AI37: 1 | AJ37: 0 | AK37: 1 | AL37: 0 | AM37: 1 | AN37: 1 | AO37: 0 | AP37: 1 | AQ37: 1 | AR37: 0 | AS37: 0 | AT37: 0 | AU37: 0 | AV37: 0 | AW37: 0 | AX37: 0 | AY37: 0 | AZ37: 0 | BA37: 0 | BB37: 0 | BC37: 0 | BD37: 0 | BE37: 0 | BF37: 0 | BG37: 0 | BH37: 0 | BI37: 0 | BJ37: 0 | BK37: 0 | BL37: 0 | BM37: 0 | BN37: 0 | BO37: 0 | BP37: 0 | BQ37: 0 | BR37: 0 | BS37: 0 | BT37: 0 | BU37: 0 | BV37: 0 | BW37: 0 | BX37: 0 | BY37: 0 | BZ37: 0 | CA37: 0 | CB37: 0 | CC37: 0 | CD37: 0 | CE37: 0 | CF37: 0 | CG37: 0 | CH37: 0 | CI37: 0 | CJ37: 0 | CK37: 0 | CL37: 0 | CM37: 0 | CN37: 0 | CO37: 0 | CP37: 0 | CQ37: 0 | CR37: 2.0833333 | CS37: 2.0833333 | CT37: 1.6666667 | CU37: 1.6666667 | CV37: 1.6666667 | CW37: 1.6666667 | CX37: 2.5 | CY37: 2.5 | CZ37: 1.875 | DA37: 0.625 | DB37: 0 | DC37: 0 | DD37: 2.5 | DE37: 0 | DF37: 4 | DG37: 4 | DH37: 1
A38: WSM | B38: Samoa | C38: Transport Sector Framework | D38: 2 | E38: 0 | F38: 0 | G38: 2 | H38: 2 | I38: 0 | J38: 2 | K38: 2 | L38: 2 | M38: 0 | N38: 2 | O38: 0 | P38: 0 | Q38: 2 | R38: 2 | S38: 2 | T38: 0 | U38: 2 | V38: 2 | W38: 1 | X38: 0 | Y38: 2 | Z38: 1 | AA38: 0 | AB38: 0 | AC38: 0 | AD38: 0 | AE38: 0 | AF38: 0 | AG38: 0 | AH38: 0 | AI38: 0 | AJ38: 0 | AK38: 0 | AL38: 0 | AM38: 0 | AN38: 0 | AO38: 0 | AP38: 0 | AQ38: 0 | AR38: 0 | AS38: 0 | AT38: 0 | AU38: 0 | AV38: 0 | AW38: 0 | AX38: 2 | AY38: 0 | AZ38: 0 | BA38: 2 | BB38: 0 | BC38: 0 | BD38: 0 | BE38: 0 | BF38: 0 | BG38: 0 | BH38: 0 | BI38: 0 | BJ38: 0 | BK38: 0 | BL38: 2 | BM38: 2 | BN38: 0 | BO38: 1 | BP38: 2 | BQ38: 0 | BR38: 0 | BS38: 2 | BT38: 0 | BU38: 1 | BV38: 0 | BW38: 0 | BX38: 2 | BY38: 0 | BZ38: 0 | CA38: 2 | CB38: 2 | CC38: 2 | CD38: 0 | CE38: 1 | CF38: 0 | CG38: 0 | CH38: 0 | CI38: 1 | CJ38: 0 | CK38: 0 | CL38: 1 | CM38: 2 | CN38: 2 | CO38: 0 | CP38: 0 | CQ38: 0 | CR38: 2.5 | CS38: 0 | CT38: 3.3333333 | CU38: 0 | CV38: 3.3333333 | CW38: 0 | CX38: 5 | CY38: 0 | CZ38: 3.125 | DA38: 0 | DB38: 0 | DC38: 0 | DD38: 3.75 | DE38: 0 | DF38: 3 | DG38: 1 | DH38: 2
A39: SGP | B39: Singapore | C39: Land Transport Master Plan 2040 | D39: 1 | E39: 2 | F39: 0 | G39: 0 | H39: 1 | I39: 2 | J39: 2 | K39: 0 | L39: 2 | M39: 1 | N39: 2 | O39: 1 | P39: 0 | Q39: 2 | R39: 1 | S39: 2 | T39: 2 | U39: 2 | V39: 0 | W39: 0 | X39: 0 | Y39: 2 | Z39: 2 | AA39: 1 | AB39: 2 | AC39: 0 | AD39: 0 | AE39: 0 | AF39: 2 | AG39: 1 | AH39: 0 | AI39: 2 | AJ39: 1 | AK39: 2 | AL39: 1 | AM39: 0 | AN39: 2 | AO39: 1 | AP39: 2 | AQ39: 1 | AR39: 2 | AS39: 0 | AT39: 0 | AU39: 0 | AV39: 0 | AW39: 1 | AX39: 0 | AY39: 2 | AZ39: 0 | BA39: 0 | BB39: 0 | BC39: 1 | BD39: 0 | BE39: 0 | BF39: 1 | BG39: 0 | BH39: 0 | BI39: 0 | BJ39: 0 | BK39: 0 | BL39: 0 | BM39: 0 | BN39: 1 | BO39: 0 | BP39: 0 | BQ39: 0 | BR39: 0 | BS39: 0 | BT39: 0 | BU39: 0 | BV39: 0 | BW39: 0 | BX39: 0 | BY39: 0 | BZ39: 0 | CA39: 0 | CB39: 0 | CC39: 1 | CD39: 0 | CE39: 0 | CF39: 0 | CG39: 0 | CH39: 0 | CI39: 0 | CJ39: 1 | CK39: 1 | CL39: 1 | CM39: 0 | CN39: 0 | CO39: 0 | CP39: 1 | CQ39: 1 | CR39: 2.5 | CS39: 2.0833333 | CT39: 3.3333333 | CU39: 2.9166667 | CV39: 2.5 | CW39: 2.5 | CX39: 5 | CY39: 5 | CZ39: 2.5 | DA39: 1.875 | DB39: 0 | DC39: 0 | DD39: 5 | DE39: 1.25 | DF39: 4.5 | DG39: 3.5 | DH39: 1.5
A40: SLB | B40: Solomon Islands | C40: National Transport Plan 2017-2036 | D40: 2 | E40: 0 | F40: 2 | G40: 2 | H40: 0 | I40: 2 | J40: 2 | K40: 1 | L40: 2 | M40: 0 | N40: 2 | O40: 0 | P40: 2 | Q40: 2 | R40: 0 | S40: 2 | T40: 0 | U40: 2 | V40: 2 | W40: 2 | X40: 2 | Y40: 1 | Z40: 2 | AA40: 2 | AB40: 0 | AC40: 2 | AD40: 2 | AE40: 0 | AF40: 0 | AG40: 0 | AH40: 0 | AI40: 2 | AJ40: 0 | AK40: 1 | AL40: 0 | AM40: 2 | AN40: 2 | AO40: 0 | AP40: 0 | AQ40: 0 | AR40: 0 | AS40: 0 | AT40: 0 | AU40: 0 | AV40: 0 | AW40: 0 | AX40: 2 | AY40: 0 | AZ40: 0 | BA40: 2 | BB40: 0 | BC40: 0 | BD40: 1 | BE40: 0 | BF40: 2 | BG40: 0 | BH40: 2 | BI40: 0 | BJ40: 0 | BK40: 1 | BL40: 0 | BM40: 0 | BN40: 0 | BO40: 0 | BP40: 0 | BQ40: 0 | BR40: 0 | BS40: 0 | BT40: 0 | BU40: 2 | BV40: 0 | BW40: 2 | BX40: 2 | BY40: 0 | BZ40: 0 | CA40: 0 | CB40: 0 | CC40: 2 | CD40: 0 | CE40: 2 | CF40: 0 | CG40: 2 | CH40: 2 | CI40: 0 | CJ40: 2 | CK40: 0 | CL40: 2 | CM40: 2 | CN40: 2 | CO40: 2 | CP40: 2 | CQ40: 0 | CR40: 3.3333333 | CS40: 2.5 | CT40: 2.9166667 | CU40: 1.25 | CV40: 3.3333333 | CW40: 3.3333333 | CX40: 5 | CY40: 0 | CZ40: 3.75 | DA40: 0 | DB40: 5 | DC40: 0 | DD40: 3.75 | DE40: 0 | DF40: 3.5 | DG40: 2 | DH40: 2.5
A41: LKA | B41: Sri Lanka | C41: National transport Policy of Sri Lanka - Revision 2017 | D41: 1 | E41: 1 | F41: 2 | G41: 1 | H41: 2 | I41: 2 | J41: 2 | K41: 2 | L41: 2 | M41: 1 | N41: 2 | O41: 2 | P41: 2 | Q41: 2 | R41: 1 | S41: 2 | T41: 2 | U41: 2 | V41: 2 | W41: 2 | X41: 1 | Y41: 2 | Z41: 2 | AA41: 0 | AB41: 0 | AC41: 0 | AD41: 0 | AE41: 0 | AF41: 0 | AG41: 0 | AH41: 0 | AI41: 0 | AJ41: 0 | AK41: 0 | AL41: 0 | AM41: 0 | AN41: 0 | AO41: 0 | AP41: 0 | AQ41: 0 | AR41: 0 | AS41: 0 | AT41: 0 | AU41: 0 | AV41: 0 | AW41: 0 | AX41: 0 | AY41: 0 | AZ41: 0 | BA41: 0 | BB41: 0 | BC41: 0 | BD41: 0 | BE41: 0 | BF41: 0 | BG41: 0 | BH41: 0 | BI41: 0 | BJ41: 0 | BK41: 0 | BL41: 0 | BM41: 0 | BN41: 0 | BO41: 0 | BP41: 0 | BQ41: 0 | BR41: 0 | BS41: 0 | BT41: 0 | BU41: 0 | BV41: 0 | BW41: 0 | BX41: 0 | BY41: 0 | BZ41: 0 | CA41: 0 | CB41: 0 | CC41: 0 | CD41: 0 | CE41: 0 | CF41: 0 | CG41: 0 | CH41: 0 | CI41: 0 | CJ41: 0 | CK41: 0 | CL41: 0 | CM41: 0 | CN41: 0 | CO41: 0 | CP41: 1 | CQ41: 0 | CR41: 3.75 | CS41: 0 | CT41: 4.5833333 | CU41: 0 | CV41: 4.1666667 | CW41: 0 | CX41: 5 | CY41: 0 | CZ41: 5 | DA41: 0 | DB41: 2.5 | DC41: 0 | DD41: 5 | DE41: 0 | DF41: 3 | DG41: 1 | DH41: 1
A42: TJK | B42: Tajikistan | C42: National Development Program for the Transportation Sector | D42: 2 | E42: 2 | F42: 0 | G42: 2 | H42: 2 | I42: 0 | J42: 2 | K42: 2 | L42: 1 | M42: 0 | N42: 0 | O42: 1 | P42: 1 | Q42: 2 | R42: 2 | S42: 2 | T42: 2 | U42: 2 | V42: 1 | W42: 0 | X42: 0 | Y42: 1 | Z42: 0 | AA42: 2 | AB42: 2 | AC42: 0 | AD42: 2 | AE42: 1 | AF42: 0 | AG42: 0 | AH42: 1 | AI42: 1 | AJ42: 0 | AK42: 0 | AL42: 0 | AM42: 1 | AN42: 1 | AO42: 1 | AP42: 1 | AQ42: 0 | AR42: 0 | AS42: 0 | AT42: 0 | AU42: 0 | AV42: 0 | AW42: 0 | AX42: 1 | AY42: 1 | AZ42: 0 | BA42: 1 | BB42: 0 | BC42: 0 | BD42: 0 | BE42: 1 | BF42: 0 | BG42: 0 | BH42: 0 | BI42: 0 | BJ42: 0 | BK42: 0 | BL42: 1 | BM42: 1 | BN42: 1 | BO42: 1 | BP42: 0 | BQ42: 0 | BR42: 0 | BS42: 0 | BT42: 0 | BU42: 0 | BV42: 0 | BW42: 0 | BX42: 0 | BY42: 0 | BZ42: 0 | CA42: 0 | CB42: 0 | CC42: 0 | CD42: 0 | CE42: 0 | CF42: 0 | CG42: 0 | CH42: 0 | CI42: 0 | CJ42: 0 | CK42: 0 | CL42: 0 | CM42: 0 | CN42: 0 | CO42: 0 | CP42: 0 | CQ42: 0 | CR42: 3.3333333 | CS42: 2.9166667 | CT42: 2.5 | CU42: 0.83333333 | CV42: 4.1666667 | CW42: 2.5 | CX42: 5 | CY42: 2.5 | CZ42: 3.125 | DA42: 0 | DB42: 0 | DC42: 0 | DD42: 1.25 | DE42: 0 | DF42: 3.75 | DG42: 4 | DH42: 1
A43: THA | B43: Thailand | C43: Strategic Plan of the Ministry of Transport 2017-2021 | D43: 2 | E43: 2 | F43: 2 | G43: 2 | H43: 1 | I43: 0 | J43: 2 | K43: 2 | L43: 2 | M43: 1 | N43: 2 | O43: 2 | P43: 1 | Q43: 1 | R43: 1 | S43: 2 | T43: 1 | U43: 2 | V43: 0 | W43: 2 | X43: 0 | Y43: 2 | Z43: 2 | AA43: 2 | AB43: 2 | AC43: 2 | AD43: 2 | AE43: 0 | AF43: 0 | AG43: 2 | AH43: 2 | AI43: 2 | AJ43: 0 | AK43: 0 | AL43: 1 | AM43: 1 | AN43: 1 | AO43: 0 | AP43: 2 | AQ43: 1 | AR43: 2 | AS43: 0 | AT43: 0 | AU43: 0 | AV43: 1 | AW43: 0 | AX43: 0 | AY43: 0 | AZ43: 0 | BA43: 0 | BB43: 0 | BC43: 0 | BD43: 0 | BE43: 1 | BF43: 0 | BG43: 0 | BH43: 0 | BI43: 0 | BJ43: 0 | BK43: 0 | BL43: 0 | BM43: 0 | BN43: 0 | BO43: 0 | BP43: 0 | BQ43: 0 | BR43: 0 | BS43: 0 | BT43: 0 | BU43: 1 | BV43: 1 | BW43: 1 | BX43: 1 | BY43: 0 | BZ43: 0 | CA43: 1 | CB43: 1 | CC43: 0 | CD43: 0 | CE43: 0 | CF43: 0 | CG43: 0 | CH43: 0 | CI43: 0 | CJ43: 1 | CK43: 0 | CL43: 0 | CM43: 0 | CN43: 0 | CO43: 0 | CP43: 1 | CQ43: 0 | CR43: 3.75 | CS43: 3.3333333 | CT43: 4.5833333 | CU43: 2.9166667 | CV43: 2.5 | CW43: 1.6666667 | CX43: 5 | CY43: 5 | CZ43: 3.125 | DA43: 1.875 | DB43: 0 | DC43: 0 | DD43: 5 | DE43: 1.25 | DF43: 5 | DG43: 4 | DH43: 3.5
C44: Thailand 20-Year Transportation System Development Plan | D44: 2 | E44: 2 | F44: 2 | G44: 2 | H44: 1 | I44: 2 | J44: 1 | K44: 1 | L44: 2 | M44: 0 | N44: 2 | O44: 1 | P44: 2 | Q44: 1 | R44: 2 | S44: 2 | T44: 1 | U44: 1 | V44: 0 | W44: 0 | X44: 0 | Y44: 2 | Z44: 1 | AA44: 2 | AB44: 2 | AC44: 1 | AD44: 2 | AE44: 0 | AF44: 2 | AG44: 0 | AH44: 0 | AI44: 1 | AJ44: 0 | AK44: 0 | AL44: 0 | AM44: 1 | AN44: 0 | AO44: 0 | AP44: 0 | AQ44: 0 | AR44: 0 | AS44: 0 | AT44: 0 | AU44: 0 | AV44: 0 | AW44: 0 | AX44: 1 | AY44: 2 | AZ44: 1 | BA44: 2 | BB44: 0 | BC44: 0 | BD44: 0 | BE44: 0 | BF44: 1 | BG44: 0 | BH44: 1 | BI44: 0 | BJ44: 0 | BK44: 0 | BL44: 1 | BM44: 0 | BN44: 0 | BO44: 1 | BP44: 0 | BQ44: 0 | BR44: 0 | BS44: 0 | BT44: 0 | BU44: 0 | BV44: 0 | BW44: 0 | BX44: 0 | BY44: 0 | BZ44: 0 | CA44: 0 | CB44: 1 | CC44: 0 | CD44: 0 | CE44: 0 | CF44: 0 | CG44: 0 | CH44: 0 | CI44: 0 | CJ44: 0 | CK44: 0 | CL44: 0 | CM44: 0 | CN44: 0 | CO44: 0 | CP44: 1 | CQ44: 0 | CR44: 4.5833333 | CS44: 3.75 | CT44: 2.9166667 | CU44: 0.41666667 | CV44: 4.1666667 | CW44: 0.83333333 | CX44: 5 | CY44: 0 | CZ44: 1.25 | DA44: 0 | DB44: 0 | DC44: 0 | DD44: 3.75 | DE44: 0 | DF44: 3.5 | DG44: 2 | DH44: 3.5
A45: TLS | B45: Timor-Leste | C45: Transport Sector Master Plan | D45: 1 | E45: 0 | F45: 0 | G45: 1 | H45: 0 | I45: 2 | J45: 0 | K45: 0 | L45: 2 | M45: 0 | N45: 2 | O45: 0 | P45: 2 | Q45: 0 | R45: 0 | S45: 2 | T45: 0 | U45: 0 | V45: 0 | W45: 0 | X45: 0 | Y45: 2 | Z45: 2 | AA45: 0 | AB45: 0 | AC45: 0 | AD45: 0 | AE45: 0 | AF45: 0 | AG45: 0 | AH45: 0 | AI45: 0 | AJ45: 0 | AK45: 0 | AL45: 0 | AM45: 0 | AN45: 0 | AO45: 0 | AP45: 0 | AQ45: 0 | AR45: 0 | AS45: 0 | AT45: 0 | AU45: 0 | AV45: 0 | AW45: 0 | AX45: 1 | AY45: 0 | AZ45: 0 | BA45: 1 | BB45: 0 | BC45: 0 | BD45: 0 | BE45: 0 | BF45: 2 | BG45: 0 | BH45: 0 | BI45: 0 | BJ45: 2 | BK45: 0 | BL45: 0 | BM45: 1 | BN45: 0 | BO45: 0 | BP45: 0 | BQ45: 0 | BR45: 0 | BS45: 0 | BT45: 0 | BU45: 1 | BV45: 0 | BW45: 0 | BX45: 1 | BY45: 0 | BZ45: 0 | CA45: 0 | CB45: 0 | CC45: 0 | CD45: 0 | CE45: 1 | CF45: 0 | CG45: 0 | CH45: 0 | CI45: 0 | CJ45: 2 | CK45: 0 | CL45: 0 | CM45: 0 | CN45: 0 | CO45: 0 | CP45: 2 | CQ45: 2 | CR45: 1.6666667 | CS45: 0 | CT45: 1.6666667 | CU45: 0 | CV45: 1.6666667 | CW45: 0 | CX45: 5 | CY45: 0 | CZ45: 0 | DA45: 0 | DB45: 0 | DC45: 0 | DD45: 5 | DE45: 0 | DF45: 4 | DG45: 1.5 | DH45: 4
A46: VNM | B46: Viet Nam | C46: Transportation Development Strategy | D46: 2 | E46: 2 | F46: 2 | G46: 2 | H46: 1 | I46: 0 | J46: 2 | K46: 2 | L46: 2 | M46: 0 | N46: 2 | O46: 2 | P46: 2 | Q46: 1 | R46: 1 | S46: 2 | T46: 1 | U46: 1 | V46: 0 | W46: 0 | X46: 0 | Y46: 2 | Z46: 1 | AA46: 2 | AB46: 2 | AC46: 2 | AD46: 2 | AE46: 0 | AF46: 0 | AG46: 2 | AH46: 2 | AI46: 2 | AJ46: 0 | AK46: 0 | AL46: 0 | AM46: 1 | AN46: 1 | AO46: 0 | AP46: 0 | AQ46: 0 | AR46: 0 | AS46: 0 | AT46: 0 | AU46: 0 | AV46: 0 | AW46: 0 | AX46: 0 | AY46: 0 | AZ46: 0 | BA46: 0 | BB46: 0 | BC46: 0 | BD46: 0 | BE46: 1 | BF46: 1 | BG46: 0 | BH46: 0 | BI46: 0 | BJ46: 1 | BK46: 0 | BL46: 0 | BM46: 0 | BN46: 0 | BO46: 0 | BP46: 0 | BQ46: 0 | BR46: 0 | BS46: 0 | BT46: 0 | BU46: 0 | BV46: 0 | BW46: 0 | BX46: 0 | BY46: 0 | BZ46: 0 | CA46: 0 | CB46: 0 | CC46: 0 | CD46: 0 | CE46: 0 | CF46: 0 | CG46: 0 | CH46: 0 | CI46: 0 | CJ46: 0 | CK46: 0 | CL46: 0 | CM46: 0 | CN46: 0 | CO46: 0 | CP46: 0 | CQ46: 0 | CR46: 3.75 | CS46: 3.3333333 | CT46: 4.1666667 | CU46: 2.5 | CV46: 3.3333333 | CW46: 1.6666667 | CX46: 5 | CY46: 0 | CZ46: 1.25 | DA46: 0 | DB46: 0 | DC46: 0 | DD46: 3.75 | DE46: 0 | DF46: 3.5 | DG46: 2.5 | DH46: 1
B47: =COUNTA(B12:B46) -> 30
B48: Missing countries in the list indicate that the policy/target does not exist in that country or no data was found. If found, please send an email to asiantransportoutlook@gmail.com
C50: Legend | F50: Present
F51: Not apparent
F52: No mention
F54: Wide coverage, comprehensive discussions
F55: Lacking coverage, broad mentions

Sheet POL-POL-003
A1: Indicator | B1: Road Policy Documents
A2: Indicator ATO Code | B2: POL-POL-003
A3: Description | B3: Road policies in ATO countries. Discussions on infrastructure, sustainability, investment and financing mechanisms, accessibility, road safety, and air pollution and climate change are shown. In terms of date of adoption 2016 used was a divider in order to be able to determine whether it can be expected that the policy documents make reference to the 2030 Agenda on Sustainable Development (SDGs) and the Paris Agreement which were both adopted in 2015.
A4: Scope | B4: National
A5: Mode | B5: Road
A6: Sector | B6: Combined
B8: |<< Table of Contents
E9: Published | G9: Time Horizon | J9: Focus
A10: Code | B10: ADB members, plus Iran and Russia | C10: Policy | D10: URL | E10: Before 2016 | F10: After 2016 | G10: By 2020- 2029 | H10: By 2030- 2039 | I10: NA | J10: Infrastructure | K10: Sustainability | L10: Financing Mechanisms/ Investments | M10: Access | N10: Road Safety | O10: Air Pollution/ Climate Change
A11: AFG | B11: Afghanistan | C11: Afghanistan Road Sector Strategy 2019-2023 | D11: https://mot.gov.af/sites/default/files/2019-09/Road%20Sector%20Strategy%20Eng.pdf | F11: 2019 | G11: 2023 | J11: Completion of the National Ring Road: estimated cost of $ 700 Mln. East-West Corridor: $ 530 Mln. Construction of the Kabul-Jalalabad Sapary Road: $ 150 Mln. | L11: Goal I "Ensuring Sustainable Road Investment" : Medium to long-term road development requires adequate capacity and funding to ensure sustainable operations & maintenance of existing road assets and investments and to enhance the ability to develop and implement new projects. This goal is focused on ensuring adequacy of institutional capacities of MPW and financial sustainability of road investments._x000D_ | M11: Goal II "Improving Road Netwok Access and Connectivity": Better access at reduced user costs are primary tools for economic development and social equity. This goal is concerned with ensuring international and national level connectivity and accessibility to support economic growth, and with the need to ensure that all communities, especially, the geographically marginalized are afforded adequate access to the economic and social opportunities of the country. ▪ Strengthen Afghanistan’s primary economic and trade corridors ▪ Enhance subnational connectivity ▪ Ensure adequate road O&M_x000D_ | N11: Goal III "Enhancing Road Safety": A key indicator of the quality of the road network is traffic safety. This goal is concerned with addressing hazardous conditions and ensuring overall safe traffic operations with the aim of reducing the overall costs of accidents._x000D_
A12: AUS | B12: Australia | C12: National Policy Framework for Land Transport Technology | D12: https://www.infrastructure.gov.au/transport/land-transport-technology/files/national_land_transport_technology_action_plan_2020-2023.pdf | E12: 2016 | G12: 2023 | J12: Austroads’ connected automated and electric vehicle program includes developing recommendations to address issues such as road and road-side infrastructure suitability and national consistency, road operator data access, driver education and licensing | K12: This national approach recognises that ongoing advances in transport technology have the potential to fundamentally improve the safety, productivity, sustainability and accessibility of Australia’s transport systems. | N12: The NTC’s automated vehicle program includes work to design a safety assurance regime and the development of driving law options to provide for the safe commercial deployment of automated vehicles.
A13: BGD | B13: Bangladesh | C13: Road Master Plan 2009 | D13: http://103.48.18.161/assets/docs/road_master_plan.pdf | E13: 2009 | I13: NA | J13: Over the next 5 years 4,780 km of National Highways and Regional Roads that are not under maintenance and/or improvement projects will require major interventions to increase pavement strength, mainly in the form of structural overlays, at a cost of Tk. 54.07 Bln. Only 138 km will not require any intervention. The Master Plan recommends a recovery programme for 6,865 km of Zila Roads to connect, at a good paved standard, all Upazilla headquarters. The cost of this programme is estimated to be Tk. 31.88 Bln. (1 Tk = 0.012 USD) | K13: A major issue that emerged as a result of the diagnostic analysis of the road network was the need for sustainable medium and long term solutions to the poor performance of the National and the Regional Highways. | L13: The total cost of the investment programme is estimated to be Taka 66,768 Crore (USD 9.6 Bln.), over 20 years. The sources of fund identified for the programmes and projects are - Recurrent expenditure (maintenance, safety, traffic management), funded by Road Fund (41%), Private Sector (14%), Development Partners (16%), and Government of Bangladesh (29%)._x000D_ | M13: 469 Upazilla headquarters will have paved access to the main road network, serving an additional 32 Mln. people, of whom 18 Mln. are currently classified as poor. Roads linking the network with inland river ports should facilitate easy and smooth access to river ports. | N13: it is recommended that 2% of the annual budget for roads and bridges be devoted to road safety projects, at an estimated cost of Taka 10.39 Bln. over the plan period a priority programme of level crossing replacement by grade separation at 15 locations is recommended at a cost of Tk. 1.5 Bln., on National and Regional Highways. (1 Tk = 0.012 USD)
A14: BTN | B14: Bhutan | C14: Road Sector Master Plan (2007-2027) | D14: https://www.mowhs.gov.bt/wp-content/uploads/2017/04/Review-of-RSMP-2007-2027-FINAL.pdf | E14: 2007 | G14: 2027 | J14: Improve arterial roads by 2007 to allow for traffic of 30 trucks Develop a road network by 2012 that can be reached on foot in half a day by 75% of the country’s population Complete the second east west (about 794km) by 2017 Double-Laning of North East-West Highway (NEWH) to be complete by December 2017. Widening of Thimphu - Phuentsholing highway (AH 48) completed and upgraded to Asian Highway standard Class II. Widening of Samdrup Jongkhar - Trashigang is in progress. Manual road construction methods are being replaced by semi or fully mechanized methods. Thicker road pavements are used to enhance durability and riding comfort and reduce life cycle cost Conventional road construction methods are being replaced by more sustainable EFRC methods. (Internal Source: Bhutan Transport 2040) | K14: Environment friendly road construction shall be pursued in line with the principles of sustainable development and environment conservation. | L14: Establishing a Road Development Fund will ensure a sustainable funding for our road development programmes and activities in future. The Fund shall be used mainly to meet emergency needs that arise outside the scope of planned activities. Establishing the Fund will also serve as a disaster preparedness measure for the Department of Roads. | M14: National highways (PNH & SNH), which provide connections to border crossings and links to all Dzongkhag Centres Dzongkhag Roads, which provide access within each dzongkhag to al gewogs, and major villages Farm roads, which provide access to individual communities not otherwise served and Access roads, which provide access to hydro power plants, schools, health facilities, forestry land, among others (Internal Source: Bhutan Transport 2040) | O14: The growing effects of climate change are also making road building and maintenance very challenging, which calls for better planning and building of our road infrastructure hereon. Climate resilient infrastructure should be the way forward when we plan our public infrastructure investment._x000D_
A15: CHN | B15: People's Republic of China | C15: China National Highway Network Planning 2012-2030 | D15: http://www.gov.cn/gzdt/2013-06/21/content_2430832.htm | E15: 2012 | H15: 2030 | J15: The new adjustment (connect counties with the national expressway) will adjust the original national expressway from 85,000 kilometers to 118,000 kilometers, an increase of more than 30,000 kilometers (33,000 kilometers). | L15: The national highway network construction funds will require about $.7 trillion, of which about $.374 trillion for ordinary national highways and about $.375 trillion for national expressways. | M15: To connect 900 counties in the country that are not connected by national highways, and 18 newly added cities with urban populations of more than 200,000 and 29 prefecture-level administrative centers to national highways. The additional 33,000 kilometers of national highway routes are mainly considered from four aspects: one is to supplement and connect the newly added cities and prefecture-level administrative centers with a population of more than 200,000; Some are parallel double lines; the third is to strengthen the inter-regional connection, and a part of important passages that run through multiple provinces has been added; the fourth is to optimize the road network connection, and a small number of contact lines have been added.
C16: Comprehensive transportation network by 2035 | D16: http://english.www.gov.cn/policies/policywatch/202102/26/content_WS60382fe7c6d0719374af993a.html | F16: 2021 | H16: 2035 | J16: By 2035, a comprehensive transportation network of about 700,000 kilometers will be established.
A17: COK | B17: Cook Islands | C17: Cook Islands National Infrastructure Investment Plan | D17: https://www.theprif.org/document/cook-islands/national-infrastructure-investment-plans/cook-islands-national-infrastructure | E17: 2015 | G17: 2023 | J17: Avarua bridges = $3.55 Mln (2021-2023) Road sealing Aitutaki = $.57 Mln (2018) Bridges upgrade including Avatiu Valley bridge = $01 Mln (2016-2018) | N17: Reduce the number of road accidents, serious injuries and deaths ntroduce effective traffic and parking management measures to maintain the physical environment and village ambience in the Avarua area Ensure the integrity of the main road network in Rarotonga in providing access to key infrastructure and services even with the occurrence of cyclones and other extreme weather events stablish PPP in road management and take into consideration road safety and the impacts of disasters and climate change in all engineering specifications
A18: IND | B18: India | C18: Road Development Plan Vision, 2021 | D18: - (Contents Sourced from: https://www.slideshare.net/gauravhtandon1/highway-railway-engineering) | E18: 2001 | G18: 2021 | J18: Targetted Road Lengths by 2021 - Expressway = 15,766 National Highway = 80,000 State Highway = 160,000 MDR = 320,000 Half of the national Highway length should have four/ six lanes, and the remaining half should have two-lane carriageways with hard shoulders. 10,000 Km of State Highways should have four lanes and the balance should have two lanes Forty percent of the major District Roads should have two lane carriageways The targets for basic access to village should have two lane carriageways Maintenance of existing assets should receive adequate attention | L18: Alternative sources of funding such as toll financing, creation of a dedicated Road Fund through additional levies on fuel. | N18: Road safety should be enhanced through engineering measures • Environmental Concerns caused by road and road traffic should be addressed
C19: Rural Roads Plan- Vision 2025 | D19: https://pmgsy.nic.in/rural-roads-plan-vision-2025 (Contents Sourced from: https://www.slideshare.net/gauravhtandon1/highway-railway-engineering) | E19: 2007 | G19: 2025 | J19: It is estimated that a length of 2,90,000 Km of new roads will be needed to achieve full connectivity. Out of this 40,000 Km will be black topped and the remaining 2,50,000 Km will be gravel. | L19: Up-gradation of existing Rural Roads shall be taken up at a cost of Rs 164 Bln. The maintenance of the rural road network will require Rs 75 Bln. every year. (1 INR = 0.013 USD) | M19: Master Plans should be Prepared for Rural Roads showing the core Network which gives accessibility to each village. All future programmes should strictly conform to this network
A20: MMR | B20: Myanmar | C20: National Strategy for Rural Roads Myanmar (2017) | D20: https://docplayer.net/storage/98/136477377/1611897911/T8ncmsO2cKbc_x5GTiLoig/136477377.pdf | F20: 2017 | H20: 2030 | J20: Core Rural Road Network | K20: After construction and upgrading works have been completed, maintenance will be carried out in all CRRN roads with the aim of further increasing the sustainability and lifespan of the roads. This will include annual routine maintenance aimed at avoiding damage, complemented by periodic maintenance every few years to renew the road surface and carry out spot repairs. | L20: The total costs of construction and upgrading of the core rural road network to connect at least 90% of all existing registered villages by road, including connecting at least 80% of all registered villages by all-season rural road or higher-level road, is estimated to be approximately US$ 2.5 billion (MMK 3,400 billion) To increase the amount of funding available to the road sector, the Government of Myanmar will create a Road Fund. | M20: All-season road access to 80% of villages, by 2030 Connect all villages with >1000 pop, by 2020 Connect 95% villages with >500 pop, by 2025 Connect 75% villages with >250 pop, by 2030
A21: NIU | B21: Niue | C21: Niue Transport Strategy and Short-term Action Plan 2017-2026 | D21: https://www.theprif.org/document/niue/national-infrastructure-investment-plans-transport/niue-transport-strategy-and-short | F21: 2017 | G21: 2026 | J21: Resurfing of main roads (Priority Rank = 3) (2018-2019) Total length of main road network in 117 kilometers, of which 91% is sealed To reaseal the unsealed road network that provide access to inland agriculture areas = 90 kilometers | K21: Reducing the maximum age for imported vehicles, as well as providing road safety and environmental and financial benefits to Niue Implementing a road safety action plan to reduce the negative impacts of road traffic Resurfacing the road network, so as to reduce dust and noise pollution in urban areas | L21: Resurfacing the main road network = $21.3 Mln - $35.5 Mln (2018-2019) Resurfacing the remaining unsealed sections of road around hospital, high school, power station and airport (10 km) = $3.6 Development of a road safety action plan = $35,500 | M21: Improve access to quality transport network | N21: Creation of road safety plan (Priority Rank = 16) Development of a road safety database that records road incidents, detailing the cause and responsibilities Provision of a ring-fenced budget for road safety activities A review of road design standards and an inspection programme for existing roads A treatment programme for crash black spots Provision of pedestrian crossings in village centres to assist children as they move around villages
A22: NRU | B22: Nauru | C22: Nauru Economic Infrastructure Strategy and Investment Plan | D22: https://www.theprif.org/document/nauru/national-infrastructure-investment-plans/nauru-economic-infrastructure-strategy-and | E22: 2011 | G22: 2020 | J22: The Government of Nauru's road and land transport policy is to achieve improved road infrastructure and provide a reliable and affordable public transport service Quality of the main roads (22kms) is reasonable althoguh distribution roads (29kms) are in poor condition and needs maintenance | L22: Nauru is seeking to adopt reforms that will improve the performance of existing infrastructure assets as well as adopting measures that will see future infrastructure expenditure better utilized. The aim is to progressively take responsibility for the operation and maintenance of infrastructure. | N22: The Government has also agreed to accept the provision by Taiwan in 2011 of 150 solar street lights which will aid its goals of improving road safety
A23: NZL | B23: New Zealand | C23: Policy Statement on Land Transport - Road to Zero | D23: https://www.transport.govt.nz/assets/Uploads/Paper/GPS2021.pdf | F23: 2021 | H23: 2031 | L23: 15% = local road infrastructure 30% = state highway infrastructure 40% = road policing 15% = road safety promotion and other safety spend | N23: 40% reduction in deaths and serious injuries over 10 years (from 2018 levels) | O23: People will have better options for low emissions travel modes, including active modes and public transport
A24: PNG | B24: Papua New Guinea | C24: National Roads Network Strategy | D24: https://www.works.gov.pg/files/DoW_NRNS.pdf | F24: 2018 | H24: 2037 | J24: To achieve 50% 'Good' and 50% 'Fair' conditions in the Core Road Network (2,309 km) by 2022 | K24: The vision of the National Road Network Strategy is delivering to Papua New Guinea a sustainable and well managed National Road Network by putting the maintenance of the existing roads and bridges as a first priority | L24: $1.34 Bln. for the rehabilition of the core road network (2,309 km) the ongoing maintenance of the remaining (non-cre) parts of the national road network (6,431 km) , and the continued support for ongoing missing-link road projects by 2022 | M24: Provide access to as many people as possible within the maintained sections of the National Road Network | N24: Development of the National Road Network or a sub-network that is safe for users through regular road safty audits, installation of traffic signs and safety barriers, and correction of accident black spot locations.
A25: WSM | B25: Samoa | C25: Samoa National Infrastructure Strategic Plan | D25: https://www.theprif.org/sites/default/files/documents/14-Samoa%20NISP%20Full%20Report.pdf | E25: 2011 | G25: 2020 | K25: Enhancing environmental sustainability in the infrastructure projects | L25: Upgrade and widen Vaitele St between Malifa and Lepea (already completed) Upgrade and widen Vaitele St between Lepea and Vailoa (estimated $3.0 Mln) and feasibility study for longer-term solutions for an improved road link to Faleolo Airport ($.39 Mln) Upgrade and widen Vaitele St between Vailoa and Vaitele (est. $11.85 Mln); and feasibility study for long-term solutions for an improved link from Vaitele St to Matafagatele St and the Port of Apia ($0.39 Mln) Upgrade Fagelei St ($7.9 Mln) Upgrade the Vaitele St link to Matafagatele St ($11.85 Mln) based on the results of the feasibility study Major upgrade of road link from Apia to Faleolo Airport based on the results of the feasibility study ($19.75-47.4 Mln)._x000D_ | N25: Road safety works, especially improving safety for pedestrians on major roads linking to key activity centres (hospital, schools, etc) ($2.37 Mln program) and for traffic on the Upolu Cross-island Road through Vailima ($11.85 Mln)
A26: SLB | B26: Solomon Islands | C26: Solomon Islands National Infrastructure Investment Plan 2013-2023 | D26: https://policy.asiapacificenergy.org/sites/default/files/Solomon-Islands-National-Infrastructure-Investment-Plan-2013.pdf | E26: 2013 | G26: 2023 | J26: By 2015, 85 per cent of road system in maintainable condition By 2015, 100 per cent of maintainable road system receiving regular maintenance To maintain and rehabilitate 64 per cent (1,083km) of the roads in the next five to 10 years. | K26: Repair and rehabilitation of the road network | L26: $361 Mln on ongoing. committed and proposed road sector projects from 2012-2020 | M26: Improve linkage of roads to existing infrastructure such as wharves and airports. | O26: Improve resilience of the transport network to the effects of climate change by improving design and protecting networks and inhabited areas
A27: LKA | B27: Sri Lanka | C27: National Road Master Plan (NRMP) 2018-2027 | D27: https://www.rda.gov.lk/supported/noticeboard/publications/NRMP_2018-2027/NRMP2018-2027_Draft-final.pdf | F27: 2018 | G27: 2027 | J27: Table 5-6 gives project wise details for Expressway - Total Length = 177.1 km | K27: specific procedures are to be followed in accordance with the legislative requirements specified in National Involuntary Resettlement Policy (NIRP), Land Acquisition Act (LAA) and Donor Agency Guidelines, to ensure the social safeguard aspects of these affected parties. | L27: Widening & rehabilitation Sub-total (Rs. Mln.) = 467,673.97 Maintenance Sub-total (Rs. Mln.) = 75,082.14 (1 LKR = 0.0050 USD) | M27: to ensure mobility and accessibility at an acceptable level of safety and comfort | N27: Table 6-2: safety improvements at Hazardous locations
A28: THA | B28: Thailand | C28: Transport Infrastructure Development Strategy 2015-2022 | D28: https://www.mofa.go.kr/www/brd/m_4049/down.do?brd_id=N2711&seq=356102&data_tp=A&file_seq=1 | E28: 2015 | G28: 2022 | J28: Four lane highway development • Highway No. 4 Krabi – Hoiyod Highway No. 12 Kalasin– Somdej section 2 Highway No. 304 Kabinburi– Paktongchai Highway No. 314 Bangpakong– Chachengsao section 2 • Highway No. 3138 Banbeng– Bankai section 3 Regional highways maintenance Highway No.1 ,2 , 11 ,32 ,35 ,41 ,43, 117 , 331 Motorway development (Pattaya - Map Ta Phut Section) Rural road development to support agricultural sector and tourism
A29: TON | B29: Tonga | C29: Tonga National Infrastructure Investment Plan | D29: https://www.adb.org/sites/default/files/linked-documents/46351-002-sd-03.pdf | E29: 2013 | G29: 2023 | J29: Outer Islands roads upgradation program that would involve rehabilitation and resealing of around 60 km of roads on Vava'a, Ha'apai, "Eua, and Niuafo'ou | K29: Implement new arrangements for sustainable road maintenance funding and delivery under the Road Fund | L29: Clear the remaining backlog of road repair works to return the network to a condition where it can be sustainably maintained under the Road Fund Develop private sector capacity for road maintenance (TSCP)
A30: TUV | B30: Tuvalu | C30: Tuvalu Infrastructure Strategy and Investment Plan 2016-2025 | D30: https://policy.asiapacificenergy.org/sites/default/files/Tuvalu%20Report%20FINAL%20for%20web.pdf | F30: 2017 | G30: 2025 | L30: Periodic maintenance: Resealing of Funafuti roads ($6.5) 2025 approx. | O30: Climate change is mainstreamed into all sectors of the new development policy. Priority is given to coastal protection on Funafuti and the Outer Islands to increase resillience and to promote sustainability
A31: VUT | B31: Vanuatu | C31: Vanuatu Infrastructure Strategic Investment Plan 2015-2024 | D31: https://www.gov.vu/images/publications/VISIP%202015-2024%20Report.pdf | E31: 2015 | G31: 2024 | J31: Within the next 10 years (2013-2023) 1,800km of road upgrading, sealed and climate-proofed. This is intended to include sealing of 420km and the focus to maintaining and rehabilitating existing road assets | K31: Adequate resources for operating and maintaining projects should be systematically provided to ensure sustainability | L31: Transport - Road Ongoing implementation = $.0765 Bln Future proposed = $0.0996 Bln Maintenance cost p.a = $.0044 Bln | O31: Integrate climate change and disaster risk policy and action, so that risk is managed holistically and effectively
A32: VNM | B32: Viet Nam | C32: Road Transportation Development Planning of Vietnam to 2020 and Orientation to 2030 | D32: https://www.mt.gov.vn/Uploads/File/zip_documents/2013/DieuchinhQH.zip | E32: 2013 | H32: 2030 | J32: To build 24 expressways and sections (including urban ring roads) with a total length of about 2,381 km. 100% of national highways will enter the correct technical grade. 100% of provincial roads are covered with asphalt or cement concrete. | L32: Estimated capital demand for road traffic infrastructure construction up to 2020 is as follows: National highway (excluding NH1, Ho Chi Minh road) is about 255,701 billion VND (1USD=23,000 VND) The expressway is about VND 446,289 billion of which the North-South expressway is 209,173 billion VND Provincial roads are about 120,000 billion VND Coastal road is 28,132 billion VND | M32: 100% of communes and commune clusters have roads for cars to the center, asphalted or cemented pavements, except for communes with extremely difficult terrain and geography | N32: To reserve a reasonable land fund for road traffic infrastructure development and ensuring traffic safety corridors; the protection of traffic works and ensuring road traffic order and safety are the responsibility of the local authorities at all levels, branches, the whole society and each citizen. To control traffic accidents on all 3 criteria, strive to annually reduce from 5% to 10% of the number of accidents, the number of deaths and injuries caused by traffic accidents
B34: Missing countries in the list indicate that the policy/target does not exist in that country or no data was found. If found, please send an email to asiantransportoutlook@gmail.com
C35: Only focus points are covered in this tab, other related targets can be found in subsequent sheets

Sheet POL-POL-004
A1: Indicator | B1: Logistics Policy Documents
A2: Indicator ATO Code | B2: POL-POL-004
A3: Description | B3: Logistics policies in ATO countries. Discussions on quantities like production, mode coverage, infrastructure, sustainability, and others are shown. In terms of date of adoption 2016 used was a divider in order to be able to determine whether it can be expected that the policy documents make reference to the 2030 Agenda on Sustainable Development (SDGs) and the Paris Agreement which were both adopted in 2015.
A4: Scope | B4: National transport
A5: Mode | B5: All Modes
A6: Sector | B6: Freight
B8: |<< Table of Contents
E9: Published | G9: Time Horizon | L9: Modes
A10: Code | B10: ADB members, plus Iran and Russia | C10: Policy | D10: URL | E10: Before 2016 | F10: After 2016 | G10: By 2020- 2029 | H10: By 2030- 2039 | I10: By 2040/ beyond | J10: NA | K10: Quantity | L10: Road | M10: Rail | N10: Maritime | O10: Aviation | P10: Infrastructure | Q10: Sustainability | R10: Others | T10: Country | U10: Logistics Policy | V10: Published | W10: Time Horizon | X10: Modes Target | Y10: Infrastructure Target
A11: AUS | B11: Australia | C11: National Freight and Supply Chain Strategy - National Action Plan | D11: https://www.freightaustralia.gov.au/sites/default/files/documents/national-action-plan-august-2019.pdf | F11: 2019 | I11: 2040 | L11: X | N11: X | P11: Upgrade navigation and positioning infrastructure, including the Satellite-Based Augmentation System. Continue to improve road expenditure and investment plans | Q11: Future-focused freight regulation | R11: Heavy Vehicle Road Reform | T11: =B11 -> Australia | U11: =C11 -> National Freight and Supply Chain Strategy - National Action Plan | V11: =SUM(E11:F11) -> 2019 | W11: =SUM(G11:J11) -> 2040 | X11: =IF(O11<>"","X","") | Y11: =IF(P11<>"","X","") -> X
C12: National Land Freight Strategy Update | D12: https://www.infrastructureaustralia.gov.au/sites/default/files/2019-06/national_land_freight_strategy_update_2012.pdf | E12: 2012 | L12: X | P12: All state governments pay further attention to asset management in the implementation of infrastructure strategies; Address two risks of Community Service Obligations for transport infrastructure: overestimating community requirements; and inappropriate or undisciplined wear Inclusion of relevant freight infrastructure on the Nation Building Network; for example extending the national road network from the Pacific Highway through the port of Newcastle | Q12: To provide for the specific needs of freight vehicles in operating the road network as a safe, sustainable and efficient road transport system for all road users | R12: Formalisation of government and industry agreement to the national land freight strategy in order to maximise Australia‟s international competitiveness.
A13: AZE | B13: Azerbaijan | C13: Strategic Roadmap for Development of Logistics and Trade in the Republic of Azerbaijan | D13: https://monitoring.az/assets/upload/files/4eae769862be45d63dcd5b50b1d31844.pdf | E13: 2016 | G13: 2025 | K13: Increase the share of transit trades: 40% of Central Asia Black Sea route 25% of Central Asia and Europe route 3% of China and Europe route 40% of Russia and Iran route 25% of Iran and Black Sea route | L13: X | N13: X | P13: Investment in hub ports Establish 6 logistic centers | R13: Capture opportunities in maritime trade Strengthening the leading role of Azerbaijan as a regional logistics and trade hub Creating free trade zones | T13: =B13 -> Azerbaijan | U13: =C13 -> Strategic Roadmap for Development of Logistics and Trade in the Republic of Azerbaijan | V13: =SUM(E13:F13) -> 2016 | W13: =SUM(G13:J13) -> 2025 | X13: =IF(O13<>"","X","") | Y13: =IF(P13<>"","X","") -> X
A14: KHM | B14: Cambodia | C14: Logistics Master Plan | D14: https://www.unescap.org/sites/default/files/Cambodia%20-%20Ministry%20of%20Public%20Works%20%26%20Transport.pdf | F14: - | G14: 2025 | L14: X | N14: X | P14: Capacity enhancement and general development: Road Transport Inland Water Transport Sihanoukville Port Phnom Penh Port Bavet Border Area Poi Pet Border Area Logistics Complex Development of logistics hubs for multi-modal transport | R14: Promotion of railways as an emerging transport mode Capacity enhancement of logistics service providers Strengthening of legal and institutional framework | T14: =B14 -> Cambodia | U14: =C14 -> Logistics Master Plan | V14: =SUM(E14:F14) -> 0 | W14: =SUM(G14:J14) -> 2025 | X14: =IF(O14<>"","X","") -> X | Y14: =IF(P14<>"","X","") -> X
A15: CHN | B15: People's Republic of China | C15: National Logistics Hub Layout and Construction Plan | D15: http://www.qdu-pride.com/yh/61.html | F15: 2018 | G15: 2025 | H15: 2035 | K15: A batch of national logistics hubs with multi-transport functions and supporting regional and industrial economic development should also be established, while integration of ports, railways, highways and waterways should be strengthened. By 2020, build 30 logistics hub By 2025, build 150 logistics hub During 2026-2035, a national logistics hub network suitable for the modren economic system will take shape | T15: =B15 -> People's Republic of China | U15: =C15 -> National Logistics Hub Layout and Construction Plan | V15: =SUM(E15:F15) -> 2018 | W15: =SUM(G15:J15) -> 4060 | X15: =IF(O15<>"","X","") -> X | Y15: =IF(P15<>"","X","")
C16: Logistics Development Plan | D16: http://www.gov.cn/zhengce/content/2014-10/04/content_9120.htm | E16: 2014 | G16: 2020 | L16: X | M16: X | N16: X | O16: X | P16: Speed up the construction of multimodal transport facilities, build capacity-matched collection and distribution channels, equip modern transit facilities, and establish a multimodal transport information platform. Improve the port's railway and highway collection and distribution facilities, and enhance the port railway station and the rear passage capacity of the port station. | Q16: Optimize the transportation structure, rationally configure various transportation methods, increase the proportion of railway and waterway transportation, and promote energy conservation and emission reduction. | R16: Strengthen the research and development of core logistics technology and equipment, promote the industrialization of key technology and equipment, and encourage logistics enterprises to adopt advanced and applicable technologies and equipment. By 2020, basically establish a modern logistics service system with reasonable layout, advanced technology, convenient and efficient, environmentally friendly, safe and orderly.
C17: Logistics Policy Guidelines | D17: http://english.www.gov.cn/policies/latest_releases/2017/08/17/content_281475797058716.htm | F17: 2017 | G17: 2020 | L17: X | R17: Optimizing the management of road transport, regulating law enforcement of highway freight, and improving the assessment of freight transport licenses and permits and the inspection mechanism for logistics vehicles. The guideline requires improvements to taxation policies and a reasonable determination on fees for logistic vehicles to be made.
A18: GEO | B18: Georgia | C18: Georgia’s Transport and Logistics Strategy Report | D18: http://documents1.worldbank.org/curated/en/623591468191346382/pdf/96577-REVISED-WP-PUBLIC-Georgia-Box391464B-Final-Jan2015.pdf | E18: 2015 | J18: NA | L18: X | M18: X | N18: X | P18: Development of the International Logistics Center Alleviate the Port of Poti congestion | Q18: Fostering the development of efficient and clean freight transport and logistics service | R18: Establishing road freight market regulation Government support in supply chain management Develop a sustainable financing mechanism to maintain the East-West Highway Corridor Restructuring of Georgian Railways | T18: =B18 -> Georgia | U18: =C18 -> Georgia’s Transport and Logistics Strategy Report | V18: =SUM(E18:F18) -> 2015 | W18: =SUM(G18:J18) -> 0 | X18: =IF(O18<>"","X","") | Y18: =IF(P18<>"","X","") -> X
A19: IND | B19: India | C19: Draft Logistics Policy | D19: https://static.mygov.in/rest/s3fs-public/mygov_154953859051553221.pdf | F19: 2019 | J19: NA | K19: Optimize current modal mix to 25-30% road 50-55% railways 20-25% waterways | L19: X | M19: X | N19: X | O19: X | P19: Promote development of multimodal infrastructure | Q19: Encouraging adoption of green logistics | R19: Reduce cost of logistics to 10% of GDP from 13-14% LPI ranking to 25-30 Ensuring standardization in logistics National Logistics e-marketplace Improve first mile and last mile connectivity to expand market access of farmers, MSMEs and small businesses Doubling employment in the logistics sector by generating additional 10-15 Mln. jobs and focus on enhancing skills in the sector and encouraging gender diversity | T19: =B19 -> India | U19: =C19 -> Draft Logistics Policy | V19: =SUM(E19:F19) -> 2019 | W19: =SUM(G19:J19) -> 0 | X19: =IF(O19<>"","X","") -> X | Y19: =IF(P19<>"","X","") -> X
A20: IDN | B20: Indonesia | C20: National Logistics System Blueprint | D20: https://www.unescap.org/sites/default/files/1.3.Indonesia.pdf | E20: 2013 | G20: 2025 | N20: X | P20: Development of Kuala Tanjung as International Hub Port National Integrated Trade, Logistics and Intermodal Transport Messaging Hub System | R20: 5% reduced national logistics costs in 2025 from 2020 levels with interim target of 4% from 2015 levels LPI score of 3.5 in 2025 with interim target of 3.3 in 2020 | T20: =B20 -> Indonesia | U20: =C20 -> National Logistics System Blueprint | V20: =SUM(E20:F20) -> 2013 | W20: =SUM(G20:J20) -> 2025 | X20: =IF(O20<>"","X","") | Y20: =IF(P20<>"","X","") -> X
A21: JPN | B21: Japan | C21: Logistics in the Age of Society 5.0—Looking Ahead to 2030 | D21: http://www.keidanren.or.jp/en/policy/2018/085_overview.pdf | F21: 2018 | H21: 2030 | L21: X | N21: X | P21: Introduce robots and other automation at logistics facilities Adopt the use of autonomous vehicles and drones Matching logistics business resources with the needs of shippers; sharing and joint use of pallets, containers, and reusable shipping cartons | Q21: Develop environment for commercial utilization of next-generation vehicles (EVs, FCVs, etc.) and LNG-fueled ships Adopt the use of autonomous vehicles and drones Create logistics workplaces that are more accommodating to many workers including women and senior citizens Matching logistics business resources with the needs of shippers; sharing and joint use of pallets, containers, and reusable shipping cartons | R21: Promote management of transportation demand through public-private frameworks Improved logistics visibility with RFID and other IoT technologies Labor- and energy-saving logistics processes with autonomous vehicles and cargo ships, robots, etc. | T21: =B21 -> Japan | U21: =C21 -> Logistics in the Age of Society 5.0—Looking Ahead to 2030 | V21: =SUM(E21:F21) -> 2018 | W21: =SUM(G21:J21) -> 2030 | X21: =IF(O21<>"","X","") | Y21: =IF(P21<>"","X","") -> X
A22: KAZ | B22: Kazakhstan | C22: Logistics and Transport Competitiveness Kazakhstan | D22: https://unece.org/DAM/trans/publications/Report_-_Kazakhstan_as_a_transport_logistics_centre_Europe-Asia.pdf | F22: 2019 | G22: 2020 | K22: 170 Mln. tonnes of cargo trough the Khorgos - Eastern Gate | L22: X | N22: X | O22: X | P22: Creating international logistics hubs in large urban centres Expansion of the network of regular container trains | R22: LPI ranking of 40 from 71 in 2018 Simplification of customs procedures Reduction of transport permits necessary for export-import operations Creation of an effective system for goods tracking Expand the practice of creating transport and logistics centres outside the country to reduce logistics costs Make efforts to develop transit air flights and create a transshipment hub in Astana and Almaty | T22: =B22 -> Kazakhstan | U22: =C22 -> Logistics and Transport Competitiveness Kazakhstan | V22: =SUM(E22:F22) -> 2019 | W22: =SUM(G22:J22) -> 2020 | X22: =IF(O22<>"","X","") -> X | Y22: =IF(P22<>"","X","") -> X
A23: KGZ | B23: Kyrgyz Republic | C23: Logistics and Transport Competitiveness in Kyrgyzstan | D23: https://unece.org/DAM/trans/main/wp24/Logistics_and_Transport_Competitiveness_in_Kyrgyzstan_2019.pdf | F23: 2019 | G23: 2020 | K23: Increase the share of Kyrgyz carriers in the market for international road transport to 20% Maintain a continuous flow of goods 24 hours a day, 7 days a week | L23: X | M23: X | P23: Development of intermodal transport Increased number of measuring devices for checking the weight of vehicles Expansion of toll roads Introduce a separate accelerated corridor for trucks with perishable goods Construction of the railway corridor “China – Kyrgyzstan – Uzbekistan" Construct a second track on main railway routes Reconstruct the ports in Balykchy and Karakol and the pier in Kurmenty Integrate the Kyrgyz road network into the Euro-Asian transport corridors | Q23: Limiting the movement of heavy trucks in the daytime at high temperatures in order to preserve the road surface | R23: Integration within the framework of the EEU information system, which allows the availability of permits to be checked automaticall The introduction of an automated system for monitoring the movement of freight vehicles Develop the road industry as an independent business structure based on public-private partnerships | T23: =B23 -> Kyrgyz Republic | U23: =C23 -> Logistics and Transport Competitiveness in Kyrgyzstan | V23: =SUM(E23:F23) -> 2019 | W23: =SUM(G23:J23) -> 2020 | X23: =IF(O23<>"","X","") -> X | Y23: =IF(P23<>"","X","") -> X
A24: MYS | B24: Malaysia | C24: Logistics and Trade Facilitation Masterplan | D24: https://www.mot.gov.my/en/Documents/Executive%20Summary%20Logistics%20and%20Trade%20Facilitation%20Masterplan.pdf | E24: 2015 | G24: 2020 | K24: 0.88 Bln. tonnes of cargo volume 8% increase in cargo volume resulting to an additional RM5.90 Bln. (RM1=0.25USD) to GDP 5% increase in productivity resulting to an additional RM3.88 Bln. (RM1=0.25USD) to GDP | L24: X | M24: X | N24: X | O24: X | P24: Create an integrated hub and spoke model Develop KLIA as air cargo hub Develop Port Klang as maritime centre Cargo village development | Q24: Leverage on the potential of e-commerce Provide green initiatives support Promote efficient urban logistics | R24: Enhance capabilities of logistics service providers | T24: =B24 -> Malaysia | U24: =C24 -> Logistics and Trade Facilitation Masterplan | V24: =SUM(E24:F24) -> 2015 | W24: =SUM(G24:J24) -> 2020 | X24: =IF(O24<>"","X","") -> X | Y24: =IF(P24<>"","X","") -> X
A25: MMR | B25: Myanmar | C25: National Logistics Master Plan | D25: https://www.unescap.org/sites/default/files/Myanmar%20-%20Logistics.pdf | F25: - | J25: NA | L25: X | M25: X | N25: X | P25: South East Logistics Corridor North South Logistics Corridor Coastal Marine Corridor Main River Logistics Corridor Myanmar India Logistics Corridor Trans Myanmar Logistics Corridor | T25: =B25 -> Myanmar | U25: =C25 -> National Logistics Master Plan | V25: =SUM(E25:F25) -> 0 | W25: =SUM(G25:J25) -> 0 | X25: =IF(O25<>"","X","") | Y25: =IF(P25<>"","X","") -> X
A26: PAK | B26: Pakistan | C26: National Freight and Logistics Policy | D26: https://communication.gov.pk/SiteImage/Misc/files/National%20Freight%20and%20Logistic%20Policy.pdf | F26: 2020 | J26: NA | L26: X | M26: X | N26: X | O26: X | P26: Develop aero logistics parks inside or adjacent to international airports. These parks will house logistics centres, express and courier sorting centres and other value-added services. Construct a national network of the road-side amenities to offer proper resting place for the long-haul drivers, Develop Havelian Dry Port to allow for transfer of cargo to rail in Khyber Pakhtunkhwa Rehabilitate a new access road to South Asia Port Terminal (SAPT) | Q26: to increase the capacity of the railway sector as it is one of the most efficient modalities for transporting the long-distance goods. Revive and implement the Trucking Policy to harmonize and set out the required vehicle standards and promote modern vehicle fleets Develop a Vehicle Fleet Renewal Programme, to incentivize establishing a modern competitive trucking fleet Develop and set a programme to improve fuel standards with a view to reach Euro 6 compliant standards. A phased programme, in consultation with the refineries shall be established. | R26: The different parts of the freight transport and the logistics value chain are currently being managed by numerous different ministries and government agencies/organisations, including the Ministry of Communications, Ministry of Maritime Affairs, Ministry of Railways, Aviation Division, Ministry of Commerce, Ministry of Planning, Development and Special Initiatives, Federal Board of Revenue (FBR), as well as the Provincial Governments. The absence of a unified ministry to lead the development of logistics is a significant barrier. To improve the level of multimodal transport, there is a need to update the legal and regulatory regime to safeguard and harmonize the interests of multiple stakeholders Trucking Policy 2020 Setup an Inland Waterway Transport Authority | T26: =B26 -> Pakistan | U26: =C26 -> National Freight and Logistics Policy | V26: =SUM(E26:F26) -> 2020 | W26: =SUM(G26:J26) -> 0 | X26: =IF(O26<>"","X","") -> X | Y26: =IF(P26<>"","X","") -> X
A27: PHL | B27: Philippines | C27: National Logistics Master Plan | D27: https://portsworldacademy.org/wp-content/uploads/2020/01/PHILIPPINES-NATIONAL-LOGISTICS-MASTER-PLAN-2017-2022.pdf | F27: 2017 | G27: 2022 | L27: X | N27: X | O27: X | P27: Develop/expand/modernize international gateway & secondary airports Develop/expand/modernize seaports Develop new RORO ports/facilities Develop cruise berthing facilities Implement rail development projects | Q27: Ensure the building of resilient transport and logistics infrastructure that is adequately prepared when calamity and disaster strikes | T27: =B27 -> Philippines | U27: =C27 -> National Logistics Master Plan | V27: =SUM(E27:F27) -> 2017 | W27: =SUM(G27:J27) -> 2022 | X27: =IF(O27<>"","X","") -> X | Y27: =IF(P27<>"","X","") -> X
A28: KOR | B28: Republic of Korea | C28: National Logistics Master Plan | D28: https://www.mof.go.kr/jfile/readDownloadFile.do?fileId=MOF_ARTICLE_36372&fileSeq=6 https://www.unescap.org/sites/default/files/KMI%20Presentation_National%20Logistics%20Master%20Plan.pdf | F28: 2016 | G28: 2025 | K28: Turnover of Logistics 150 Tln. (compared to 91 Tln. from Baseline) | L28: X | M28: X | N28: X | O28: X | P28: Early commercialisation of drones and robot technology for logistics centre | Q28: Convergence of Logistics (Logistics + IT + Distribution + Finance etc.) Promoting green logistics | R28: LPI ranking of 10 (by 2025) 700,000 jobs in logistics industry (Compared to 590,000 from Baseline) The ratio of professional manpower of the comprehensive logistics service enterprise = 30% (by 2025)(compared to 18.76% as of 2014) National logistics cost to GDP = 8.2% (By 2025) (compared to 10.4% as of 2013) | T28: =B28 -> Republic of Korea | U28: =C28 -> National Logistics Master Plan | V28: =SUM(E28:F28) -> 2016 | W28: =SUM(G28:J28) -> 2025 | X28: =IF(O28<>"","X","") -> X | Y28: =IF(P28<>"","X","") -> X
A29: LKA | B29: Sri Lanka | C29: National Export Strategy of Sri Lanka: Logistics Strategy | D29: https://www.srilankabusiness.com/pdf/nes/sri-lanka-logistics-4-3-web.pdf | F29: 2018 | G29: 2022 | L29: X | M29: X | N29: X | O29: X | P29: Create a logistics hub Investments under a number of strategic actions For Sri Lanka, creating an enabling environment by updating regulations and infrastructure is a key element of logistics industry development. | Q29: The Government expects to increase the share of railway freight transport by 2020 through the Public Investment Programme 2017–2020. | R29: Create the conditions for the private sector to lead development of the logistics sector Attract the investment needed to install the proper facilities across the country Remove existing barriers to private sector investments and operations in railway networks and encourage PPPs in rail master plan design and implementation of programs for improved rail transportation ( network expansion, maintenance and management) - Indicatove cost 100,000 USD Establish a specialised unit for data gathering and analysis on logistics and shipping to identify the bottlenecks, simplify the processes and reduce overall logistics cost. | T29: =B29 -> Sri Lanka | U29: =C29 -> National Export Strategy of Sri Lanka: Logistics Strategy | V29: =SUM(E29:F29) -> 2018 | W29: =SUM(G29:J29) -> 2022 | X29: =IF(O29<>"","X","") -> X | Y29: =IF(P29<>"","X","") -> X
A30: VNM | B30: Viet Nam | C30: National Logistics Action Plan | D30: https://www.researchgate.net/profile/Ruth_Banomyong/project/Vietnam-and-Cambodia-National-Logistics-Development-Plan/attachment/59c326394cde26fd91fd16ed/AS:540856010903552@1505961529060/download/WB+VNLAP+background+report.pdf?context=ProjectUpdatesLog | F30: - | H30: 2030 | L30: X | M30: X | N30: X | O30: X | P30: Modernize the rail system and expand rail capacity Expand inland waterway navigability and cargo carrying capacity at bottleneck sections Improve airfreight handling facilities at major and second-tier airports | Q30: Promote e-commerce through logistics Last mile delivery system | R30: Reduce cost of logistics to 13% of GDP in 2030 with interim target of 18% in 2020 Improved Logistics Performance Index by category: Consistent Logistics in 2020 Logistics Friendly in 2030 | T30: =B30 -> Viet Nam | U30: =C30 -> National Logistics Action Plan | V30: =SUM(E30:F30) -> 0 | W30: =SUM(G30:J30) -> 2030 | X30: =IF(O30<>"","X","") -> X | Y30: =IF(P30<>"","X","") -> X
B32: Missing countries in the list indicate that the policy/target does not exist in that country or no data was found. If found, please send an email to asiantransportoutlook@gmail.com

Sheet POL-POL-005
A1: Indicator | B1: Automotive Policy Documents
A2: Indicator ATO Code | B2: POL-POL-005
A3: Description | B3: Automotive policies in ATO countries. Discussions on quantities like production, quality, and others are shown. In terms of date of adoption 2016 used was a divider in order to be able to determine whether it can be expected that the policy documents make reference to the 2030 Agenda on Sustainable Development (SDGs) and the Paris Agreement which were both adopted in 2015.
A4: Scope | B4: National
A5: Mode | B5: Road
A6: Sector | B6: NA
B8: |<< Table of Contents
E9: Published | G9: Time Horizon
A10: Code | B10: ADB members, plus Iran and Russia | C10: Policy | D10: URL | E10: Before 2016 | F10: After 2016 | G10: By 2020- 2029 | H10: By 2030- 2039 | I10: NA | J10: Quantity | K10: Quality | L10: Others
A11: AUS | B11: Australia | C11: Transitioning Australia's automotive manufacturing Industry | D11: https://www.industry.gov.au/funding-and-incentives/transitioning-australias-automotive-manufacturing-industry | E11: 2012-2020 | G11: 2020 | L11: Improvement of the automotive sector. Automotive industry structural adjustment program. Automotive Transformation Scheme which encourages competitive investment and innovation in the automotive industry through to 2020. (More information: https://www.energy.gov.au/households/transport)
C12: Future of Australia's Automotive Industry | D12: https://www.aph.gov.au/DocumentStore.ashx?id=80efb034-be91-4594-9dfa-1b4cdb531862 | F12: 2017 | L12: Creation of US$ 78 million Advanced Manufacturing Fund
C13: Automotive Transformation Scheme (ATS) | D13: https://business.gov.au/-/media/grants-and-programs/ats/automotive-transformation-scheme-fact-sheet-pdf.ashx?sc_lang=en&hash=B1F26AF47E6EEAE6558B0A18CD657F62 | E13: 2016 | G13: 2020 | L13: The Automotive Transformation Scheme supports the Australian automotive industry. It aims to encourage competitive investment, innovation and economic sustainability through financial assistance. This assistance covers up to 15% of the cost of eligible plant and equipment and 50% of eligible research and development investments.
A14: BGD | B14: Bangladesh | C14: Automobile Industry Development Policy, 2020 | D14: https://moind.gov.bd/sites/default/files/files/moind.portal.gov.bd/notices/d17e0566_13cb_486d_b77e_2d4063d09426/Automobile%20Industry%20Development%20Policy,%202020%20Draft.pdf | F14: 2020 | H14: 2030 | K14: Development of Eco-friendly Vehicles | L14: Contribution to national economy for manufacturing of automobiles and automobile components with output reaching 10% of the GDP by 2030.
A15: CHN | B15: People's Republic of China | C15: New Energy Automobile Industry Development Plan (2021-2035) | D15: http://www.gov.cn/zhengce/content/2020-11/02/content_5556716.htm | F15: 2020 | H15: 2035 | K15: By 2025: Increase NEV sales volume to 20% of total sales of new vehicles To lower the average power consumption of new pure electric vehicles to 12.0 kWh/100 km. On technology innovation , vehicle propulsion technology, power battery and management systems, drive motor and power electronics, and networking and intelligent technologies. | L15: To urge local governments to foster enterprise clusters that integrate entire supply chains and encourage cross-industry cooperation. On the infra-expansion, to construct battery charging and swapping infrastructure. Building a high-efficiency recycling system for power batteries
C16: Mid-Long term Development Plan for Auto Industry | D16: http://www.xinhuanet.com/auto/2017-04/25/c_1120869697.htm | F16: 2017 | G16: 2025 | J16: In 2020, to produce about 30 million vehicles. In 2025, to produce about 35 million vehicles. By 2025, new energy vehicles will account for more than 20% of automobile production and sales, and the specific energy of the power battery system will reach 350 watt-hours/kg. | K16: By 2020, several world-renowned auto brands will be built, and the safety performance of commercial vehicles will be greatly improved. By 2025, the production and sales of several Chinese brand auto companies will enter the world's top ten. By 2020, the level of intelligence will be significantly improved, and the proportion of the automotive aftermarket and service industry in the value chain will reach more than 45%. By 2025, key areas will be fully intelligent, and the proportion of the automotive aftermarket and service industry in the value chain will reach more than 55%. By 2025, the average fuel consumption of new passenger cars will be reduced by 20% compared with 2020. | L16: By 2020, Chinese brand cars will gradually be exported to developed countries. By 2025, the global influence of Chinese brand cars will be further enhanced.
C17: Development Plan for Energy-saving and New Energy Automobile Industry | D17: http://www.gov.cn/zwgk/2012-07/09/content_2179032.htm | E17: 2012 | F17: 2020 | J17: By 2015, the cumulative production and sales of pure electric vehicles and plug-in hybrid vehicles will reach 500,000. By 2020, the production capacity of pure electric vehicles and plug-in hybrid vehicles will reach 2 Mln. and the cumulative production and sales will exceed 5 Mln.. | K17: By 2020, the average fuel consumption of passenger cars produced that year will drop to 5.0 liters/100 kilometers, and the fuel consumption of energy-saving passenger vehicles will drop below 4.5 liters/100 kilometers; the fuel consumption of new commercial vehicles will be close to the international advanced level. | L17: Establish an effective management system for energy-saving and new energy automobile enterprises and products, build a marketing, after-sales service and power battery recycling system, improve support policies, and form a relatively complete technical standard and management standard system.
A18: IND | B18: India | C18: Final Draft Automotive Mission Plan 2016-26 | D18: https://dhi.nic.in/writereaddata/Content/AMP%202016-26%20Final%20Approved%20Draft.pdf | F18: 2016 | G18: 2026 | J18: 2026: Total Vehicles (in Mln.) = 75.8 | K18: Adoption of cleaner fuels like CNG, biofuels, Hydrogen, Fuel cells, EVs and Hybrids shall be incentivised and encouraged Scrapping of polluting and old personal vehicles and fleet modernisation of public transport vehicles | L18: By 2026, India will be among the top 3 in the world in engineering, manufacturing and export of vehicles and auto components Investment friendly business climate Creation of domestic capacities in high technology areas like automotive electronics, moulds and dies, etc. shall be incentivised Inspection and Certification policy End of Life (EOL) policy for retiring unroadworthy vehicles Indian Automotive Industry will grow 3.5 - 4 times in value from its current output of aroundRs. 4,640 bn (circa 2015) to about Rs.16,160 - 18,895 bn by 2026 Vehicle Exports (Rs. bn) (2026) = 2,950 (1 INR = 0.013 INR)
C19: National Auto Policy (Draft Version 2) | D19: https://dhi.nic.in/writereaddata/UploadFile/National%20Automotive%20Policy%20Draft%20v2.pdf | F19: 2018 | I19: NA | K19: 2028-2030: To scale-up exports to 30-40% of the overall output On page 22, the report includes 'Suggested emission roadmap beyond BS VI' - has vehicle type-wise emission standard proposals Mandate minimum share of green vehicles among new vehicles purchased: => 25% of all vehicles from 2023 and 75% of all vehicles from 2030 procured by central and state government => 50% of all vehicles from 2023 and 100% of all vehicles from 2030 procured by municipal corporations in metros Adopt reduction in CO2 through Corporate Average Fuel Economy (CAFE) regulations: introduce economic penalties for manufacturers | L19: Rollout a comprehensive long-term (10 year) roadmap - define the emission standards applicable after BSVI Define a roadmap for harmonizing key standards and testing methods with global benchmarks Increase the accountability of Automotive Skills Development Council (ASDC) through performance based funding linked to metrics such as incremental employment generated, level of employment, curriculum coverage, industry feedback etc. Set-up a ‘Technology Acquisition Fund’ to acquire technologies through licensing agreements, joint ventures or acquisitions. Incentivize PPP based industry investments in research and development of commercially viable technologies through a Hybrid Annuity Model (HAM). Implement an outcome-based funding scheme for Industry-Academia collaboration
A20: IDN | B20: Indonesia | C20: Government Policy on Future Automotive Technology | D20: https://www.gaikindo.or.id/wp-content/uploads/2019/07/01.-Dirjen-Ilmate_-Sesi-Siang-GOVERNMENT-POLICY-ON-FUTURE-AUTOMOTIVE-TECHNOLOGY-GIIAS-Conference-240719.pdf | F20: 2019 | H20: 2035 | J20: Motor vehicle production 2025: 2,000,000, where 310,000 is export 2030: 3,000,000, where 900,000 is export 2035: 4,000,000, where 1,500,000 is export Motorcycle production 2025: 10,000,000, where 1,100,000 is export 2030: 12,500,000, where 1,400,000 is export 2035: 15,000,000, where 1,750,000 is export | K20: 2021: Strengthen local production of ICE vehicles and local components, enhance raw material production, accelerate export of multipurpose vehicles and lowcost green cars 2025: Initiate local production of e-MCs, set plan for fuelbased MC phase out, establish R&D of EV components, start e-MC export 2030: Initiate local production of electric vehicles, set plan for ICE cars phase out, improve EV components, start 4W EV export
A21: JPN | B21: Japan | C21: Long-Term Goal and Strategy of Japan’s Automotive Industry for Tackling Global Climate Change | D21: https://www.meti.go.jp/english/press/2018/pdf/0831_003a.pdf | F21: 2018 | H21: 2030-50 | K21: 2030 : Diffusion Rate of Next Generation Automobiles: All Domestic Passenger Vehicles = 50-70% HEV = 30~40％ BEV・PHEV = 20~30％ FCEV = ~3％ Clean Diesel = 5~10％" Japan set out its goal to realize ”Well-to-Wheel Zero Emission” in collaboration with global efforts to achieve zero emissions from energy supply and with innovation in how vehicles are used. Long-Term Goal (End of 2050)= 80% reduction of GHG emissions per vehicle (Passenger Vehicles: 90% reduction, 100% xEV) | L21: Promote Open Innovation in Next Generation Electrification Technology Promote Open Innovation toward De-carbonization of nternal Combustion Engines Promote Model-based Development, Foster Human Resources, and Enhance Technology Level of Small and Medium Suppliers Cooperate in International Electrification Policy Support Transformation of Global Supply Chains Toward Electrification Build up a Battery System Develop System for Utilizing Next-generation Vehicles for Commercial Vehicle Segment Accelerate Integration with Distributed Energy Systems
A22: MYS | B22: Malaysia | C22: National Automotive Policy 2020 | D22: https://www.miti.gov.my/miti/resources/NAP%202020/NAP2020_Booklet.pdf | F22: 2020 | H22: 2030 | J22: 2030: Total Production: 1.47 Mln. | K22: 2025: 30% biodiesel blend, EURO5 PETROL Reduce carbon emission from vehicles by improving fuel economy level in Malaysia in line with the ASEAN Fuel Economy Roadmap of 5.3 Lge / 100km | L22: Components development: 2020-2024: IoT, LiDAR, Charging infrastructure 2025-2027: RADAR, Augment Reality 2028-2030: Powertrain (Fuel Cell), V2X Exports CBU: RM 12.3 B (1RM=0.25USD) Total Employment: 323000 jobs (including research and MaaS)
A23: NZL | B23: New Zealand | C23: Clean Cars Policy | D23: https://www.transport.govt.nz/assets/Uploads/Cabinet/CabinetDecisionsOnTheChangesSoughtByTheVehicleIndustryToTheProposedCleanCarStandard.pdf | F23: 2021 | G23: 2021-2025 | K23: The Clean Car Import Standard – reducing vehicle CO2 emissions to 105 grams per kilometre from 171 grams per kilometer by 2025. The Clean Car Standard is a CO2 target for light vehicles. It progressively lowers the CO2 emissions of vehicles entering New Zealand from an average of 171 grams of CO2 /km today to 105 grams by 2025, a reduction of almost 40% in five years. Suppliers will meet this target by bringing in more Electric Vehicles (EVs), more hybrids and more fuel efficient conventional vehicles – giving Kiwis more climate-friendly choices. | L23: The 2025 targets will be phased in through multiple annual targets. Annual multiple targets better communicate the need for all vehicle segments to achieve emission reductions.
C24: Prioritising policies to move to a low carbon light vehicle flee | D24: https://www.transport.govt.nz/assets/Uploads/Briefing/Prioritising-policies-to-move-to-a-low-carbon-light-vehicle-fleet.pdf | F24: 2020 | H24: 2028 | K24: A target of 90 grams in 2030 and 60 grams or lower in 2035. The Standards is one of these policies. Internationally, it is also common for subsidies and fees based on CO2 emissions to be used to influence people's vehicles decisions.
